Workbook
Name appelation: Feuil2!$E$2:$E$23
Name appelation2: Feuil2!$F$2:$F$19
Name AVANCETVA: Feuil2!$F$2:$F$10
Name Banque: Feuil2!$I$2:$I$22
Name BQCLIENTS: 'Val-Dép'!$AA$13:$AF$26
Name BQFOURNISSEURS: 'Val-Dép'!$AH$35:$AM$46
Name Caisse: 'Val-Dép'!$H$35
Name CLASSEFOURNISSEUR: Feuil2!$I$2:$I$22
Name CLIENTS: 'Val-Dép'!$B$13:$AF$26
Name dénomination: Feuil2!$B$2:$B$19
Name FOURNISSEURS: 'Val-Dép'!$B$35:$AF$46
Name LIV.ENT.: Feuil2!$G$2:$G$13
Name Modepaie: Feuil2!$I$5:$I$20
Name PAIEFOURNISS.: 'Val-Dép'!$H$35
Name PAIEFOURNISSEUR: Feuil2!$I$2:$I$22
Name paiement: Feuil2!$I$3:$I$20
Name paiementnouv: Feuil2!$I$2:$I$20
Name payefournisseur: Feuil2!$I$2:$I$22
Name payer: Feuil2!$I$2:$I$20
Name Plan1: PCMN1!$A$1:$A$261
Name Plan1: PCMN1!$A$1:$A$261
Name Plan1: PCMN1!$A$1:$A$261
Name Plan10: PCMN!$A$1:$A$14
Name Plan2: PCMN1!$A$1:$G$1
Name Plan2: PCMN1!$A$1:$G$1
Name Plan2: PCMN1!$A$1:$G$1
Name Plan20: PCMN!$A$1:$G$1
Name TRANSFERT: Feuil2!$K$1:$K$30
Name TransfertBQ: Feuil2!$M$2:$M$7
Name TransfertCAISSE: Feuil2!$O$2:$O$7
Name TransfertCREDIT: Feuil2!$P$2:$P$7
Name TransfertPOSTE: Feuil2!$N$2:$N$7
Name TransfertREMBOURSE: Feuil2!$P$2:$P$7
Name TRANSFERTVERS: Feuil2!$K$1:$L$25
Name TVA: Feuil2!$C$2:$C$9
Name TVAréduit: Feuil2!$D$2:$D$13
Name vide: Feuil2!$H$2:$H$21

Sheet Feuil4
I3: "=SI(ESTNOM(C23=G23;OK;ERREUR)) | M3: "=SI(A4=B4;C4;0)
B4: "=SI(ARRONDI(H4;2)=ARRONDI(A4+E4;2);H4;AC5)
B6: "=SI(ARRONDI(H4;2)=ARRONDI(A4+E4;2);H4;"0") | I6: permet de choisir les valeurs du PCMN car le compte résultat n'admet que 6*** et 7***
I7: "=SI(ET('Val-Dép'!E36>=4000;'Val-Dép'!E36<=5000 );'Val-Dép'!O36;"0")
B10: la fonction RECHERCHEV permet de placer | I10: =SI( 'Val-Dép'!H55="550"; 'Val-Dép'!H55="560" RECHERCHEV('Val-Dép'!H55;'Val-Dép'!H55:I55;2;FAUX);"0")
B11: directement dans les bonnes cases
B12: Mobilier - outillage - Machine | J12: =SI(ESTNA(RECHERCHEV($C$126;'VAL-INIT'!$D$4:$F$90;3;FAUX));;RECHERCHEV($C$126;'VAL-INIT'!$D$4:$F$90;3;FAUX))
B13: VOIR case dans Gr li ACT-PAS | J13: =SI(ET( 'Val-Dép'!AE14="290/550"; 'Val-Dép'!I14<>"note de crédit");RECHERCHEV('Val-Dép'!AE14;'Val-Dép'!AE14:AF14;2;FAUX );"0")
B15: "=SI(ESTERREUR(RECHERCHEV(E2;B2:C50;2;0));"";RECHERCHEV(E2;B2:C50;2;0))
B18: Fourmule utilisée pour Achats fournisseurs (les "" au début et à la fin veut dire formule en mode texte)
B19: "=SI(OU('Val-Départ'!$E$26="mobilier";'Val-Départ'!$E$26="outillage";'Val-Départ'!$E$26="machine";'Val-Départ'!$E$26="");" ";RECHERCHEV('Val-Départ'!$E$26;'Val-Départ'!$E$26:$H$26;3;FAUX))"
C22: Formules utilisées pour TVA achats les "" au début et à la fin veut dire formule en modeTEXTE
C23: "=SI(('Val-Départ'!$E$27="");"";RECHERCHEV('Val-Départ'!$E$27;'Val-Départ'!$E$27:$H$27;4;FAUX))"
B25: RECHERCHEV('Val-Départ'!F13;'Val-Départ'!F13:V13;14;FAUX )
B27: "(RECHERCHEV(E19;'Val-Départ'!E26:H26;2;FAUX)" | L27: 42006 | M27: détermine le type d'achat (Gr Liv ACT-PAS) et le mode de payement
L28: 42006 | M28: Achat à crédit doit être enregistré dans CREDIT (C+) et dans BANQUE (D+)
B29: "=SI(P15=D15;P15;SI(P15=D15+I5;P5;SI(P15=I15;P5;SI(P15="";P15;""))))" | L29: 42007 | M29: doit être enregistré dans COMPTE TRANSFERT
L30: 42008 | M30: détermine le type d'achat (Gr Liv ACT-PAS) et le mode de payement
L31: 42009 | M31: paye via compte BQPOST
B32: "=SI(ESTNA(RECHERCHEV($E$19;'Val-Départ'!$E$26:$H$26;2;FAUX));";RECHERCHEV($E$19;'Val-Départ'!$E$26:$H$26;2;FAUX))" | L32: 42010 | M32: Voir transfert Banq vers caisse
L33: 42012 | M33: Compte transfert : Rembourse le crédit via la Banque
B34: le " devant et à la fin de la formule, éviter que la formule soit active | L34: 42013 | M34: Paie Fournisseur par BQPOST
B35: "(RECHERCHEV(E19;'Val-Départ'!E26:H26;2;FAUX)" | L35: 42014 | M35: ACHAT et PAYEMENT ( 2 actions en même temps)
L36: 42022 | M36: Compte transfert : Rembourse le crédit via la Banque
B37: 1- recherche dans fichier Gr livACT-PAS dans la case E19 (mobilier) | L37: 42023 | M37: Achat de matériel roulant
B38: 2- dans fichier Val-départ la case de (E26 à H33) le mot (mobilier) | L38: 42029 | M38: paie le matériel roulant du 19/01 par BQPOST
B39: 3- la 2eme colonne
B40: 4- faux désigne si une erreur est possible
B42: Si on a une erreur du type #N/A, on ajoute alors
B43: =SI(ESTNA
B44: Pour éviter l'inscription #N/A
B45: ;""; indique de laisser la case vide
B46: et on ajoute l'instruction RECHERCHEV(E19;'Val-Départ'!E26:H26;2;FAUX)"
B49: $E$19 le signe $ indique de garder la case et ainsi d'éviter des erreurs
B52: "=SI(OU('Val-Départ'!$E$26="mobilier";'Val-Départ'!$E$26="outillage";'Val-Départ'!$E$26="machine";'Val-Départ'!$E$26="");" ";RECHERCHEV('Val-Départ'!$E$26;'Val-Départ'!$E$26:$H$26;3;FAUX))"
B54: Cette formule permet d'éviter d'écrire le résultat de "mobilier" - "machine" - "outillage" et "valeur vide" dans (600 ACHATS MARCHANDISES)
B55: =SI(OU('Val-Départ'!$E$26=mobilier";'Val-Départ'!$E$26="outillage";'Val-Départ'!$E$26="machine";'Val-Départ'!$E$26="")
B57: ;" ";RECHERCHEV('Val-Départ'!$E$26;'Val-Départ'!$E$26:$H$26;3;FAUX))"
... B75: C'est assez lourd mais ca marche bien

Sheet VAL-INIT
B2: 1er année Exercice N° | E2: 10 | J2: Entreprise
D3: ACTIF (Emplois) | F3: V.I. | J3: PASSIF (Ressources) | L3: V.I.
C4: PCMN | H4: PCMN | I4: Capital propre (c'est à moi, pris sur compte personel) pour l'entreprise
C5: 20-28 | D5: ACTIFS IMMOBILISES (I+II+III+IV) | F5: =SUM(F6,F8,F10,F36) -> 92500 | I5: CAPITAUX PROPRES
B6: I | C6: 20 | D6: Frais d'établisement (ann.1) | E6: I | F6: =SUM(F7) -> 0 | H6: I | I6: 10 | J6: Capital | K6: I | L6: =SUM(F88,-L26) -> 138600
D7: Frais d'établisement | E7: 0
B8: II | C8: 21 | D8: Immobilisations incorporelles (Ann. 2) | E8: II | F8: =SUM(F9) -> 0 | H8: A | I8: 100 | J8: Capital souscrit | K8: A
D9: Immobilisations incorporelles | E9: 0 | H9: B | I9: 101 | J9: Capital non appelé | K9: B | L9: 0
B10: III | C10: 22-27 | D10: Imobilisations corporelles (Ann. 3) (A+B+C) | E10: III | F10: =SUM(F11,F15,F21,F27,F30,F33) -> 92500 | K10: 0
B11: A | C11: 22 | D11: Terrains et constructions | E11: A | F11: =SUM(F12,F13,F14) -> 75000 | H11: II | I11: 11 | J11: Prime d'émission | K11: II | L11: =SUM(L12) -> 0
C12: 2210 | D12: Immeubles | E12: 0 | F12: 75000 | K12: 0
C13: 2200 | D13: Terrain et construction | E13: 0 | H13: III | I13: 12 | J13: Plus-value de réévaluation | K13: III | L13: =SUM(L14) -> 0
K14: 0
B15: B | C15: 23 | D15: Installations, machines et outillage | E15: B | F15: =SUM(F16:F19) -> 12500 | H15: IV | I15: 13 | J15: Réserves | K15: IV | L15: =SUM(L16,L18,L21,L22) -> 0
C16: 2300 | D16: Immob.Mat.Outil. | E16: 0 | H16: A | I16: 131 | J16: Réserves légals | K16: A
C17: 231 | D17: machine | E17: 0 | F17: 12500 | K17: 0
H18: B | J18: Réserves indisponibles | K18: B | L18: =SUM(L19:L20) -> 0
C19: 237 | D19: outillage | E19: 0 | I19: 1310 | J19: Pour actions propres | K19: 0
I20: 1311 | J20: Autres | K20: 0
B21: C | C21: 24 | D21: Mobilier et mat. Roulant | E21: C | F21: =SUM(F22:F26) -> 5000 | H21: C | I21: 132 | J21: Réserves immunisées | K21: C
C22: 240 | D22: matériel de bureau | E22: 0 | H22: D | I22: 133 | J22: Réserves disponibles
D23: mobilier | E23: 0 | F23: 5000 | H23: V | I23: 140 | J23: Bénéfice reporté | K23: VI | L23: =SUM(L24) -> 0
D24: Matériel roulant | E24: 0 | I24: 141 | J24: Perte reportée | K24: 0
C25: 241 | D25: Matériel roulant 1 | E25: 0 | H25: VI | I25: 15 | J25: Subsides en capital | K25: VI
D26: Matéreil roulant 2 | E26: 0 | J26: CAPITAUX ETRANGES (des dettes de banque) | L26: =SUM(L29,L43) -> 5750
B27: D | C27: 25 | D27: Location-Financement & droits similaires | E27: D | F27: =SUM(F28:F29) -> 0 | I27: Capitaux étrangés (c'est à des autres personne) Bq ou autres
E28: 0
E29: 0 | H29: VIII | I29: 17 | J29: DETTES ≥ d'1 an | K29: VIII | L29: =SUM(L30,L36,L39,L41) -> 0
B30: E | C30: 26 | D30: Autres immobilisations corporelles versées | E30: E | F30: =SUM(F31:F32) -> 0 | H30: A | J30: Dettes financières | K30: A | L30: =SUM(L31:L35) -> 0
E31: 0 | H31: 1 | I31: 170 | J31: Emprunts subordonnés | K31: 0
E32: 0 | H32: 2 | I32: 171 | K32: 0
B33: F | C33: 27 | D33: Immobilisations en cours & accomptes versées | E33: F | F33: =SUM(F34:F35) -> 0 | H33: 3 | I33: 172 | K33: 0
E34: 0 | H34: 4 | I34: 173 | J34: crédit+1an | K34: 0 | L34: 0
E35: 0 | H35: 5 | I35: 174 | J35: emprunts+1an | K35: 0 | L35: 0
B36: IV | D36: Immobilisations financières (Ann. 4&5) | E36: IV | F36: =SUM(F37,F41,F45) -> 0 | H36: B | J36: Dettes commerciales | K36: B | L36: =SUM(L37:L38) -> 0
B37: A | D37: Entreprises liées | E37: A | F37: =SUM(F38:F40) -> 0 | H37: 1 | I37: 1750 | J37: Fournisseurs(+1an) | K37: 0
C38: 280 | D38: Participations | E38: 0 | H38: 2 | I38: 1751 | J38: effet à payer | K38: 0
C39: 281 | D39: créances | E39: 0 | H39: C | I39: 176 | J39: Acomptes reçus sur commandes | K39: C | L39: =SUM(L40) -> 0
E40: 0 | K40: 0
B41: B | C41: Autres entreprises ou il existe 1 lien de participation | E41: B | F41: =SUM(F42:F44) -> 0 | H41: D | I41: 178-179 | J41: Autres dettes | K41: D | L41: =SUM(L42) -> 0
C42: 282 | D42: Participations | K42: 0
C43: 283 | D43: Créances | H43: IX | I43: 42-48 | J43: DETTES ≤ d'1 an | K43: IX | L43: =SUM(L44,L46,L51,L55,L57,L60) -> 5750
H44: A | I44: 42 | J44: Dettes à plus d'1 an, mais échéance dans l'année | K44: A | L44: =SUM(L45) -> 0
B45: C | D45: Autres immobilisations financières | E45: C | F45: =SUM(F46:F48) -> 0 | K45: 0
C46: 284 | D46: Actions et parts | H46: B | J46: Dettes financières(-1an) | K46: B | L46: =SUM(L47,L48,L49,L50,L50) -> 0
C47: 285-288 | D47: Créances & coutionnements en numéraire | H47: 1 | I47: 430-433 | J47: crédit-1an | K47: 0 | L47: 0
H48: 2 | I48: 439 | J48: emprunts-1an | K48: 0 | L48: 0
C49: ACTIFS CIRCULANTS (V+VI+VII+VIII+IX+X) | F49: =SUM(F50,F54,F66,F72,F77,F86) -> 51850 | J49: emprunts N°1 | K49: 0
B50: V | C50: 290 | D50: Créances commerciales (clients + d'1 an) | E50: VI | F50: =SUM(F51) -> 0 | J50: emprunts N°2 | K50: 0
B51: A | C51: 2900 | D51: client(+1an) | E51: A | F51: =SUM(F52) -> 0 | H51: C | J51: Dettes commerciales | K51: C | L51: =SUM(L52) -> 5750
C52: 2906 | D52: Autres créances | E52: 0 | F52: 0 | H52: 1 | I52: 440 | J52: Fournisseurs(-1an) | L52: =SUM(L53,L54) -> 5750
I53: 441 | J53: Effets à payer | K53: 0
B54: VI | D54: STOCK et commande en cours | E54: VI | F54: =SUM(F55,F63) -> 15000 | J54: dû au vendeur | K54: 0 | L54: 5750 | M54: *******
B55: A | C55: 30-37 | D55: Stocks | E55: A | F55: =SUM(F56:F62) -> 15000 | H55: D | I55: 46 | J55: Acompte reçus sur commandes | K55: D | L55: =SUM(L56) -> 0
C56: 31 | D56: Approvisionnements | E56: 0 | K56: 0
C57: 32 | D57: en cours de fabrication | H57: E | J57: Dettes fiscales | K57: E | L57: =SUM(L58:L59) -> 0
C58: 33 | D58: produits finis | H58: 1 | I58: 450-453 | J58: Impôts | K58: 0
C59: 34 | D59: marchandises | E59: 0 | F59: 15000 | H59: 2 | I59: 454459 | J59: Rémunérations et charges sociales | K59: 0
C60: 35 | D60: immeubles destinés à la vente | H60: F | I60: 492493 | J60: Comptes de régularisation | K60: F | L60: =SUM(L61) -> 0
C61: 36 | D61: accomptes versées | K61: 0
B63: B | C63: 37 | D63: commandes en cour d'exécution | E63: B | F63: =SUM(F64:F65) -> 0
C64: 371 | D64: commande en cours | E64: 0 | J64: Total V.I. | L64: =SUM(L6,L26) -> 144350
B66: VII | C66: 40-41 | D66: créances commerciales (clients ≤ d'1 an ) | E66: VII | F66: =SUM(F67,F70) -> 6250 | H66: =IF(F88=L64,"Valeurs Initiales correctent - OK -","VERIFIER V.I. avant de continuer") -> Valeurs Initiales correctent - OK -
B67: A | C67: 40 | D67: client(-1an) | E67: A | F67: =SUM(F68:F69) -> 6250 | J67: Car, si ERREUR pas de bonne solution
C68: 400 | E68: 0 | F68: 6250 | J68: VERIFIER LES VALEURS INITIALES AVANT DE CONTINUER
H69: Quand une opération à lieu 2 cases doivent être remplies
B70: B | C70: 41 | D70: autres créances | E70: B | F70: =SUM(F71) -> 0 | H70: + A | I70: - A | J70: Si ACTIF ACTIF
D71: Montant autrs créances | E71: 0 | H71: + A | I71: + P | J71: Si ACTIF PASSIF
B72: VIII | C72: 50-53 | D72: placements de trésories | E72: VIII | F72: =SUM(F73,F75) -> 0 | H72: + P | I72: - P | J72: Si PASSIF PASSIF
B73: A | C73: 50 | D73: Actions propres | E73: A | F73: =SUM(F74) -> 0 | H73: - P | I73: - A | J73: Si PASSIF ACTIF
D74: montant actions propres | E74: 0
B75: B | C75: 51-53 | D75: autres placements | E75: B | F75: =SUM(F76) -> 0
D76: montant autre placement | E76: 0
B77: IX | C77: 54-58 | D77: Valeurs disponibles | E77: IX | F77: =SUM(F78,F82,F84) -> 30600 | J77: TOTAL ACTIF | L77: =F88 -> 144350
B78: A | C78: 550 | D78: Banque | E78: A | F78: =SUM(F79:F81) -> 25000 | J78: TOTAL CAPITAUX ETRANGES | L78: =SUM(L26) -> 5750
D79: Dépôt en banque | E79: 0 | F79: 25000 | J79: CAPITAUX PROPRES | L79: =SUM(L77,-L78) -> 138600
D80: Transfert Emprunt sur Banque | E80: 0
E81: 0
B82: B | C82: 560 | D82: Bq post | E82: B | F82: =SUM(F83) -> 4800
D83: montant BQ-POST (OCP) | E83: 0 | F83: 4800
B84: C | C84: 570 | D84: Caisse | E84: C | F84: =SUM(F85) -> 800
D85: montant CAISSE | E85: 0 | F85: 800
B86: X | C86: 490-491 | D86: comptes de régularisations | E86: X | F86: =SUM(F87) -> 0
D88: Total V.I. | F88: =SUM(F5,F49) -> 144350
D91: Dans BIL-AC-PA
D92: Dans balance des comptes

Sheet Val-Dép
F4: FAIRE LE BON CHOIX est de toute importance
I5: Détermine
F6: PCMN | G6: Permet de | H6: détermine | I6: le type d'achats | AF6: on doit l'écrire
F7: Pour définir | G7: choisir | H7: Choix de la | I7: Utile dans | Z7: Dans le fichier : Journ-Finan-Banq
E8: Le | H8: Banque (550) | I8: Permet de choisir | P8: Client : | Q8: Dans le fichier : Journal. Achats-ventes | W8: Clients | AE8: Banque | AF8: Reçu du client
A9: valeur initiale du client | E9: PCMN | F9: Les ventes ( 7****) | G9: Avec TVA | H9: Bq post (560) | I9: le type de fichier dans | P9: HTVA | T9: TVA | V9: TVAC | W9: TVA | Y9: Facture | Z9: Au client : | AA9: BANQUE à RECU du Client pour le mois de : | AE9: Bq post | AF9: Banque
A10: Tjrs mettre dans l'ordre Nul Cli | E10: est util | F10: Est utilisé dans compte résultat | G10: Sans TVA | H10: Caisse (570) | I10: Gr liv ACT-PAS | J10: Inscrire ici les factures CLIENTS | P10: Mont. Débt. | R10: TVA DUE (à verser) | T10: à récup. | V10: Mont. Crédt | Y10: envoyée | Z10: montant crédt. | AA10: Mars | AE10: Caisse | AF10: montant débt.
A11: 70*** VENTES | C11: CLIENTS | E11: Si PCMN correcte = BILAN Tjrs OK | H11: Quelle Banque ? | I11: dénomination | J11: FACTURES -aux -CLIENTS | R11: 4510 | T11: 4114 | W11: 4510 | X11: TVAC | Y11: au client | Z11: CLIENT C- | AA11: Factures reçues des clients | AD11: Mois de : | AF11: CLIENT D+ | AG11: Il faut avoir Bq ACTIF
A12: Date | B12: Num cli | C12: Clients | D12: V.I. | E12: PCMN | F12: PMCN est obligatoire | G12: avec/sans TVA | H12: Mode de Payement | I12: dénomination | J12: Fact-N° | K12: HTVA | L12: escompte | M12: Transport | N12: RRR | O12: embalage | P12: Base impot | Q12: TVA% | R12: tva non marchan | S12: TVA marchand | T12: TVA/NC | U12: emballage | V12: Embal/ap/tva | W12: TVA DUE | X12: note de crédit | Y12: TVAC | AA12: Num cli | AB12: Nom client | AC12: extrait | AD12: date | AE12: PMCN | AF12: montant(+)
A13: 1 | B13: C00011 | C13: client01 | E13: =IF(F13="","",LEFT(F13,SEARCH("-",F13)-2))*1 -> #VALUE! | F13: 10000 : COMPTES DE CAPITAUX | G13: ** | H13: Bq client-1an | P13: =SUM(K13,-L13,M13,-N13,O13) -> 0 | Q13: 0 | R13: =IF(OR('Val-Dép'!I13="note de crédit", 'Val-Dép'!I13="Marchand-amball"), "0",PRODUCT(P13,Q13)) -> 0 | S13: =IF(('Val-Dép'!I13="Marchand-amball"), PRODUCT(P13,Q13),"0") -> 0 | T13: =IF(('Val-Dép'!I13="note de crédit"),PRODUCT(P13,Q13),"") | V13: =IF(('Val-Dép'!I13<>"note de crédit"),SUM(P13,R13,S13,T13),"") -> 0 | W13: =SUM(R13:S13) -> 0 | X13: =IF(('Val-Dép'!I13="note de crédit"),(P13+T13),"") | Y13: =V13 -> 0 | Z13: =IF(AF13=ROUND(D13,2),AF13,IF(AF13=ROUND(D13+V13,2),AF13,IF(AF13= ROUND(V13,2),AF13,IF(AF13="",AF13,"")))) -> 0 | AA13: =$B$13 -> C00011 | AB13: =$C$13 -> client01 | AE13: =IF(H13="Bq client-1an","400/550",IF(H13="banque",550,IF(H13="Bq client+1an","290/550",IF(H13="Bq post client-1an","400/560",IF(H13="Bq post client+1an","290/560",IF(H13="Caisse client-1an","400/570",IF(H13="Caisse client+1an","290/570",IF(H13="**",0)))))))) -> 400/550 | AG13: =IF((H13<>"**"), "Bq ACTIF", " Banque pas ACTIF") -> Bq ACTIF
A14: 2 | B14: C00022 | C14: client02 | E14: =IF(F14="","",LEFT(F14,SEARCH("-",F14)-2))+0 -> 70000 | F14: 70000 - ventes de marchandises | G14: ** | H14: Bq client+1an | I14: Marchand-amball | P14: =SUM(K14,-L14,M14,-N14,O14) -> 0 | Q14: 0 | R14: =IF(OR('Val-Dép'!I14="note de crédit", 'Val-Dép'!I14="Marchand-amball"), "0",PRODUCT(P14,Q14)) -> 0 | S14: =IF(('Val-Dép'!I14="Marchand-amball"), PRODUCT(P14,Q14),"0") -> 0 | T14: =IF(('Val-Dép'!I14="note de crédit"),PRODUCT(P14,Q14),"0") -> 0 | V14: =IF(('Val-Dép'!I14<>"note de crédit"),SUM(P14,R14,S14,T14),"") -> 0 | W14: =SUM(R14:S14) -> 0 | X14: =IF(('Val-Dép'!I14="note de crédit"),(P14+T14),"") | Y14: =V14 -> 0 | Z14: =IF(AF14=ROUND(D14,2),AF14,IF(AF14=ROUND(D14+V14,2),AF14,IF(AF14= ROUND(V14,2),AF14,IF(AF14="",AF14,"")))) -> 0 | AA14: =$B$14 -> C00022 | AB14: =$C$14 -> client02 | AE14: =IF(H14="Bq client-1an","400/550",IF(H14="Bq client+1an","290/550",IF(H14="Bq post client-1an","400/560",IF(H14="Bq post client+1an","290/560",IF(H14="Caisse client-1an","400/570",IF(H14="Caisse client+1an","290/570",IF(H14="**",0))))))) -> 290/550 | AG14: =IF((H14<>"**"), "Bq ACTIF", " Banque pas ACTIF") -> Bq ACTIF
A15: 3 | B15: C00033 | E15: =IF(F15="","",LEFT(F15,SEARCH("-",F15)-2))*1 -> 70000 | F15: 70000 - ventes de marchandises | G15: ** | I15: NUL | P15: =SUM(K15,-L15,M15,-N15,O15) -> 0 | Q15: 0 | R15: =IF(OR('Val-Dép'!I15="note de crédit", 'Val-Dép'!I15="Marchand-amball"), "0",PRODUCT(P15,Q15)) -> 0 | S15: =IF(('Val-Dép'!I15="Marchand-amball"), PRODUCT(P15,Q15),"0") -> 0 | T15: =IF(('Val-Dép'!I15="note de crédit"),PRODUCT(P15,Q15),"0") -> 0 | V15: =IF(('Val-Dép'!I15<>"note de crédit"),SUM(P15,R15,S15,T15),"") -> 0 | W15: =SUM(R15:S15) -> 0 | X15: =IF(('Val-Dép'!I15="note de crédit"),(P15+T15),"") | Y15: =V15 -> 0 | Z15: =IF(AF15=ROUND(D15,2),AF15,IF(AF15=ROUND(D15+V15,2),AF15,IF(AF15= ROUND(V15,2),AF15,IF(AF15="",AF15,"")))) -> 0 | AA15: =$B$15 -> C00033 | AB15: =$C$15 -> 0 | AE15: =IF(H15="Bq client-1an","400/550",IF(H15="Bq client+1an","290/550",IF(H15="Bq post client-1an","400/560",IF(H15="Bq post client+1an","290/560",IF(H15="Caisse client-1an","400/570",IF(H15="Caisse client+1an","290/570",IF(H15="**",0))))))) -> FALSE | AG15: =IF((H15<>"**"), "Bq ACTIF", " Banque pas ACTIF") -> Bq ACTIF
A16: 4 | B16: C00044 | E16: =IF(F16="","",LEFT(F16,SEARCH("-",F16)-2))*1 -> 17003 | F16: 17003 - emprunt | G16: ** | I16: NUL | P16: =SUM(K16,-L16,M16,-N16,O16) -> 0 | Q16: 0 | R16: =IF(OR('Val-Dép'!I16="note de crédit", 'Val-Dép'!I16="Marchand-amball"), "0",PRODUCT(P16,Q16)) -> 0 | S16: =IF(('Val-Dép'!I16="Marchand-amball"), PRODUCT(P16,Q16),"0") -> 0 | T16: =IF(('Val-Dép'!I16="note de crédit"),PRODUCT(P16,Q16),"0") -> 0 | V16: =IF(('Val-Dép'!I16<>"note de crédit"),SUM(P16,R16,S16,T16),"") -> 0 | W16: =SUM(R16:S16) -> 0 | X16: =IF(('Val-Dép'!I16="note de crédit"),(P16+T16),"") | Y16: =V16 -> 0 | Z16: =IF(AF16=ROUND(D16,2),AF16,IF(AF16=ROUND(D16+V16,2),AF16,IF(AF16= ROUND(V16,2),AF16,IF(AF16="",AF16,"")))) -> 0 | AA16: =$B$16 -> C00044 | AB16: =$C$16 -> 0 | AE16: =IF(H16="Bq client-1an","400/550",IF(H16="Bq client+1an","290/550",IF(H16="Bq post client-1an","400/560",IF(H16="Bq post client+1an","290/560",IF(H16="Caisse client-1an","400/570",IF(H16="Caisse client+1an","290/570",IF(H16="**",0))))))) -> FALSE | AG16: =IF((H16<>"**"), "Bq ACTIF", " Banque pas ACTIF") -> Bq ACTIF
A17: 5 | B17: C00055 | E17: =IF(F17="","",LEFT(F17,SEARCH("-",F17)-2))*1 -> 17004 | F17: 17004 - emprunt | G17: ** | I17: NUL | P17: =SUM(K17,-L17,M17,-N17,O17) -> 0 | Q17: 0 | R17: =IF(OR('Val-Dép'!I17="note de crédit", 'Val-Dép'!I17="Marchand-amball"), "0",PRODUCT(P17,Q17)) -> 0 | S17: =IF(('Val-Dép'!I17="Marchand-amball"), PRODUCT(P17,Q17),"0") -> 0 | T17: =IF(('Val-Dép'!I17="note de crédit"),PRODUCT(P17,Q17),"0") -> 0 | V17: =IF(('Val-Dép'!I17<>"note de crédit"),SUM(P17,R17,S17,T17),"") -> 0 | W17: =SUM(R17:S17) -> 0 | X17: =IF(('Val-Dép'!I17="note de crédit"),(P17+T17),"") | Y17: =V17 -> 0 | Z17: =IF(AF17=ROUND(D17,2),AF17,IF(AF17=ROUND(D17+V17,2),AF17,IF(AF17= ROUND(V17,2),AF17,IF(AF17="",AF17,"")))) -> 0 | AA17: =$B$17 -> C00055 | AB17: =$C$17 -> 0 | AE17: =IF(H17="Bq client-1an","400/550",IF(H17="Bq client+1an","290/550",IF(H17="Bq post client-1an","400/560",IF(H17="Bq post client+1an","290/560",IF(H17="Caisse client-1an","400/570",IF(H17="Caisse client+1an","290/570",IF(H17="**",0))))))) -> FALSE | AG17: =IF((H17<>"**"), "Bq ACTIF", " Banque pas ACTIF") -> Bq ACTIF
A18: 6 | B18: C0006 | E18: =IF(F18="","",LEFT(F18,SEARCH("-",F18)-2))*1 -> 17005 | F18: 17005 - emprunt | G18: ** | I18: NUL | P18: =SUM(K18,-L18,M18,-N18,O18) -> 0 | Q18: 0 | R18: =IF(OR('Val-Dép'!I18="note de crédit", 'Val-Dép'!I18="Marchand-amball"), "0",PRODUCT(P18,Q18)) -> 0 | S18: =IF(('Val-Dép'!I18="Marchand-amball"), PRODUCT(P18,Q18),"0") -> 0 | T18: =IF(('Val-Dép'!I18="note de crédit"),PRODUCT(P18,Q18),"0") -> 0 | V18: =IF(('Val-Dép'!I18<>"note de crédit"),SUM(P18,R18,S18,T18),"") -> 0 | W18: =SUM(R18:S18) -> 0 | X18: =IF(('Val-Dép'!I18="note de crédit"),(P18+T18),"") | Y18: =V18 -> 0 | Z18: =IF(AF18=ROUND(D18,2),AF18,IF(AF18=ROUND(D18+V18,2),AF18,IF(AF18= ROUND(V18,2),AF18,IF(AF18="",AF18,"")))) -> 0 | AA18: =$B$18 -> C0006 | AB18: =$C$18 -> 0 | AE18: =IF(H18="Bq client-1an","400/550",IF(H18="Bq client+1an","290/550",IF(H18="Bq post client-1an","400/560",IF(H18="Bq post client+1an","290/560",IF(H18="Caisse client-1an","400/570",IF(H18="Caisse client+1an","290/570",IF(H18="**",0))))))) -> FALSE | AG18: =IF((H18<>"**"), "Bq ACTIF", " Banque pas ACTIF") -> Bq ACTIF
A19: 7 | B19: C0007 | E19: =IF(F19="","",LEFT(F19,SEARCH("-",F19)-2))*1 -> 17006 | F19: 17006 - emprunt | G19: ** | I19: NUL | P19: =SUM(K19,-L19,M19,-N19,O19) -> 0 | Q19: 0 | R19: =IF(OR('Val-Dép'!I19="note de crédit", 'Val-Dép'!I19="Marchand-amball"), "0",PRODUCT(P19,Q19)) -> 0 | S19: =IF(('Val-Dép'!I19="Marchand-amball"), PRODUCT(P19,Q19),"0") -> 0 | T19: =IF(('Val-Dép'!I19="note de crédit"),PRODUCT(P19,Q19),"0") -> 0 | V19: =IF(('Val-Dép'!I19<>"note de crédit"),SUM(P19,R19,S19,T19),"") -> 0 | W19: =SUM(R19:S19) -> 0 | X19: =IF(('Val-Dép'!I19="note de crédit"),(P19+T19),"") | Y19: =V19 -> 0 | Z19: =IF(AF19=ROUND(D19,2),AF19,IF(AF19=ROUND(D19+V19,2),AF19,IF(AF19= ROUND(V19,2),AF19,IF(AF19="",AF19,"")))) -> 0 | AA19: =$B$19 -> C0007 | AB19: =$C$19 -> 0 | AE19: =IF(H19="Bq client-1an","400/550",IF(H19="Bq client+1an","290/550",IF(H19="Bq post client-1an","400/560",IF(H19="Bq post client+1an","290/560",IF(H19="Caisse client-1an","400/570",IF(H19="Caisse client+1an","290/570",IF(H19="**",0))))))) -> FALSE | AG19: =IF((H19<>"**"), "Bq ACTIF", " Banque pas ACTIF") -> Bq ACTIF
A20: 8 | B20: C0008 | E20: =IF(F20="","",LEFT(F20,SEARCH("-",F20)-2))*1 -> 17007 | F20: 17007 - emprunt | G20: ** | I20: NUL | P20: =SUM(K20,-L20,M20,-N20,O20) -> 0 | Q20: 0 | R20: =IF(OR('Val-Dép'!I20="note de crédit", 'Val-Dép'!I20="Marchand-amball"), "0",PRODUCT(P20,Q20)) -> 0 | S20: =IF(('Val-Dép'!I20="Marchand-amball"), PRODUCT(P20,Q20),"0") -> 0 | T20: =IF(('Val-Dép'!I20="note de crédit"),PRODUCT(P20,Q20),"0") -> 0 | V20: =IF(('Val-Dép'!I20<>"note de crédit"),SUM(P20,R20,S20,T20),"") -> 0 | W20: =SUM(R20:S20) -> 0 | X20: =IF(('Val-Dép'!I20="note de crédit"),(P20+T20),"") | Y20: =V20 -> 0 | Z20: =IF(AF20=ROUND(D20,2),AF20,IF(AF20=ROUND(D20+V20,2),AF20,IF(AF20= ROUND(V20,2),AF20,IF(AF20="",AF20,"")))) -> 0 | AA20: =$B$20 -> C0008 | AB20: =$C$20 -> 0 | AE20: =IF(H20="Bq client-1an","400/550",IF(H20="Bq client+1an","290/550",IF(H20="Bq post client-1an","400/560",IF(H20="Bq post client+1an","290/560",IF(H20="Caisse client-1an","400/570",IF(H20="Caisse client+1an","290/570",IF(H20="**",0))))))) -> FALSE | AG20: =IF((H20<>"**"), "Bq ACTIF", " Banque pas ACTIF") -> Bq ACTIF
A21: 9 | B21: C0009 | E21: =IF(F21="","",LEFT(F21,SEARCH("-",F21)-2))*1 -> 17008 | F21: 17008 - emprunt | G21: ** | I21: NUL | P21: =SUM(K21,-L21,M21,-N21,O21) -> 0 | Q21: 0 | R21: =IF(OR('Val-Dép'!I21="note de crédit", 'Val-Dép'!I21="Marchand-amball"), "0",PRODUCT(P21,Q21)) -> 0 | S21: =IF(('Val-Dép'!I21="Marchand-amball"), PRODUCT(P21,Q21),"0") -> 0 | T21: =IF(('Val-Dép'!I21="note de crédit"),PRODUCT(P21,Q21),"0") -> 0 | V21: =IF(('Val-Dép'!I21<>"note de crédit"),SUM(P21,R21,S21,T21),"") -> 0 | W21: =SUM(R21:S21) -> 0 | X21: =IF(('Val-Dép'!I21="note de crédit"),(P21+T21),"") | Y21: =V21 -> 0 | Z21: =IF(AF21=ROUND(D21,2),AF21,IF(AF21=ROUND(D21+V21,2),AF21,IF(AF21= ROUND(V21,2),AF21,IF(AF21="",AF21,"")))) -> 0 | AA21: =$B$21 -> C0009 | AB21: =$C$21 -> 0 | AE21: =IF(H21="Bq client-1an","400/550",IF(H21="Bq client+1an","290/550",IF(H21="Bq post client-1an","400/560",IF(H21="Bq post client+1an","290/560",IF(H21="Caisse client-1an","400/570",IF(H21="Caisse client+1an","290/570",IF(H21="**",0))))))) -> FALSE | AG21: =IF((H21<>"**"), "Bq ACTIF", " Banque pas ACTIF") -> Bq ACTIF
A22: 10 | B22: C00010 | E22: =IF(F22="","",LEFT(F22,SEARCH("-",F22)-2))*1 -> 17009 | F22: 17009 - emprunt | G22: ** | I22: NUL | P22: =SUM(K22,-L22,M22,-N22,O22) -> 0 | Q22: 0 | R22: =IF(OR('Val-Dép'!I22="note de crédit", 'Val-Dép'!I22="Marchand-amball"), "0",PRODUCT(P22,Q22)) -> 0 | S22: =IF(('Val-Dép'!I22="Marchand-amball"), PRODUCT(P22,Q22),"0") -> 0 | T22: =IF(('Val-Dép'!I22="note de crédit"),PRODUCT(P22,Q22),"0") -> 0 | V22: =IF(('Val-Dép'!I22<>"note de crédit"),SUM(P22,R22,S22,T22),"") -> 0 | W22: =SUM(R22:S22) -> 0 | X22: =IF(('Val-Dép'!I22="note de crédit"),(P22+T22),"") | Y22: =V22 -> 0 | Z22: =IF(AF22=ROUND(D22,2),AF22,IF(AF22=ROUND(D22+V22,2),AF22,IF(AF22= ROUND(V22,2),AF22,IF(AF22="",AF22,"")))) -> 0 | AA22: =$B$22 -> C00010 | AB22: =$C$22 -> 0 | AE22: =IF(H22="Bq client-1an","400/550",IF(H22="Bq client+1an","290/550",IF(H22="Bq post client-1an","400/560",IF(H22="Bq post client+1an","290/560",IF(H22="Caisse client-1an","400/570",IF(H22="Caisse client+1an","290/570",IF(H22="**",0))))))) -> FALSE | AG22: =IF((H22<>"**"), "Bq ACTIF", " Banque pas ACTIF") -> Bq ACTIF
A23: 11 | B23: C00011 | E23: =IF(F23="","",LEFT(F23,SEARCH("-",F23)-2))*1 -> 17010 | F23: 17010 - emprunt | G23: ** | I23: NUL | P23: =SUM(K23,-L23,M23,-N23,O23) -> 0 | Q23: 0 | R23: =IF(OR('Val-Dép'!I23="note de crédit", 'Val-Dép'!I23="Marchand-amball"), "0",PRODUCT(P23,Q23)) -> 0 | S23: =IF(('Val-Dép'!I23="Marchand-amball"), PRODUCT(P23,Q23),"0") -> 0 | T23: =IF(('Val-Dép'!I23="note de crédit"),PRODUCT(P23,Q23),"0") -> 0 | V23: =IF(('Val-Dép'!I23<>"note de crédit"),SUM(P23,R23,S23,T23),"") -> 0 | W23: =SUM(R23:S23) -> 0 | X23: =IF(('Val-Dép'!I23="note de crédit"),(P23+T23),"") | Y23: =V23 -> 0 | Z23: =IF(AF23=ROUND(D23,2),AF23,IF(AF23=ROUND(D23+V23,2),AF23,IF(AF23= ROUND(V23,2),AF23,IF(AF23="",AF23,"")))) -> 0 | AA23: =$B$23 -> C00011 | AB23: =$C$23 -> 0 | AE23: =IF(H23="Bq client-1an","400/550",IF(H23="Bq client+1an","290/550",IF(H23="Bq post client-1an","400/560",IF(H23="Bq post client+1an","290/560",IF(H23="Caisse client-1an","400/570",IF(H23="Caisse client+1an","290/570",IF(H23="**",0))))))) -> FALSE | AG23: =IF((H23<>"**"), "Bq ACTIF", " Banque pas ACTIF") -> Bq ACTIF
A24: 12 | B24: C00012 | E24: =IF(F24="","",LEFT(F24,SEARCH("-",F24)-2))*1 -> 17011 | F24: 17011 - emprunt | G24: ** | I24: NUL | P24: =SUM(K24,-L24,M24,-N24,O24) -> 0 | Q24: 0 | R24: =IF(OR('Val-Dép'!I24="note de crédit", 'Val-Dép'!I24="Marchand-amball"), "0",PRODUCT(P24,Q24)) -> 0 | S24: =IF(('Val-Dép'!I24="Marchand-amball"), PRODUCT(P24,Q24),"0") -> 0 | T24: =IF(('Val-Dép'!I24="note de crédit"),PRODUCT(P24,Q24),"0") -> 0 | V24: =IF(('Val-Dép'!I24<>"note de crédit"),SUM(P24,R24,S24,T24),"") -> 0 | W24: =SUM(R24:S24) -> 0 | X24: =IF(('Val-Dép'!I24="note de crédit"),(P24+T24),"") | Y24: =V24 -> 0 | Z24: =IF(AF24=ROUND(D24,2),AF24,IF(AF24=ROUND(D24+V24,2),AF24,IF(AF24= ROUND(V24,2),AF24,IF(AF24="",AF24,"")))) -> 0 | AA24: =$B$24 -> C00012 | AB24: =$C$24 -> 0 | AE24: =IF(H24="Bq client-1an","400/550",IF(H24="Bq client+1an","290/550",IF(H24="Bq post client-1an","400/560",IF(H24="Bq post client+1an","290/560",IF(H24="Caisse client-1an","400/570",IF(H24="Caisse client+1an","290/570",IF(H24="**",0))))))) -> FALSE | AG24: =IF((H24<>"**"), "Bq ACTIF", " Banque pas ACTIF") -> Bq ACTIF
A25: 13 | B25: C00013 | E25: =IF(F25="","",LEFT(F25,SEARCH("-",F25)-2))*1 -> 17012 | F25: 17012 - emprunt | G25: ** | I25: NUL | P25: =SUM(K25,-L25,M25,-N25,O25) -> 0 | Q25: 0 | R25: =IF(OR('Val-Dép'!I25="note de crédit", 'Val-Dép'!I25="Marchand-amball"), "0",PRODUCT(P25,Q25)) -> 0 | S25: =IF(('Val-Dép'!I25="Marchand-amball"), PRODUCT(P25,Q25),"0") -> 0 | T25: =IF(('Val-Dép'!I25="note de crédit"),PRODUCT(P25,Q25),"0") -> 0 | V25: =IF(('Val-Dép'!I25<>"note de crédit"),SUM(P25,R25,S25,T25),"") -> 0 | W25: =SUM(R25:S25) -> 0 | X25: =IF(('Val-Dép'!I25="note de crédit"),(P25+T25),"") | Y25: =V25 -> 0 | Z25: =IF(AF25=ROUND(D25,2),AF25,IF(AF25=ROUND(D25+V25,2),AF25,IF(AF25= ROUND(V25,2),AF25,IF(AF25="",AF25,"")))) -> 0 | AA25: =$B$25 -> C00013 | AB25: =$C$25 -> 0 | AE25: =IF(H25="Bq client-1an","400/550",IF(H25="Bq client+1an","290/550",IF(H25="Bq post client-1an","400/560",IF(H25="Bq post client+1an","290/560",IF(H25="Caisse client-1an","400/570",IF(H25="Caisse client+1an","290/570",IF(H25="**",0))))))) -> FALSE | AG25: =IF((H25<>"**"), "Bq ACTIF", " Banque pas ACTIF") -> Bq ACTIF
A26: 14 | B26: TOTAL | D26: =SUM(D13:D25) -> 0 | H26: Total | K26: =SUM(K13:K25) -> 0 | P26: =SUM(P13:P25) -> 0 | R26: =SUM(R13:R25) -> 0 | S26: =SUM(S13:S25) -> 0 | T26: =SUM(T13:T25) -> 0 | V26: =SUM(V13:V25) -> 0 | W26: =SUM(W13:W23) -> 0 | X26: =SUM(X13:X25) -> 0 | Y26: =SUM(Y13:Y25) -> 0 | Z26: =SUM(Z13:Z25) -> 0 | AA26: =B26 -> TOTAL | AC26: écrire les fact reçues du client | AF26: =SUM(AF13:AF25) -> 0
A27: !!!!!!! | B27: =IF(ROUND('VAL-INIT'!F79,2)=ROUND(D26,2)," V.I.Clients correcte","REVOIR.V.I. .clients") -> REVOIR.V.I. .clients | E27: !!!!!! | J27: Effacer seulement ICI | P27: non marchand | R27: nc | U27: Idem | X27: journal des | AF27: Effacer ici | AI27: différence
B28: VAL-INIT V.I. =========> | D28: ='VAL-INIT'!F79 -> 25000 | F28: FAIRE LE BON CHOIX est de toute importance | N28: TOTAL TVA | P28: =SUM(R26:T26) -> 0 | Q28: NC/tva | R28: -103.07 | U28: Jour Ach-Ven | X28: Ventes | Z28: La banque à reçu du CLIENT pour le mois de : | AE28: =AF26 -> 0 | AF28: DIFFERENCE CLIENT - FOURNISSEUR | AI28: =AE28 -> 0 | AJ28: =AM46 -> 0 | AK28: =AE28-AM46 -> 0 | AM28: Caisse
G29: Permet de | H29: détermine | I29: le type d'achats | AC29: Note | AM29: Par post
A30: 2ème VERIFICATION : V.I. Clients doit être VERT | F30: PCMN | G30: choisir | H30: Choix de la | I30: Utile dans | S30: Fourn. : | W30: Journal. ACHATS-VENTES | AB30: Fourn. : | AC30: de crédit | AH30: BANQUE à payé au Fournisseur pour le mois de : | AM30: Banque
A31: Tjrs mettre dans l'ordre Num Four | E31: Le | F31: Pour définir | H31: Banque (550) | I31: Permet de choisir | R31: Si rien à | S31: Mont. Crédt. | X31: TVA due | Z31: TVA | AA31: TVA due | AB31: Mont.Débt. | AC31: sur achats | AD31: Entret.immo. | AE31: Prest. Service | AF31: Au fourn. : | AH31: JOURNAL - FINAN - BANQ | AM31: Fact payées
A32: valeur initiale du fournisseur | E32: PCMN | F32: Les achats ( 6*****) | G32: Avec TVA | H32: Bq post (560) | I32: le type de fichier dans | J32: Inscrire ici les factures Reçues des FOURNISSEURS | R32: déduire | S32: HTVA | V32: TVA à récup (achats) | X32: de régul. Sur NC | Z32: Mont. Crédt. | AA32: de régul. Sur NC | AB32: TVAC | AC32: TVAC | AD32: Intracomm. | AE32: cocontractant | AF32: montant débt. | AM32: Aux Fournisseurs
A33: 60*** | B33: Achats | C33: Fournisseurs | E33: Si PCMN correcte = BILAN Tjrs OK | G33: Sans TVA | H33: Caisse (570) | I33: Gr liv ACT-PAS | J33: FACTURES -des- FOURNISSEURS | R33: TVA = % | S33: Nouvelle | U33: TVA % | V33: 4110 | X33: 4514 | Y33: Emballage | Z33: 4110 | AA33: 4514 | AC33: NC/achats | AD33: TVA due | AE33: TVA due | AF33: Fourn. D- | AH33: Payement aux FOURNISSEURS via ( Banque - Bq post - Caisse ) pour le MOIS de : | AM33: montant crédt. | AN33: choix à faire
A34: Date | B34: Num Four | C34: fournisseurs | D34: V.I. | E34: PCMN | F34: PCMN Obligatoire | G34: avec/sans TVA | H34: Quelle Banque ? | I34: dénomination | J34: Fact-N° | K34: HTVA | L34: Escompte | M34: Transport | N34: RRR | O34: Embal Av tva | P34: Base-impot | Q34: TVA % | R34: DEDUCTIBLE | S34: Base impot. | U34: Restant | V34: tva non march. | W34: tva marchand | X34: TVA due (NC) | Y34: après tva | Z34: TVA à Récup. | AA34: TVA due (NC) | AB34: Tot TVAC | AC34: TVAC (NC) | AD34: (59)451020 | AE34: (59)451030 | AF34: Vérification | AH34: Num Fourn | AI34: Nom Fourn | AJ34: extrait | AK34: date | AL34: PMCN | AM34: Fourn. C- | AN34: dans G35 à G45
B35: F0001 | C35: four01 | D35: 0 | E35: =IF(F35="","",LEFT(F35,SEARCH("-",F35)-2))*1 -> 24000 | F35: 24000 - Mobilier | H35: Bq fournis-1an | I35: Mobilier | K35: 750 | L35: 0 | M35: 0 | N35: 0 | O35: 0 | P35: =SUM(K35,-L35,M35,-N35,O35) -> 750 | Q35: 0 | R35: 0 | S35: =(IF(R35=0,P35,(P35*Q35*R35)+P35)) -> 750 | U35: =(1-R35) -> 1 | V35: =IF(OR( 'Val-Dép'!G35="cocontractant", 'Val-Dép'!G35="Intracomm.", 'Val-Dép'!I35="note de crédit", 'Val-Dép'!I35="Marchand-amball"),"0",PRODUCT(P35,Q35,U35)) -> 0 | W35: =IF(( 'Val-Dép'!I35="Marchand-amball"),PRODUCT(P35,Q35,U35),"0") -> 0 | X35: =IF(OR('Val-Dép'!I35="note de crédit"), PRODUCT(P35,Q35,U35),"0") -> 0 | Y35: 0 | Z35: =(V35+W35) -> 0 | AA35: =IF((I35="note de crédit"),(P35*Q35*U35),"0") -> 0 | AB35: =IF((I35<>"note de crédit"),SUM(S35,V35,W35,X35),"0") -> 750 | AC35: =IF((I35="note de crédit"),SUM(S35,X35),"0") -> 0 | AD35: =IF((G35="Intracomm."),PRODUCT(P35,Q35,U35),"0") -> 0 | AE35: =IF((G35="cocontractant"), PRODUCT(P35,Q35,U35),"0") -> 0 | AF35: =IF(AM35=ROUND(D35,2),AM35,IF(AM35=ROUND(D35+AB35,2),AM35,IF(AM35=ROUND(AB35,2),AM35,IF(AM35="",AM35,"0")))) -> 0 | AH35: =$B$35 -> F0001 | AI35: =C35 -> four01 | AL35: =IF(H35="Banque","550",IF(H35="Bq client-1an","400/550",IF(H35="Bq post","560",IF(H35="Bq fournis-1an","440/550",IF(H35="Bq fournis+1an","1750/550",IF(H35="Bq post fournis-1an","440/560",IF(H35="Bq post fournis+1an","1750/560",IF(H35="Caisse fournis-1an","440/570",IF(H35="Caisse fournis+1an","1750/570",IF(H35="**",0)))))))))) -> 440/550 | AN35: =IF(AND(H35<>"**"), "Bq ACTIF", "Compte pas ACTIF") -> Bq ACTIF
B36: F0001 | C36: four02 | D36: 0 | E36: =IF(F36="","",LEFT(F36,SEARCH("-",F36)-2))*1 -> 36000 | F36: 36000 - Stock | G36: ** | H36: Bq fournis-1an | I36: Stocks | K36: 5000 | L36: 0 | M36: 0 | N36: 0 | O36: 0 | P36: =SUM(K36,-L36,M36,-N36,O36) -> 5000 | Q36: 0 | R36: 0 | S36: =(IF(R36=0,P36,(P36*Q36*R36)+P36)) -> 5000 | U36: =(1-R36) -> 1 | V36: =IF(OR( 'Val-Dép'!G36="cocontractant", 'Val-Dép'!G36="Intracomm.", 'Val-Dép'!I36="note de crédit", 'Val-Dép'!I36="Marchand-amball"),"0",PRODUCT(P36,Q36,U36)) -> 0 | W36: =IF(( 'Val-Dép'!I36="Marchand-amball"),PRODUCT(P36,Q36,U36),"0") -> 0 | X36: =IF(OR('Val-Dép'!I36="note de crédit"), PRODUCT(P36,Q36,U36),"0") -> 0 | Y36: 0 | Z36: =(V36+W36) -> 0 | AA36: =IF((I36="note de crédit"),(P36*Q36*U36),"0") -> 0 | AB36: =IF((I36<>"note de crédit"),SUM(S36,V36,W36,X36),"0") -> 5000 | AC36: =IF((I36="note de crédit"),SUM(S36,X36),"0") -> 0 | AD36: =IF((G36="Intracomm."),PRODUCT(P36,Q36,U36),"0") -> 0 | AE36: =IF((G36="cocontractant"), PRODUCT(P36,Q36,U36),"0") -> 0 | AF36: =IF(AM36=ROUND(D36,2),AM36,IF(AM36=ROUND(D36+AB36,2),AM36,IF(AM36=ROUND(AB36,2),AM36,IF(AM36="",AM36,"0")))) -> 0 | AH36: =$B$36 -> F0001 | AI36: =C36 -> four02 | AL36: =IF(H36="banque","550",IF(H36="Bq post","560",IF(H36="Bq fournis-1an","440/550",IF(H36="Bq fournis+1an","1750/550",IF(H36="Bq post fournis-1an","440/560",IF(H36="Bq post fournis+1an","1750/560",IF(H36="Caisse fournis-1an","440/570",IF(H36="Caisse fournis+1an","1750/570",IF(H36="**",0))))))))) -> 440/550 | AN36: =IF(AND(H38<>"**"), "Bq ACTIF", "Compte pas ACTIF") -> Compte pas ACTIF
B37: F0003 | C37: four03 | D37: 0 | E37: =IF(F37="","",LEFT(F37,SEARCH("-",F37)-2))*1 -> 24000 | F37: 24000 - Mobilier | G37: ** | H37: ** | P37: =SUM(K37,-L37,M37,-N37,O37) -> 0 | Q37: 0 | R37: 0 | S37: =(IF(R37=0,P37,(P37*Q37*R37)+P37)) -> 0 | U37: =(1-R37) -> 1 | V37: =IF(OR( 'Val-Dép'!G37="cocontractant", 'Val-Dép'!G37="Intracomm.", 'Val-Dép'!I37="note de crédit", 'Val-Dép'!I37="Marchand-amball"),"0",PRODUCT(P37,Q37,U37)) -> 0 | W37: =IF(( 'Val-Dép'!I37="Marchand-amball"),PRODUCT(P37,Q37,U37),"0") -> 0 | X37: =IF(OR('Val-Dép'!I37="note de crédit"), PRODUCT(P37,Q37,U37),"0") -> 0 | Y37: 0 | Z37: =(V37+W37) -> 0 | AA37: =IF((I37="note de crédit"),(P37*Q37*U37),"0") -> 0 | AB37: =IF((I37<>"note de crédit"),SUM(S37,V37,W37,X37),"0") -> 0 | AC37: =IF((I37="note de crédit"),SUM(S37,X37),"0") -> 0 | AD37: =IF((G37="Intracomm."),PRODUCT(P37,Q37,U37),"0") -> 0 | AE37: =IF((G37="cocontractant"), PRODUCT(P37,Q37,U37),"0") -> 0 | AF37: =IF(AM37=ROUND(D37,2),AM37,IF(AM37=ROUND(D37+AB37,2),AM37,IF(AM37=ROUND(AB37,2),AM37,IF(AM37="",AM37,"0")))) -> 0 | AH37: =$B$37 -> F0003 | AI37: =C37 -> four03 | AL37: =IF(H37="banque","550",IF(H37="Bq post","560",IF(H37="Bq fournis-1an","440/550",IF(H37="Bq fournis+1an","1750/550",IF(H37="Bq post fournis-1an","440/560",IF(H37="Bq post fournis+1an","1750/560",IF(H37="Caisse fournis-1an","440/570",IF(H37="Caisse fournis+1an","1750/570",IF(H37="**",0))))))))) -> 0 | AN37: =IF(AND(H39<>"**"), "Bq ACTIF", "Compte pas ACTIF") -> Compte pas ACTIF
B38: F0004 | E38: =IF(F38="","",LEFT(F38,SEARCH("-",F38)-2))*1 -> 24000 | F38: 24000 - Mobilier | G38: ** | H38: ** | P38: =SUM(K38,-L38,M38,-N38,O38) -> 0 | Q38: 0 | R38: 0 | S38: =(IF(R38=0,P38,(P38*Q38*R38)+P38)) -> 0 | U38: =(1-R38) -> 1 | V38: =IF(OR( 'Val-Dép'!G38="cocontractant", 'Val-Dép'!G38="Intracomm.", 'Val-Dép'!I38="note de crédit", 'Val-Dép'!I38="Marchand-amball"),"0",PRODUCT(P38,Q38,U38)) -> 0 | W38: =IF(( 'Val-Dép'!I38="Marchand-amball"),PRODUCT(P38,Q38,U38),"0") -> 0 | X38: =IF(OR('Val-Dép'!I38="note de crédit"), PRODUCT(P38,Q38,U38),"0") -> 0 | Y38: 0 | Z38: =(V38+W38) -> 0 | AA38: =IF((I38="note de crédit"),(P38*Q38*U38),"0") -> 0 | AB38: =IF((I38<>"note de crédit"),SUM(S38,V38,W38,X38),"0") -> 0 | AC38: =IF((I38="note de crédit"),SUM(S38,X38),"0") -> 0 | AD38: =IF((G38="Intracomm."),PRODUCT(P38,Q38,U38),"0") -> 0 | AE38: =IF((G38="cocontractant"), PRODUCT(P38,Q38,U38),"0") -> 0 | AF38: =IF(AM38=ROUND(D38,2),AM38,IF(AM38=ROUND(D38+AB38,2),AM38,IF(AM38=ROUND(AB38,2),AM38,IF(AM38="",AM38,"0")))) -> 0 | AH38: =$B$38 -> F0004 | AI38: =C38 -> 0 | AL38: =IF(H38="banque","550",IF(H38="Bq post","560",IF(H38="Bq fournis-1an","440/550",IF(H38="Bq fournis+1an","1750/550",IF(H38="Bq post fournis-1an","440/560",IF(H38="Bq post fournis+1an","1750/560",IF(H38="Caisse fournis-1an","440/570",IF(H38="Caisse fournis+1an","1750/570",IF(H38="**",0))))))))) -> 0 | AN38: =IF(AND(H40<>"**"), "Bq ACTIF", "Compte pas ACTIF") -> Compte pas ACTIF
E39: =IF(F39="","",LEFT(F39,SEARCH("-",F39)-2))*1 -> 17001 | F39: 17001 - emprunt | G39: ** | H39: ** | P39: =SUM(K39,-L39,M39,-N39,O39) -> 0 | Q39: 0 | R39: 0 | S39: =(IF(R39=0,P39,(P39*Q39*R39)+P39)) -> 0 | U39: =(1-R39) -> 1 | V39: =IF(OR( 'Val-Dép'!G39="cocontractant", 'Val-Dép'!G39="Intracomm.", 'Val-Dép'!I39="note de crédit", 'Val-Dép'!I39="Marchand-amball"),"0",PRODUCT(P39,Q39,U39)) -> 0 | W39: =IF(( 'Val-Dép'!I39="Marchand-amball"),PRODUCT(P39,Q39,U39),"0") -> 0 | X39: =IF(OR('Val-Dép'!I39="note de crédit"), PRODUCT(P39,Q39,U39),"0") -> 0 | Y39: 0 | Z39: =(V39+W39) -> 0 | AA39: =IF((I39="note de crédit"),(P39*Q39*U39),"0") -> 0 | AB39: =IF((I39<>"note de crédit"),SUM(S39,V39,W39,X39),"0") -> 0 | AC39: =IF((I39="note de crédit"),SUM(S39,X39),"0") -> 0 | AD39: =IF((G39="Intracomm."),PRODUCT(P39,Q39,U39),"0") -> 0 | AE39: =IF((G39="cocontractant"), PRODUCT(P39,Q39,U39),"0") -> 0 | AF39: =IF(AM39=ROUND(D39,2),AM39,IF(AM39=ROUND(D39+AB39,2),AM39,IF(AM39=ROUND(AB39,2),AM39,IF(AM39="",AM39,"0")))) -> 0 | AH39: =$B$39 -> 0 | AI39: =C39 -> 0 | AL39: =IF(H39="banque","550",IF(H39="Bq post","560",IF(H39="Bq fournis-1an","440/550",IF(H39="Bq fournis+1an","1750/550",IF(H39="Bq post fournis-1an","440/560",IF(H39="Bq post fournis+1an","1750/560",IF(H39="Caisse fournis-1an","440/570",IF(H39="Caisse fournis+1an","1750/570",IF(H39="**",0))))))))) -> 0 | AN39: =IF(AND(H41<>"**"), "Bq ACTIF", "Compte pas ACTIF") -> Compte pas ACTIF
E40: =IF(F40="","",LEFT(F40,SEARCH("-",F40)-2))*1 -> 17002 | F40: 17002 - emprunt | G40: ** | H40: ** | P40: =SUM(K40,-L40,M40,-N40,O40) -> 0 | Q40: 0 | R40: 0 | S40: =(IF(R40=0,P40,(P40*Q40*R40)+P40)) -> 0 | U40: =(1-R40) -> 1 | V40: =IF(OR( 'Val-Dép'!G40="cocontractant", 'Val-Dép'!G40="Intracomm.", 'Val-Dép'!I40="note de crédit", 'Val-Dép'!I40="Marchand-amball"),"0",PRODUCT(P40,Q40,U40)) -> 0 | W40: =IF(( 'Val-Dép'!I40="Marchand-amball"),PRODUCT(P40,Q40,U40),"0") -> 0 | X40: =IF(OR('Val-Dép'!I40="note de crédit"), PRODUCT(P40,Q40,U40),"0") -> 0 | Y40: 0 | Z40: =(V40+W40) -> 0 | AA40: =IF((I40="note de crédit"),(P40*Q40*U40),"0") -> 0 | AB40: =IF((I40<>"note de crédit"),SUM(S40,V40,W40,X40),"0") -> 0 | AC40: =IF((I40="note de crédit"),SUM(S40,X40),"0") -> 0 | AD40: =IF((G40="Intracomm."),PRODUCT(P40,Q40,U40),"0") -> 0 | AE40: =IF((G40="cocontractant"), PRODUCT(P40,Q40,U40),"0") -> 0 | AF40: =IF(AM40=ROUND(D40,2),AM40,IF(AM40=ROUND(D40+AB40,2),AM40,IF(AM40=ROUND(AB40,2),AM40,IF(AM40="",AM40,"0")))) -> 0 | AH40: =$B$40 -> 0 | AI40: =C40 -> 0 | AL40: =IF(H40="banque","550",IF(H40="Bq post","560",IF(H40="Bq fournis-1an","440/550",IF(H40="Bq fournis+1an","1750/550",IF(H40="Bq post fournis-1an","440/560",IF(H40="Bq post fournis+1an","1750/560",IF(H40="Caisse fournis-1an","440/570",IF(H40="Caisse fournis+1an","1750/570",IF(H40="**",0))))))))) -> 0 | AN40: =IF(AND(H42<>"**"), "Bq ACTIF", "Compte pas ACTIF") -> Compte pas ACTIF
E41: =IF(F41="","",LEFT(F41,SEARCH("-",F41)-2))*1 -> 17003 | F41: 17003 - emprunt | G41: ** | H41: ** | P41: =SUM(K41,-L41,M41,-N41,O41) -> 0 | Q41: 0 | R41: 0 | S41: =(IF(R41=0,P41,(P41*Q41*R41)+P41)) -> 0 | U41: =(1-R41) -> 1 | V41: =IF(OR( 'Val-Dép'!G41="cocontractant", 'Val-Dép'!G41="Intracomm.", 'Val-Dép'!I41="note de crédit", 'Val-Dép'!I41="Marchand-amball"),"0",PRODUCT(P41,Q41,U41)) -> 0 | W41: =IF(( 'Val-Dép'!I41="Marchand-amball"),PRODUCT(P41,Q41,U41),"0") -> 0 | X41: =IF(OR('Val-Dép'!I41="note de crédit"), PRODUCT(P41,Q41,U41),"0") -> 0 | Y41: 0 | Z41: =(V41+W41) -> 0 | AA41: =IF((I41="note de crédit"),(P41*Q41*U41),"0") -> 0 | AB41: =IF((I41<>"note de crédit"),SUM(S41,V41,W41,X41),"0") -> 0 | AC41: =IF((I41="note de crédit"),SUM(S41,X41),"0") -> 0 | AD41: =IF((G41="Intracomm."),PRODUCT(P41,Q41,U41),"0") -> 0 | AE41: =IF((G41="cocontractant"), PRODUCT(P41,Q41,U41),"0") -> 0 | AF41: =IF(AM41=ROUND(D41,2),AM41,IF(AM41=ROUND(D41+AB41,2),AM41,IF(AM41=ROUND(AB41,2),AM41,IF(AM41="",AM41,"0")))) -> 0 | AH41: =$B$41 -> 0 | AI41: =C41 -> 0 | AL41: =IF(H41="banque","550",IF(H41="Bq post","560",IF(H41="Bq fournis-1an","440/550",IF(H41="Bq fournis+1an","1750/550",IF(H41="Bq post fournis-1an","440/560",IF(H41="Bq post fournis+1an","1750/560",IF(H41="Caisse fournis-1an","440/570",IF(H41="Caisse fournis+1an","1750/570",IF(H41="**",0))))))))) -> 0 | AN41: =IF(AND(H43<>"**"), "Bq ACTIF", "Compte pas ACTIF") -> Compte pas ACTIF
E42: =IF(F42="","",LEFT(F42,SEARCH("-",F42)-2))*1 -> 17004 | F42: 17004 - emprunt | G42: ** | H42: ** | P42: =SUM(K42,-L42,M42,-N42,O42) -> 0 | Q42: 0 | R42: 0 | S42: =(IF(R42=0,P42,(P42*Q42*R42)+P42)) -> 0 | U42: =(1-R42) -> 1 | V42: =IF(OR( 'Val-Dép'!G42="cocontractant", 'Val-Dép'!G42="Intracomm.", 'Val-Dép'!I42="note de crédit", 'Val-Dép'!I42="Marchand-amball"),"0",PRODUCT(P42,Q42,U42)) -> 0 | W42: =IF(( 'Val-Dép'!I42="Marchand-amball"),PRODUCT(P42,Q42,U42),"0") -> 0 | X42: =IF(OR('Val-Dép'!I42="note de crédit"), PRODUCT(P42,Q42,U42),"0") -> 0 | Y42: 0 | Z42: =(V42+W42) -> 0 | AA42: =IF((I42="note de crédit"),(P42*Q42*U42),"0") -> 0 | AB42: =IF((I42<>"note de crédit"),SUM(S42,V42,W42,X42),"0") -> 0 | AC42: =IF((I42="note de crédit"),SUM(S42,X42),"0") -> 0 | AD42: =IF((G42="Intracomm."),PRODUCT(P42,Q42,U42),"0") -> 0 | AE42: =IF((G42="cocontractant"), PRODUCT(P42,Q42,U42),"0") -> 0 | AF42: =IF(AM42=ROUND(D42,2),AM42,IF(AM42=ROUND(D42+AB42,2),AM42,IF(AM42=ROUND(AB42,2),AM42,IF(AM42="",AM42,"0")))) -> 0 | AH42: =$B$42 -> 0 | AI42: =C42 -> 0 | AL42: =IF(H42="banque","550",IF(H42="Bq post","560",IF(H42="Bq fournis-1an","440/550",IF(H42="Bq fournis+1an","1750/550",IF(H42="Bq post fournis-1an","440/560",IF(H42="Bq post fournis+1an","1750/560",IF(H42="Caisse fournis-1an","440/570",IF(H42="Caisse fournis+1an","1750/570",IF(H42="**",0))))))))) -> 0 | AN42: =IF(AND(H44<>"**"), "Bq ACTIF", "Compte pas ACTIF") -> Compte pas ACTIF
E43: =IF(F43="","",LEFT(F43,SEARCH("-",F43)-2))*1 -> 17005 | F43: 17005 - emprunt | G43: ** | H43: ** | P43: =SUM(K43,-L43,M43,-N43,O43) -> 0 | Q43: 0 | R43: 0 | S43: =(IF(R43=0,P43,(P43*Q43*R43)+P43)) -> 0 | U43: =(1-R43) -> 1 | V43: =IF(OR( 'Val-Dép'!G43="cocontractant", 'Val-Dép'!G43="Intracomm.", 'Val-Dép'!I43="note de crédit", 'Val-Dép'!I43="Marchand-amball"),"0",PRODUCT(P43,Q43,U43)) -> 0 | W43: =IF(( 'Val-Dép'!I43="Marchand-amball"),PRODUCT(P43,Q43,U43),"0") -> 0 | X43: =IF(OR('Val-Dép'!I43="note de crédit"), PRODUCT(P43,Q43,U43),"0") -> 0 | Y43: 0 | Z43: =(V43+W43) -> 0 | AA43: =IF((I43="note de crédit"),(P43*Q43*U43),"0") -> 0 | AB43: =IF((I43<>"note de crédit"),SUM(S43,V43,W43,X43),"0") -> 0 | AC43: =IF((I43="note de crédit"),SUM(S43,X43),"0") -> 0 | AD43: =IF((G43="Intracomm."),PRODUCT(P43,Q43,U43),"0") -> 0 | AE43: =IF((G43="cocontractant"), PRODUCT(P43,Q43,U43),"0") -> 0 | AF43: =IF(AM43=ROUND(D43,2),AM43,IF(AM43=ROUND(D43+AB43,2),AM43,IF(AM43=ROUND(AB43,2),AM43,IF(AM43="",AM43,"0")))) -> 0 | AH43: =$B$43 -> 0 | AI43: =C43 -> 0 | AL43: =IF(H43="banque","550",IF(H43="Bq post","560",IF(H43="Bq fournis-1an","440/550",IF(H43="Bq fournis+1an","1750/550",IF(H43="Bq post fournis-1an","440/560",IF(H43="Bq post fournis+1an","1750/560",IF(H43="Caisse fournis-1an","440/570",IF(H43="Caisse fournis+1an","1750/570",IF(H43="**",0))))))))) -> 0 | AN43: =IF(AND(H45<>"**"), "Bq ACTIF", "Compte pas ACTIF") -> Compte pas ACTIF
E44: =IF(F44="","",LEFT(F44,SEARCH("-",F44)-2))*1 -> 17006 | F44: 17006 - emprunt | G44: ** | H44: ** | P44: =SUM(K44,-L44,M44,-N44,O44) -> 0 | Q44: 0 | R44: 0 | S44: =(IF(R44=0,P44,(P44*Q44*R44)+P44)) -> 0 | U44: =(1-R44) -> 1 | V44: =IF(OR( 'Val-Dép'!G44="cocontractant", 'Val-Dép'!G44="Intracomm.", 'Val-Dép'!I44="note de crédit", 'Val-Dép'!I44="Marchand-amball"),"0",PRODUCT(P44,Q44,U44)) -> 0 | W44: =IF(( 'Val-Dép'!I44="Marchand-amball"),PRODUCT(P44,Q44,U44),"0") -> 0 | X44: =IF(OR('Val-Dép'!I44="note de crédit"), PRODUCT(P44,Q44,U44),"0") -> 0 | Y44: 0 | Z44: =(V44+W44) -> 0 | AA44: =IF((I44="note de crédit"),(P44*Q44*U44),"0") -> 0 | AB44: =IF((I44<>"note de crédit"),SUM(S44,V44,W44,X44),"0") -> 0 | AC44: =IF((I44="note de crédit"),SUM(S44,X44),"0") -> 0 | AD44: =IF((G44="Intracomm."),PRODUCT(P44,Q44,U44),"0") -> 0 | AE44: =IF((G44="cocontractant"), PRODUCT(P44,Q44,U44),"0") -> 0 | AF44: =IF(AM44=ROUND(D44,2),AM44,IF(AM44=ROUND(D44+AB44,2),AM44,IF(AM44=ROUND(AB44,2),AM44,IF(AM44="",AM44,"0")))) -> 0 | AH44: =$B$44 -> 0 | AI44: =C44 -> 0 | AL44: =IF(H44="banque","550",IF(H44="Bq post","560",IF(H44="Bq fournis-1an","440/550",IF(H44="Bq fournis+1an","1750/550",IF(H44="Bq post fournis-1an","440/560",IF(H44="Bq post fournis+1an","1750/560",IF(H44="Caisse fournis-1an","440/570",IF(H44="Caisse fournis+1an","1750/570",IF(H44="**",0))))))))) -> 0 | AN44: =IF(AND(H46<>"**"), "Bq ACTIF", "Compte pas ACTIF") -> Compte pas ACTIF
E45: =IF(F45="","",LEFT(F45,SEARCH("-",F45)-2))*1 -> 17007 | F45: 17007 - emprunt | G45: ** | H45: ** | P45: =SUM(K45,-L45,M45,-N45,O45) -> 0 | Q45: 0 | R45: 0 | S45: =(IF(R45=0,P45,(P45*Q45*R45)+P45)) -> 0 | U45: =(1-R45) -> 1 | V45: =IF(OR( 'Val-Dép'!G45="cocontractant", 'Val-Dép'!G45="Intracomm.", 'Val-Dép'!I45="note de crédit", 'Val-Dép'!I45="Marchand-amball"),"0",PRODUCT(P45,Q45,U45)) -> 0 | W45: =IF(( 'Val-Dép'!I45="Marchand-amball"),PRODUCT(P45,Q45,U45),"0") -> 0 | X45: =IF(OR('Val-Dép'!I45="note de crédit"), PRODUCT(P45,Q45,U45),"0") -> 0 | Y45: 0 | AA45: =IF((I45="note de crédit"),(P45*Q45*U45),"0") -> 0 | AB45: =IF((I45<>"note de crédit"),SUM(S45,V45,W45,X45),"0") -> 0 | AC45: =IF((H48="note de crédit"),SUM(S45,X45),"0") -> 0 | AD45: =IF((G45="Intracomm."),PRODUCT(P45,Q45,U45),"0") -> 0 | AE45: =IF((G45="cocontractant"), PRODUCT(P45,Q45,U45),"0") -> 0 | AF45: =IF(AM45=ROUND(D45,2),AM45,IF(AM45=ROUND(D45+AB45,2),AM45,IF(AM45=ROUND(AB45,2),AM45,IF(AM45="",AM45,"0")))) -> 0 | AH45: =$B$45 -> 0 | AI45: =C45 -> 0 | AL45: =IF(H45="banque","550",IF(H45="Bq post","560",IF(H45="Bq fournis-1an","440/550",IF(H45="Bq fournis+1an","1750/550",IF(H45="Bq post fournis-1an","440/560",IF(H45="Bq post fournis+1an","1750/560",IF(H45="Caisse fournis-1an","440/570",IF(H45="Caisse fournis+1an","1750/570",IF(H45="**",0))))))))) -> 0 | AN45: =IF(AND(H47<>"**"), "Bq ACTIF", "Compte pas ACTIF") -> Compte pas ACTIF
B46: TOTAL | D46: =SUM(D35:D45) -> 0 | H46: ** | K46: 1200 | P46: =SUM(P35:P45) -> 5750 | S46: =SUM(S35:S45) -> 5750 | T46: 0 | V46: =SUM(V35:V45) -> 0 | W46: =SUM(W35:W45) -> 0 | X46: =SUM(X35:X45) -> 0 | Z46: =SUM(Z35:Z45) -> 0 | AA46: =SUM(AA35:AA45) -> 0 | AB46: =SUM(AB35:AB45) -> 5750 | AC46: =SUM(AC35:AC45) -> 0 | AD46: =SUM(AD35:AD45) -> 0 | AE46: =SUM(AE35:AE45) -> 0 | AF46: =SUM(AF35:AF45) -> 0 | AH46: TOTAL | AM46: =SUM(AM35:AM45) -> 0
A47: !!!!!!! | B47: =IF(ROUND('VAL-INIT'!L61,2)=ROUND(D46,2),"V.I.Fournisseur. correcte","REVOIR V.I. Fournisseur") -> V.I.Fournisseur. correcte | E47: !!!!!! | H47: ** | J47: effacer ICI seulement | X47: NC sur achats | AB47: Journal des
B48: effacer ICI seulement | E48: R17 | H48: TOTAL | O48: Certaines fonctions peuvent déduire la TVA | S48: TOTAL TVA | U48: =SUM(V46:W46) -> 0 | V48: NC TVA | W48: =X46 -> 0 | X48: égale à la | AB48: achats | AH48: l a Banque à payé le fournisseur pour le mois de : | AM48: =AM46 -> 0
B49: VAL-INIT V.I. =========> | D49: ='VAL-INIT'!L61 -> 0 | X49: TVA due
K50: 10 | U50: 20 | X50: car la | AE50: 30 | AM50: 38
X51: marchandise
B53: Transfert
A54: Date | B54: Num Four | C54: Transfert | F54: TRANSFERT >>>>>>
D55: BQ vers post | E55: =IF(D55="Banque","550",IF(D55="Bq post","560",IF(D55="caisse","570",IF(D55="BQ vers post","550>560",IF(D55="BQ vers caisse","550>570",IF(D55="Remb BQ vers Crédit","550>173",IF(D55="POST vers BQ","560>550",IF(D55="POST vers caisse","560>570",IF(D55="Remb POST vers crédit","560>173",IF(D55="CAISSE vers BQ","570>550",IF(D55="CAISSE vers post","570>560",IF(D55="Remb CAISSE vers Crédit","570>173",IF(D55="Transf CREDIT-Banq","173>550",IF(D55="Transf CREDIT-Post","173>560",IF(D55="Transf CREDIT-Caisse","173>570",IF(D55="crédit+1an","173", IF(D55="crédit-1an","430", IF(D55="transf CREDIT-Caisse","173>570", IF(D55="Emprunt Bq-1an","439", IF(D55="Emprunt Bq+1an","174", IF(D55="Emprunts-1an","439",IF(D55="Emprunts+1an","174", IF(D55="**",0))))))))))))))))))))))) -> 550>560 | F55: 100 | G55: Caisse | H55: =IF(G55="Banque","550",IF(G55="Bq post","560",IF(G55="caisse","570",IF(G55="BQ vers post","550>560",IF(G55="BQ vers caisse","550>570",IF(G55="Remb BQ vers Crédit","550>173",IF(G55="POST vers BQ","560>550",IF(G55="POST vers caisse","560>570",IF(G55="Remb POST vers crédit","560>173",IF(G55="CAISSE vers BQ","570>550",IF(G55="CAISSE vers post","570>560",IF(G55="Remb CAISSE vers Crédit","570>173",IF(G55="Transf CREDIT-Banq","173>550",IF(G55="Transf CREDIT-Post","173>560",IF(G55="Transf CREDIT-Caisse","173>570",IF(G55="crédit+1an","173",IF(G55="transf CREDIT-Caisse","173>570",IF(G55="**",0)))))))))))))))))) -> 570 | I55: 100
D56: crédit+1an | E56: =IF(D56="Banque","550",IF(D56="Bq post","560",IF(D56="caisse","570",IF(D56="BQ vers post","550>560",IF(D56="BQ vers caisse","550>570",IF(D56="Remb BQ vers Crédit","550>173",IF(D56="POST vers BQ","560>550",IF(D56="POST vers caisse","560>570",IF(D56="Remb POST vers crédit","560>173",IF(D56="CAISSE vers BQ","570>550",IF(D56="CAISSE vers post","570>560",IF(D56="Remb CAISSE vers Crédit","570>173",IF(D56="Transf CREDIT-Banq","173>550",IF(D56="Transf CREDIT-Post","173>560",IF(D56="Transf CREDIT-Caisse","173>570",IF(D56="crédit+1an","173", IF(D56="crédit-1an","430", IF(D56="transf CREDIT-Caisse","173>570", IF(D56="Emprunt Bq-1an","439", IF(D56="Emprunt Bq+1an","174", IF(D56="**",0))))))))))))))))))))) -> 173 | G56: crédit+1an | H56: =IF(G56="Banque","550",IF(G56="Bq post","560",IF(G56="caisse","570",IF(G56="BQ vers post","550>560",IF(G56="BQ vers caisse","550>570",IF(G56="Remb BQ vers Crédit","550>173",IF(G56="POST vers BQ","560>550",IF(G56="POST vers caisse","560>570",IF(G56="Remb POST vers crédit","560>173",IF(G56="CAISSE vers BQ","570>550",IF(G56="CAISSE vers post","570>560",IF(G56="Remb CAISSE vers Crédit","570>173",IF(G56="Transf CREDIT-Banq","173>550",IF(G56="Transf CREDIT-Post","173>560",IF(G56="Transf CREDIT-Caisse","173>570",IF(G56="crédit+1an","173",IF(G56="transf CREDIT-Caisse","173>570",IF(G56="**",0)))))))))))))))))) -> 173
D57: crédit-1an | E57: =IF(D57="Banque","550",IF(D57="Bq post","560",IF(D57="caisse","570",IF(D57="BQ vers post","550>560",IF(D57="BQ vers caisse","550>570",IF(D57="Remb BQ vers Crédit","550>173",IF(D57="POST vers BQ","560>550",IF(D57="POST vers caisse","560>570",IF(D57="Remb POST vers crédit","560>173",IF(D57="CAISSE vers BQ","570>550",IF(D57="CAISSE vers post","570>560",IF(D57="Remb CAISSE vers Crédit","570>173",IF(D57="Transf CREDIT-Banq","173>550",IF(D57="Transf CREDIT-Post","173>560",IF(D57="Transf CREDIT-Caisse","173>570",IF(D57="crédit+1an","173", IF(D57="crédit-1an","430", IF(D57="transf CREDIT-Caisse","173>570", IF(D57="Emprunt Bq-1an","439", IF(D57="Emprunt Bq+1an","174", IF(D57="**",0))))))))))))))))))))) -> 430 | G57: Caisse | H57: =IF(G57="Banque","550",IF(G57="Bq post","560",IF(G57="caisse","570",IF(G57="BQ vers post","550>560",IF(G57="BQ vers caisse","550>570",IF(G57="Remb BQ vers Crédit","550>173",IF(G57="POST vers BQ","560>550",IF(G57="POST vers caisse","560>570",IF(G57="Remb POST vers crédit","560>173",IF(G57="CAISSE vers BQ","570>550",IF(G57="CAISSE vers post","570>560",IF(G57="Remb CAISSE vers Crédit","570>173",IF(G57="Transf CREDIT-Banq","173>550",IF(G57="Transf CREDIT-Post","173>560",IF(G57="Transf CREDIT-Caisse","173>570",IF(G57="crédit+1an","173",IF(G57="transf CREDIT-Caisse","173>570",IF(G57="**",0)))))))))))))))))) -> 570
D58: crédit-1an | E58: =IF(D58="Banque","550",IF(D58="Bq post","560",IF(D58="caisse","570",IF(D58="BQ vers post","550>560",IF(D58="BQ vers caisse","550>570",IF(D58="Remb BQ vers Crédit","550>173",IF(D58="POST vers BQ","560>550",IF(D58="POST vers caisse","560>570",IF(D58="Remb POST vers crédit","560>173",IF(D58="CAISSE vers BQ","570>550",IF(D58="CAISSE vers post","570>560",IF(D58="Remb CAISSE vers Crédit","570>173",IF(D58="Transf CREDIT-Banq","173>550",IF(D58="Transf CREDIT-Post","173>560",IF(D58="Transf CREDIT-Caisse","173>570",IF(D58="crédit+1an","173", IF(D58="crédit-1an","430", IF(D58="transf CREDIT-Caisse","173>570", IF(D58="Emprunt Bq-1an","439", IF(D58="Emprunt Bq+1an","174", IF(D58="**",0))))))))))))))))))))) -> 430 | G58: Caisse | H58: =IF(G58="Banque","550",IF(G58="Bq post","560",IF(G58="caisse","570",IF(G58="BQ vers post","550>560",IF(G58="BQ vers caisse","550>570",IF(G58="Remb BQ vers Crédit","550>173",IF(G58="POST vers BQ","560>550",IF(G58="POST vers caisse","560>570",IF(G58="Remb POST vers crédit","560>173",IF(G58="CAISSE vers BQ","570>550",IF(G58="CAISSE vers post","570>560",IF(G58="Remb CAISSE vers Crédit","570>173",IF(G58="Transf CREDIT-Banq","173>550",IF(G58="Transf CREDIT-Post","173>560",IF(G58="Transf CREDIT-Caisse","173>570",IF(G58="crédit+1an","173",IF(G58="transf CREDIT-Caisse","173>570",IF(G58="**",0)))))))))))))))))) -> 570
D59: crédit-1an | E59: =IF(D59="Banque","550",IF(D59="Bq post","560",IF(D59="caisse","570",IF(D59="BQ vers post","550>560",IF(D59="BQ vers caisse","550>570",IF(D59="Remb BQ vers Crédit","550>173",IF(D59="POST vers BQ","560>550",IF(D59="POST vers caisse","560>570",IF(D59="Remb POST vers crédit","560>173",IF(D59="CAISSE vers BQ","570>550",IF(D59="CAISSE vers post","570>560",IF(D59="Remb CAISSE vers Crédit","570>173",IF(D59="Transf CREDIT-Banq","173>550",IF(D59="Transf CREDIT-Post","173>560",IF(D59="Transf CREDIT-Caisse","173>570",IF(D59="crédit+1an","173", IF(D59="crédit-1an","430", IF(D59="transf CREDIT-Caisse","173>570", IF(D59="Emprunt Bq-1an","439", IF(D59="Emprunt Bq+1an","174", IF(D59="**",0))))))))))))))))))))) -> 430 | G59: crédit+1an | H59: =IF(G59="Banque","550",IF(G59="Bq post","560",IF(G59="caisse","570",IF(G59="BQ vers post","550>560",IF(G59="BQ vers caisse","550>570",IF(G59="Remb BQ vers Crédit","550>173",IF(G59="POST vers BQ","560>550",IF(G59="POST vers caisse","560>570",IF(G59="Remb POST vers crédit","560>173",IF(G59="CAISSE vers BQ","570>550",IF(G59="CAISSE vers post","570>560",IF(G59="Remb CAISSE vers Crédit","570>173",IF(G59="Transf CREDIT-Banq","173>550",IF(G59="Transf CREDIT-Post","173>560",IF(G59="Transf CREDIT-Caisse","173>570",IF(G59="crédit+1an","173",IF(G59="transf CREDIT-Caisse","173>570",IF(G59="**",0)))))))))))))))))) -> 173
D60: crédit-1an | E60: =IF(D60="Banque","550",IF(D60="Bq post","560",IF(D60="caisse","570",IF(D60="BQ vers post","550>560",IF(D60="BQ vers caisse","550>570",IF(D60="Remb BQ vers Crédit","550>173",IF(D60="POST vers BQ","560>550",IF(D60="POST vers caisse","560>570",IF(D60="Remb POST vers crédit","560>173",IF(D60="CAISSE vers BQ","570>550",IF(D60="CAISSE vers post","570>560",IF(D60="Remb CAISSE vers Crédit","570>173",IF(D60="Transf CREDIT-Banq","173>550",IF(D60="Transf CREDIT-Post","173>560",IF(D60="Transf CREDIT-Caisse","173>570",IF(D60="crédit+1an","173", IF(D60="crédit-1an","430", IF(D60="transf CREDIT-Caisse","173>570", IF(D60="Emprunt Bq-1an","439", IF(D60="Emprunt Bq+1an","174", IF(D60="**",0))))))))))))))))))))) -> 430 | G60: crédit+1an | H60: =IF(G60="Banque","550",IF(G60="Bq post","560",IF(G60="caisse","570",IF(G60="BQ vers post","550>560",IF(G60="BQ vers caisse","550>570",IF(G60="Remb BQ vers Crédit","550>173",IF(G60="POST vers BQ","560>550",IF(G60="POST vers caisse","560>570",IF(G60="Remb POST vers crédit","560>173",IF(G60="CAISSE vers BQ","570>550",IF(G60="CAISSE vers post","570>560",IF(G60="Remb CAISSE vers Crédit","570>173",IF(G60="Transf CREDIT-Banq","173>550",IF(G60="Transf CREDIT-Post","173>560",IF(G60="Transf CREDIT-Caisse","173>570",IF(G60="crédit+1an","173",IF(G60="transf CREDIT-Caisse","173>570",IF(G60="**",0)))))))))))))))))) -> 173
D61: crédit-1an | E61: =IF(D61="Banque","550",IF(D61="Bq post","560",IF(D61="caisse","570",IF(D61="BQ vers post","550>560",IF(D61="BQ vers caisse","550>570",IF(D61="Remb BQ vers Crédit","550>173",IF(D61="POST vers BQ","560>550",IF(D61="POST vers caisse","560>570",IF(D61="Remb POST vers crédit","560>173",IF(D61="CAISSE vers BQ","570>550",IF(D61="CAISSE vers post","570>560",IF(D61="Remb CAISSE vers Crédit","570>173",IF(D61="Transf CREDIT-Banq","173>550",IF(D61="Transf CREDIT-Post","173>560",IF(D61="Transf CREDIT-Caisse","173>570",IF(D61="crédit+1an","173", IF(D61="crédit-1an","430", IF(D61="transf CREDIT-Caisse","173>570", IF(D61="Emprunt Bq-1an","439", IF(D61="Emprunt Bq+1an","174", IF(D61="**",0))))))))))))))))))))) -> 430 | G61: crédit+1an | H61: =IF(G61="Banque","550",IF(G61="Bq post","560",IF(G61="caisse","570",IF(G61="BQ vers post","550>560",IF(G61="BQ vers caisse","550>570",IF(G61="Remb BQ vers Crédit","550>173",IF(G61="POST vers BQ","560>550",IF(G61="POST vers caisse","560>570",IF(G61="Remb POST vers crédit","560>173",IF(G61="CAISSE vers BQ","570>550",IF(G61="CAISSE vers post","570>560",IF(G61="Remb CAISSE vers Crédit","570>173",IF(G61="Transf CREDIT-Banq","173>550",IF(G61="Transf CREDIT-Post","173>560",IF(G61="Transf CREDIT-Caisse","173>570",IF(G61="crédit+1an","173",IF(G61="transf CREDIT-Caisse","173>570",IF(G61="**",0)))))))))))))))))) -> 173
D62: Emprunt Bq-1an | E62: =IF(D62="Banque","550",IF(D62="Bq post","560",IF(D62="caisse","570",IF(D62="BQ vers post","550>560",IF(D62="BQ vers caisse","550>570",IF(D62="Remb BQ vers Crédit","550>173",IF(D62="POST vers BQ","560>550",IF(D62="POST vers caisse","560>570",IF(D62="Remb POST vers crédit","560>173",IF(D62="CAISSE vers BQ","570>550",IF(D62="CAISSE vers post","570>560",IF(D62="Remb CAISSE vers Crédit","570>173",IF(D62="Transf CREDIT-Banq","173>550",IF(D62="Transf CREDIT-Post","173>560",IF(D62="Transf CREDIT-Caisse","173>570",IF(D62="crédit+1an","173", IF(D62="crédit-1an","430", IF(D62="transf CREDIT-Caisse","173>570", IF(D62="Emprunt Bq-1an","439", IF(D62="Emprunt Bq+1an","174", IF(D62="**",0))))))))))))))))))))) -> 439 | G62: crédit+1an | H62: =IF(G62="Banque","550",IF(G62="Bq post","560",IF(G62="caisse","570",IF(G62="BQ vers post","550>560",IF(G62="BQ vers caisse","550>570",IF(G62="Remb BQ vers Crédit","550>173",IF(G62="POST vers BQ","560>550",IF(G62="POST vers caisse","560>570",IF(G62="Remb POST vers crédit","560>173",IF(G62="CAISSE vers BQ","570>550",IF(G62="CAISSE vers post","570>560",IF(G62="Remb CAISSE vers Crédit","570>173",IF(G62="Transf CREDIT-Banq","173>550",IF(G62="Transf CREDIT-Post","173>560",IF(G62="Transf CREDIT-Caisse","173>570",IF(G62="crédit+1an","173",IF(G62="transf CREDIT-Caisse","173>570",IF(G62="**",0)))))))))))))))))) -> 173
D63: crédit-1an | E63: =IF(D63="Banque","550",IF(D63="Bq post","560",IF(D63="caisse","570",IF(D63="BQ vers post","550>560",IF(D63="BQ vers caisse","550>570",IF(D63="Remb BQ vers Crédit","550>173",IF(D63="POST vers BQ","560>550",IF(D63="POST vers caisse","560>570",IF(D63="Remb POST vers crédit","560>173",IF(D63="CAISSE vers BQ","570>550",IF(D63="CAISSE vers post","570>560",IF(D63="Remb CAISSE vers Crédit","570>173",IF(D63="Transf CREDIT-Banq","173>550",IF(D63="Transf CREDIT-Post","173>560",IF(D63="Transf CREDIT-Caisse","173>570",IF(D63="crédit+1an","173", IF(D63="crédit-1an","430", IF(D63="transf CREDIT-Caisse","173>570", IF(D63="Emprunt Bq-1an","439", IF(D63="Emprunt Bq+1an","174", IF(D63="**",0))))))))))))))))))))) -> 430 | G63: crédit+1an | H63: =IF(G63="Banque","550",IF(G63="Bq post","560",IF(G63="caisse","570",IF(G63="BQ vers post","550>560",IF(G63="BQ vers caisse","550>570",IF(G63="Remb BQ vers Crédit","550>173",IF(G63="POST vers BQ","560>550",IF(G63="POST vers caisse","560>570",IF(G63="Remb POST vers crédit","560>173",IF(G63="CAISSE vers BQ","570>550",IF(G63="CAISSE vers post","570>560",IF(G63="Remb CAISSE vers Crédit","570>173",IF(G63="Transf CREDIT-Banq","173>550",IF(G63="Transf CREDIT-Post","173>560",IF(G63="Transf CREDIT-Caisse","173>570",IF(G63="crédit+1an","173",IF(G63="transf CREDIT-Caisse","173>570",IF(G63="**",0)))))))))))))))))) -> 173
D64: crédit-1an | E64: =IF(D64="Banque","550",IF(D64="Bq post","560",IF(D64="caisse","570",IF(D64="BQ vers post","550>560",IF(D64="BQ vers caisse","550>570",IF(D64="Remb BQ vers Crédit","550>173",IF(D64="POST vers BQ","560>550",IF(D64="POST vers caisse","560>570",IF(D64="Remb POST vers crédit","560>173",IF(D64="CAISSE vers BQ","570>550",IF(D64="CAISSE vers post","570>560",IF(D64="Remb CAISSE vers Crédit","570>173",IF(D64="Transf CREDIT-Banq","173>550",IF(D64="Transf CREDIT-Post","173>560",IF(D64="Transf CREDIT-Caisse","173>570",IF(D64="crédit+1an","173", IF(D64="crédit-1an","430", IF(D64="transf CREDIT-Caisse","173>570", IF(D64="Emprunt Bq-1an","439", IF(D64="Emprunt Bq+1an","174", IF(D64="**",0))))))))))))))))))))) -> 430 | G64: crédit+1an | H64: =IF(G64="Banque","550",IF(G64="Bq post","560",IF(G64="caisse","570",IF(G64="BQ vers post","550>560",IF(G64="BQ vers caisse","550>570",IF(G64="Remb BQ vers Crédit","550>173",IF(G64="POST vers BQ","560>550",IF(G64="POST vers caisse","560>570",IF(G64="Remb POST vers crédit","560>173",IF(G64="CAISSE vers BQ","570>550",IF(G64="CAISSE vers post","570>560",IF(G64="Remb CAISSE vers Crédit","570>173",IF(G64="Transf CREDIT-Banq","173>550",IF(G64="Transf CREDIT-Post","173>560",IF(G64="Transf CREDIT-Caisse","173>570",IF(G64="crédit+1an","173",IF(G64="transf CREDIT-Caisse","173>570",IF(G64="**",0)))))))))))))))))) -> 173
D65: crédit-1an | E65: =IF(D65="Banque","550",IF(D65="Bq post","560",IF(D65="caisse","570",IF(D65="BQ vers post","550>560",IF(D65="BQ vers caisse","550>570",IF(D65="Remb BQ vers Crédit","550>173",IF(D65="POST vers BQ","560>550",IF(D65="POST vers caisse","560>570",IF(D65="Remb POST vers crédit","560>173",IF(D65="CAISSE vers BQ","570>550",IF(D65="CAISSE vers post","570>560",IF(D65="Remb CAISSE vers Crédit","570>173",IF(D65="Transf CREDIT-Banq","173>550",IF(D65="Transf CREDIT-Post","173>560",IF(D65="Transf CREDIT-Caisse","173>570",IF(D65="crédit+1an","173", IF(D65="crédit-1an","430", IF(D65="transf CREDIT-Caisse","173>570", IF(D65="Emprunt Bq-1an","439", IF(D65="Emprunt Bq+1an","174", IF(D65="**",0))))))))))))))))))))) -> 430 | G65: crédit+1an | H65: =IF(G65="Banque","550",IF(G65="Bq post","560",IF(G65="caisse","570",IF(G65="BQ vers post","550>560",IF(G65="BQ vers caisse","550>570",IF(G65="Remb BQ vers Crédit","550>173",IF(G65="POST vers BQ","560>550",IF(G65="POST vers caisse","560>570",IF(G65="Remb POST vers crédit","560>173",IF(G65="CAISSE vers BQ","570>550",IF(G65="CAISSE vers post","570>560",IF(G65="Remb CAISSE vers Crédit","570>173",IF(G65="Transf CREDIT-Banq","173>550",IF(G65="Transf CREDIT-Post","173>560",IF(G65="Transf CREDIT-Caisse","173>570",IF(G65="crédit+1an","173",IF(G65="transf CREDIT-Caisse","173>570",IF(G65="**",0)))))))))))))))))) -> 173
B66: TOTAL | G66: crédit+1an | H66: =IF(G66="Banque","550",IF(G66="Bq post","560",IF(G66="caisse","570",IF(G66="BQ vers post","550>560",IF(G66="BQ vers caisse","550>570",IF(G66="Remb BQ vers Crédit","550>173",IF(G66="POST vers BQ","560>550",IF(G66="POST vers caisse","560>570",IF(G66="Remb POST vers crédit","560>173",IF(G66="CAISSE vers BQ","570>550",IF(G66="CAISSE vers post","570>560",IF(G66="Remb CAISSE vers Crédit","570>173",IF(G66="Transf CREDIT-Banq","173>550",IF(G66="Transf CREDIT-Post","173>560",IF(G66="Transf CREDIT-Caisse","173>570",IF(G66="crédit+1an","173",IF(G66="transf CREDIT-Caisse","173>570",IF(G66="**",0)))))))))))))))))) -> 173

Sheet CLIENTS(400-290)
E2: Client-1an
C3: Banque | D3: Client-1an | H3: Bq post | I3: Client-1an | M3: Caisse | N3: Client-1an | V3: Fournisseurs -1an
B4: Fact. Envoyées | D4: Fact. Reçues | H4: Fact. Envoyées | I4: Fact. Reçues | M4: Fact. Envoyées | N4: Fact. Reçues | T4: fact. Payées | V4: fact. Reçues | Y4: fact. Payées | AA4: fact. Reçues | AD4: fact. Payées | AF4: fact. Reçues
B5: au client-1an | D5: du client-1an | H5: au client | I5: du client-1an | M5: au client | N5: du client-1an | T5: au fourn. | V5: du fourn.(-1an) | Y5: au fourn. | AA5: du fourn.(-1an) | AD5: au fourn. | AF5: du fourn.(-1an)
C6: client(-1an) avec la Banque | H6: client(-1an) avec la Bq post | M6: client(-1an) avec la Caisse | T6: par la banque | V6: sur la banque | Y6: par le O.C.P. | AA6: sur à l'O.C.P. | AD6: par la Caisse | AF6: sur laCaisse
C7: TVAC | D7: client 400/550 | H7: TVAC | I7: client 400/560 | M7: TVAC | N7: client 400/570 | T7: Jour-finan-Fourn | V7: jour achats (fourn)
C8: 400 | D8: 400/550 | H8: 400 | I8: 400/560 | M8: 400 | N8: 400/570 | U8: TVAC | V8: fact fourn | Y8: Bq post Fourn. | Z8: fact fourn | AD8: Caisse Fourn. | AE8: fact fourn
B9: D+ | C9: client(-1an) | D9: Banque | E9: C- | G9: D+ | H9: client(-1an) | I9: O.C.P.client-1an | J9: C- | L9: D+ | M9: client(-1an) | N9: Caisse | O9: C- | U9: 440/500 | V9: 440 | Z9: 440/560 | AA9: 440 | AE9: 440/570 | AF9: 440
B10: vi | C10: =IF(ISNA(VLOOKUP($C$9,'VAL-INIT'!$D$4:$F$90,3,FALSE)),,VLOOKUP($C$9,'VAL-INIT'!$D$4:$F$90,3,FALSE)) -> 6250 | D10: xxxxxxxxxxx | G10: vi | H10: xxxxxxxxxxxxx | I10: xxxxxxxxxxx | L10: vi | M10: xxxxxxxxxxxxx | N10: xxxxxxxxxxx | T10: D- | U10: 440 | V10: Fournisseurs(-1an) | W10: C+ | Y10: D- | Z10: 440 | AA10: Fournisseurs(-1an) | AB10: C+ | AD10: D- | AE10: 440 | AF10: Fournisseurs(-1an) | AG10: C+
B11: 13 | C11: =IF(AND( 'Val-Dép'!H13="Bq Client-1an", 'Val-Dép'!I13<>"note de crédit"),VLOOKUP('Val-Dép'!H13,'Val-Dép'!H13:Y13,18,FALSE ),"0") -> 0 | D11: =IF(AND( 'Val-Dép'!AE13="400/550", 'Val-Dép'!I13<>"note de crédit"),VLOOKUP('Val-Dép'!AE13,'Val-Dép'!AE13:AF13,2,FALSE ),"0") -> 0 | H11: =IF(AND( 'Val-Dép'!H13="Bq post client-1an", 'Val-Dép'!I13<>"note de crédit"),VLOOKUP('Val-Dép'!I13,'Val-Dép'!I13:Z13,14,FALSE ),"0") -> 0 | I11: =IF(AND( 'Val-Dép'!AE13="400/560", 'Val-Dép'!I13<>"note de crédit"),VLOOKUP('Val-Dép'!AE13,'Val-Dép'!AE13:AF13,2,FALSE ),"0") -> 0 | M11: =IF(AND( 'Val-Dép'!H13="Caisse client-1an", 'Val-Dép'!I13<>"note de crédit"),VLOOKUP('Val-Dép'!S13,'Val-Dép'!S13:AJ13,14,FALSE ),"0") -> 0 | N11: =IF(AND( 'Val-Dép'!AE13="400/570", 'Val-Dép'!I13<>"note de crédit"),VLOOKUP('Val-Dép'!AE13,'Val-Dép'!AE13:AF13,2,FALSE ),"0") -> 0 | U11: xxxxxxxxxxxxxx | V11: =IF(ISNA(VLOOKUP($V$10,'VAL-INIT'!$J$4:$L$63,3,FALSE)),,VLOOKUP($V$10,'VAL-INIT'!$J$4:$L$63,3,FALSE)) -> 5750 | W11: VI | Z11: xxxxxxxxxxxxxxxx | AA11: xxxxxxxxxxxxxxx | AE11: xxxxxxxxxxxxxxxx | AF11: xxxxxxxxxxxxxxx
B12: 14 | C12: =IF(AND( 'Val-Dép'!H14="Bq Client-1an", 'Val-Dép'!I14<>"note de crédit"),VLOOKUP('Val-Dép'!H14,'Val-Dép'!H14:Y14,18,FALSE ),"0") -> 0 | D12: =IF(AND( 'Val-Dép'!AE14="400/550", 'Val-Dép'!I14<>"note de crédit"),VLOOKUP('Val-Dép'!AE14,'Val-Dép'!AE14:AF14,2,FALSE ),"0") -> 0 | H12: =IF(AND( 'Val-Dép'!H14="Bq post client-1an", 'Val-Dép'!I14<>"note de crédit"),VLOOKUP('Val-Dép'!I14,'Val-Dép'!I14:Z14,14,FALSE ),"0") -> 0 | I12: =IF(AND( 'Val-Dép'!AE14="400/560", 'Val-Dép'!I14<>"note de crédit"),VLOOKUP('Val-Dép'!AE14,'Val-Dép'!AE14:AF14,2,FALSE ),"0") -> 0 | M12: =IF(AND( 'Val-Dép'!H14="Caisse client-1an", 'Val-Dép'!I14<>"note de crédit"),VLOOKUP('Val-Dép'!S14,'Val-Dép'!S14:AJ14,14,FALSE ),"0") -> 0 | N12: =IF(AND( 'Val-Dép'!AE14="400/570", 'Val-Dép'!I14<>"note de crédit"),VLOOKUP('Val-Dép'!AE14,'Val-Dép'!AE14:AF14,2,FALSE ),"0") -> 0 | T12: 1 | U12: =IF(AND( 'Val-Dép'!AL35="440/550", 'Val-Dép'!I35<>"note de crédit"),VLOOKUP('Val-Dép'!AL35,'Val-Dép'!AL35:AM35,2,FALSE ),"0") -> 0 | V12: =IF(AND( 'Val-Dép'!H35="Bq fournis-1an", 'Val-Dép'!I35<>"note de crédit"),VLOOKUP('Val-Dép'!H35,'Val-Dép'!H35:AM35,21,FALSE ),"0") -> 750 | Z12: =IF(AND( 'Val-Dép'!AL35="440/560", 'Val-Dép'!I35<>"note de crédit"),VLOOKUP('Val-Dép'!AL35,'Val-Dép'!AL35:AM35,2,FALSE ),"0") -> 0 | AA12: =IF(AND( 'Val-Dép'!H35="Bq post fournis-1an", 'Val-Dép'!I35<>"note de crédit"),VLOOKUP('Val-Dép'!H35,'Val-Dép'!H35:AM35,21,FALSE ),"0") -> 0 | AE12: =IF(AND( 'Val-Dép'!AL35="440/570", 'Val-Dép'!I35<>"note de crédit"),VLOOKUP('Val-Dép'!AL35,'Val-Dép'!AL35:AM35,2,FALSE ),"0") -> 0 | AF12: =IF(AND( 'Val-Dép'!H35="Caisse fournis-1an", 'Val-Dép'!I35<>"note de crédit"),VLOOKUP('Val-Dép'!H35,'Val-Dép'!H35:AM35,21,FALSE ),"0") -> 0
B13: 15 | C13: =IF(AND( 'Val-Dép'!H15="Bq Client-1an", 'Val-Dép'!I15<>"note de crédit"),VLOOKUP('Val-Dép'!H15,'Val-Dép'!H15:Y15,18,FALSE ),"0") -> 0 | D13: =IF(AND( 'Val-Dép'!AE15="400/550", 'Val-Dép'!I15<>"note de crédit"),VLOOKUP('Val-Dép'!AE15,'Val-Dép'!AE15:AF15,2,FALSE ),"0") -> 0 | H13: =IF(AND( 'Val-Dép'!H15="Bq post client-1an", 'Val-Dép'!I15<>"note de crédit"),VLOOKUP('Val-Dép'!I15,'Val-Dép'!I15:Z15,14,FALSE ),"0") -> 0 | I13: =IF(AND( 'Val-Dép'!AE15="400/560", 'Val-Dép'!I15<>"note de crédit"),VLOOKUP('Val-Dép'!AE15,'Val-Dép'!AE15:AF15,2,FALSE ),"0") -> 0 | M13: =IF(AND( 'Val-Dép'!H15="Caisse client-1an", 'Val-Dép'!I15<>"note de crédit"),VLOOKUP('Val-Dép'!S15,'Val-Dép'!S15:AJ15,14,FALSE ),"0") -> 0 | N13: =IF(AND( 'Val-Dép'!AE15="400/570", 'Val-Dép'!I15<>"note de crédit"),VLOOKUP('Val-Dép'!AE15,'Val-Dép'!AE15:AF15,2,FALSE ),"0") -> 0 | U13: =IF(AND( 'Val-Dép'!AL36="440/550", 'Val-Dép'!I36<>"note de crédit"),VLOOKUP('Val-Dép'!AL36,'Val-Dép'!AL36:AM36,2,FALSE ),"0") -> 0 | V13: =IF(AND( 'Val-Dép'!H36="Bq fournis-1an", 'Val-Dép'!I36<>"note de crédit"),VLOOKUP('Val-Dép'!H36,'Val-Dép'!H36:AM36,21,FALSE ),"0") -> 5000 | Z13: =IF(AND( 'Val-Dép'!AL36="440/560", 'Val-Dép'!I36<>"note de crédit"),VLOOKUP('Val-Dép'!AL36,'Val-Dép'!AL36:AM36,2,FALSE ),"0") -> 0 | AA13: =IF(AND( 'Val-Dép'!H36="Bq post fournis-1an", 'Val-Dép'!I36<>"note de crédit"),VLOOKUP('Val-Dép'!H36,'Val-Dép'!H36:AM36,21,FALSE ),"0") -> 0 | AE13: =IF(AND( 'Val-Dép'!AL36="440/570", 'Val-Dép'!I36<>"note de crédit"),VLOOKUP('Val-Dép'!AL36,'Val-Dép'!AL36:AM36,2,FALSE ),"0") -> 0 | AF13: =IF(AND( 'Val-Dép'!H36="Caisse fournis-1an", 'Val-Dép'!I36<>"note de crédit"),VLOOKUP('Val-Dép'!H36,'Val-Dép'!H36:AM36,21,FALSE ),"0") -> 0
B14: 16 | C14: =IF(AND( 'Val-Dép'!H16="Bq Client-1an", 'Val-Dép'!I16<>"note de crédit"),VLOOKUP('Val-Dép'!H16,'Val-Dép'!H16:Y16,18,FALSE ),"0") -> 0 | D14: =IF(AND( 'Val-Dép'!AE16="400/550", 'Val-Dép'!I16<>"note de crédit"),VLOOKUP('Val-Dép'!AE16,'Val-Dép'!AE16:AF16,2,FALSE ),"0") -> 0 | H14: =IF(AND( 'Val-Dép'!H16="Bq post client-1an", 'Val-Dép'!I16<>"note de crédit"),VLOOKUP('Val-Dép'!I16,'Val-Dép'!I16:Z16,14,FALSE ),"0") -> 0 | I14: =IF(AND( 'Val-Dép'!AE16="400/560", 'Val-Dép'!I16<>"note de crédit"),VLOOKUP('Val-Dép'!AE16,'Val-Dép'!AE16:AF16,2,FALSE ),"0") -> 0 | M14: =IF(AND( 'Val-Dép'!H16="Caisse client-1an", 'Val-Dép'!I16<>"note de crédit"),VLOOKUP('Val-Dép'!S16,'Val-Dép'!S16:AJ16,14,FALSE ),"0") -> 0 | N14: =IF(AND( 'Val-Dép'!AE16="400/570", 'Val-Dép'!I16<>"note de crédit"),VLOOKUP('Val-Dép'!AE16,'Val-Dép'!AE16:AF16,2,FALSE ),"0") -> 0 | T14: 4 | U14: =IF(AND( 'Val-Dép'!AL37="440/550", 'Val-Dép'!I37<>"note de crédit"),VLOOKUP('Val-Dép'!AL37,'Val-Dép'!AL37:AM37,2,FALSE ),"0") -> 0 | V14: =IF(AND( 'Val-Dép'!H37="Bq fournis-1an", 'Val-Dép'!I37<>"note de crédit"),VLOOKUP('Val-Dép'!H37,'Val-Dép'!H37:AM37,21,FALSE ),"0") -> 0 | Z14: =IF(AND( 'Val-Dép'!AL37="440/560", 'Val-Dép'!I37<>"note de crédit"),VLOOKUP('Val-Dép'!AL37,'Val-Dép'!AL37:AM37,2,FALSE ),"0") -> 0 | AA14: =IF(AND( 'Val-Dép'!H37="Bq post fournis-1an", 'Val-Dép'!I37<>"note de crédit"),VLOOKUP('Val-Dép'!H37,'Val-Dép'!H37:AM37,21,FALSE ),"0") -> 0 | AE14: =IF(AND( 'Val-Dép'!AL37="440/570", 'Val-Dép'!I37<>"note de crédit"),VLOOKUP('Val-Dép'!AL37,'Val-Dép'!AL37:AM37,2,FALSE ),"0") -> 0 | AF14: =IF(AND( 'Val-Dép'!H37="Caisse fournis-1an", 'Val-Dép'!I37<>"note de crédit"),VLOOKUP('Val-Dép'!H37,'Val-Dép'!H37:AM37,21,FALSE ),"0") -> 0
B15: 17 | C15: =IF(AND( 'Val-Dép'!H17="Bq Client-1an", 'Val-Dép'!I17<>"note de crédit"),VLOOKUP('Val-Dép'!H17,'Val-Dép'!H17:Y17,18,FALSE ),"0") -> 0 | D15: =IF(AND( 'Val-Dép'!AE17="400/550", 'Val-Dép'!I17<>"note de crédit"),VLOOKUP('Val-Dép'!AE17,'Val-Dép'!AE17:AF17,2,FALSE ),"0") -> 0 | H15: =IF(AND( 'Val-Dép'!H17="Bq post client-1an", 'Val-Dép'!I17<>"note de crédit"),VLOOKUP('Val-Dép'!I17,'Val-Dép'!I17:Z17,14,FALSE ),"0") -> 0 | I15: =IF(AND( 'Val-Dép'!AE17="400/560", 'Val-Dép'!I17<>"note de crédit"),VLOOKUP('Val-Dép'!AE17,'Val-Dép'!AE17:AF17,2,FALSE ),"0") -> 0 | M15: =IF(AND( 'Val-Dép'!H17="Caisse client-1an", 'Val-Dép'!I17<>"note de crédit"),VLOOKUP('Val-Dép'!S17,'Val-Dép'!S17:AJ17,14,FALSE ),"0") -> 0 | N15: =IF(AND( 'Val-Dép'!AE17="400/570", 'Val-Dép'!I17<>"note de crédit"),VLOOKUP('Val-Dép'!AE17,'Val-Dép'!AE17:AF17,2,FALSE ),"0") -> 0 | U15: =IF(AND( 'Val-Dép'!AL38="440/550", 'Val-Dép'!I38<>"note de crédit"),VLOOKUP('Val-Dép'!AL38,'Val-Dép'!AL38:AM38,2,FALSE ),"0") -> 0 | V15: =IF(AND( 'Val-Dép'!H38="Bq fournis-1an", 'Val-Dép'!I38<>"note de crédit"),VLOOKUP('Val-Dép'!H38,'Val-Dép'!H38:AM38,21,FALSE ),"0") -> 0 | Z15: =IF(AND( 'Val-Dép'!AL38="440/560", 'Val-Dép'!I38<>"note de crédit"),VLOOKUP('Val-Dép'!AL38,'Val-Dép'!AL38:AM38,2,FALSE ),"0") -> 0 | AA15: =IF(AND( 'Val-Dép'!H38="Bq post fournis-1an", 'Val-Dép'!I38<>"note de crédit"),VLOOKUP('Val-Dép'!H38,'Val-Dép'!H38:AM38,21,FALSE ),"0") -> 0 | AE15: =IF(AND( 'Val-Dép'!AL38="440/570", 'Val-Dép'!I38<>"note de crédit"),VLOOKUP('Val-Dép'!AL38,'Val-Dép'!AL38:AM38,2,FALSE ),"0") -> 0 | AF15: =IF(AND( 'Val-Dép'!H38="Caisse fournis-1an", 'Val-Dép'!I38<>"note de crédit"),VLOOKUP('Val-Dép'!H38,'Val-Dép'!H38:AM38,21,FALSE ),"0") -> 0 | AG15: 6
B16: 18 | C16: =IF(AND( 'Val-Dép'!H18="Bq Client-1an", 'Val-Dép'!I18<>"note de crédit"),VLOOKUP('Val-Dép'!H18,'Val-Dép'!H18:Y18,18,FALSE ),"0") -> 0 | D16: =IF(AND( 'Val-Dép'!AE18="400/550", 'Val-Dép'!I18<>"note de crédit"),VLOOKUP('Val-Dép'!AE18,'Val-Dép'!AE18:AF18,2,FALSE ),"0") -> 0 | H16: =IF(AND( 'Val-Dép'!H18="Bq post client-1an", 'Val-Dép'!I18<>"note de crédit"),VLOOKUP('Val-Dép'!I18,'Val-Dép'!I18:Z18,14,FALSE ),"0") -> 0 | I16: =IF(AND( 'Val-Dép'!AE18="400/560", 'Val-Dép'!I18<>"note de crédit"),VLOOKUP('Val-Dép'!AE18,'Val-Dép'!AE18:AF18,2,FALSE ),"0") -> 0 | M16: =IF(AND( 'Val-Dép'!H18="Caisse client-1an", 'Val-Dép'!I18<>"note de crédit"),VLOOKUP('Val-Dép'!S18,'Val-Dép'!S18:AJ18,14,FALSE ),"0") -> 0 | N16: =IF(AND( 'Val-Dép'!AE18="400/570", 'Val-Dép'!I18<>"note de crédit"),VLOOKUP('Val-Dép'!AE18,'Val-Dép'!AE18:AF18,2,FALSE ),"0") -> 0 | U16: =IF(AND( 'Val-Dép'!AL39="440/550", 'Val-Dép'!I39<>"note de crédit"),VLOOKUP('Val-Dép'!AL39,'Val-Dép'!AL39:AM39,2,FALSE ),"0") -> 0 | V16: =IF(AND( 'Val-Dép'!H39="Bq fournis-1an", 'Val-Dép'!I39<>"note de crédit"),VLOOKUP('Val-Dép'!H39,'Val-Dép'!H39:AM39,21,FALSE ),"0") -> 0 | Z16: =IF(AND( 'Val-Dép'!AL39="440/560", 'Val-Dép'!I39<>"note de crédit"),VLOOKUP('Val-Dép'!AL39,'Val-Dép'!AL39:AM39,2,FALSE ),"0") -> 0 | AA16: =IF(AND( 'Val-Dép'!H39="Bq post fournis-1an", 'Val-Dép'!I39<>"note de crédit"),VLOOKUP('Val-Dép'!H39,'Val-Dép'!H39:AM39,21,FALSE ),"0") -> 0 | AE16: =IF(AND( 'Val-Dép'!AL39="440/570", 'Val-Dép'!I39<>"note de crédit"),VLOOKUP('Val-Dép'!AL39,'Val-Dép'!AL39:AM39,2,FALSE ),"0") -> 0 | AF16: =IF(AND( 'Val-Dép'!H39="Caisse fournis-1an", 'Val-Dép'!I39<>"note de crédit"),VLOOKUP('Val-Dép'!H39,'Val-Dép'!H39:AM39,21,FALSE ),"0") -> 0
B17: 19 | C17: =IF(AND( 'Val-Dép'!H19="Bq Client-1an", 'Val-Dép'!I19<>"note de crédit"),VLOOKUP('Val-Dép'!H19,'Val-Dép'!H19:Y19,18,FALSE ),"0") -> 0 | D17: =IF(AND( 'Val-Dép'!AE19="400/550", 'Val-Dép'!I19<>"note de crédit"),VLOOKUP('Val-Dép'!AE19,'Val-Dép'!AE19:AF19,2,FALSE ),"0") -> 0 | H17: =IF(AND( 'Val-Dép'!H19="Bq post client-1an", 'Val-Dép'!I19<>"note de crédit"),VLOOKUP('Val-Dép'!I19,'Val-Dép'!I19:Z19,14,FALSE ),"0") -> 0 | I17: =IF(AND( 'Val-Dép'!AE19="400/560", 'Val-Dép'!I19<>"note de crédit"),VLOOKUP('Val-Dép'!AE19,'Val-Dép'!AE19:AF19,2,FALSE ),"0") -> 0 | M17: =IF(AND( 'Val-Dép'!H19="Caisse client-1an", 'Val-Dép'!I19<>"note de crédit"),VLOOKUP('Val-Dép'!S19,'Val-Dép'!S19:AJ19,14,FALSE ),"0") -> 0 | N17: =IF(AND( 'Val-Dép'!AE19="400/570", 'Val-Dép'!I19<>"note de crédit"),VLOOKUP('Val-Dép'!AE19,'Val-Dép'!AE19:AF19,2,FALSE ),"0") -> 0 | U17: =IF(AND( 'Val-Dép'!AL40="440/550", 'Val-Dép'!I40<>"note de crédit"),VLOOKUP('Val-Dép'!AL40,'Val-Dép'!AL40:AM40,2,FALSE ),"0") -> 0 | V17: =IF(AND( 'Val-Dép'!H40="Bq fournis-1an", 'Val-Dép'!I40<>"note de crédit"),VLOOKUP('Val-Dép'!H40,'Val-Dép'!H40:AM40,21,FALSE ),"0") -> 0 | Z17: =IF(AND( 'Val-Dép'!AL40="440/560", 'Val-Dép'!I40<>"note de crédit"),VLOOKUP('Val-Dép'!AL40,'Val-Dép'!AL40:AM40,2,FALSE ),"0") -> 0 | AA17: =IF(AND( 'Val-Dép'!H40="Bq post fournis-1an", 'Val-Dép'!I40<>"note de crédit"),VLOOKUP('Val-Dép'!H40,'Val-Dép'!H40:AM40,21,FALSE ),"0") -> 0 | AE17: =IF(AND( 'Val-Dép'!AL40="440/570", 'Val-Dép'!I40<>"note de crédit"),VLOOKUP('Val-Dép'!AL40,'Val-Dép'!AL40:AM40,2,FALSE ),"0") -> 0 | AF17: =IF(AND( 'Val-Dép'!H40="Caisse fournis-1an", 'Val-Dép'!I40<>"note de crédit"),VLOOKUP('Val-Dép'!H40,'Val-Dép'!H40:AM40,21,FALSE ),"0") -> 0
B18: 20 | C18: =IF(AND( 'Val-Dép'!H20="Bq Client-1an", 'Val-Dép'!I20<>"note de crédit"),VLOOKUP('Val-Dép'!H20,'Val-Dép'!H20:Y20,18,FALSE ),"0") -> 0 | D18: =IF(AND( 'Val-Dép'!AE20="400/550", 'Val-Dép'!I20<>"note de crédit"),VLOOKUP('Val-Dép'!AE20,'Val-Dép'!AE20:AF20,2,FALSE ),"0") -> 0 | H18: =IF(AND( 'Val-Dép'!H20="Bq post client-1an", 'Val-Dép'!I20<>"note de crédit"),VLOOKUP('Val-Dép'!I20,'Val-Dép'!I20:Z20,14,FALSE ),"0") -> 0 | I18: =IF(AND( 'Val-Dép'!AE20="400/560", 'Val-Dép'!I20<>"note de crédit"),VLOOKUP('Val-Dép'!AE20,'Val-Dép'!AE20:AF20,2,FALSE ),"0") -> 0 | M18: =IF(AND( 'Val-Dép'!H20="Caisse client-1an", 'Val-Dép'!I20<>"note de crédit"),VLOOKUP('Val-Dép'!S20,'Val-Dép'!S20:AJ20,14,FALSE ),"0") -> 0 | N18: =IF(AND( 'Val-Dép'!AE20="400/570", 'Val-Dép'!I20<>"note de crédit"),VLOOKUP('Val-Dép'!AE20,'Val-Dép'!AE20:AF20,2,FALSE ),"0") -> 0 | U18: =IF(AND( 'Val-Dép'!AL41="440/550", 'Val-Dép'!I41<>"note de crédit"),VLOOKUP('Val-Dép'!AL41,'Val-Dép'!AL41:AM41,2,FALSE ),"0") -> 0 | V18: =IF(AND( 'Val-Dép'!H41="Bq fournis-1an", 'Val-Dép'!I41<>"note de crédit"),VLOOKUP('Val-Dép'!H41,'Val-Dép'!H41:AM41,21,FALSE ),"0") -> 0 | Z18: =IF(AND( 'Val-Dép'!AL41="440/560", 'Val-Dép'!I41<>"note de crédit"),VLOOKUP('Val-Dép'!AL41,'Val-Dép'!AL41:AM41,2,FALSE ),"0") -> 0 | AA18: =IF(AND( 'Val-Dép'!H41="Bq post fournis-1an", 'Val-Dép'!I41<>"note de crédit"),VLOOKUP('Val-Dép'!H41,'Val-Dép'!H41:AM41,21,FALSE ),"0") -> 0 | AE18: =IF(AND( 'Val-Dép'!AL41="440/570", 'Val-Dép'!I41<>"note de crédit"),VLOOKUP('Val-Dép'!AL41,'Val-Dép'!AL41:AM41,2,FALSE ),"0") -> 0 | AF18: =IF(AND( 'Val-Dép'!H41="Caisse fournis-1an", 'Val-Dép'!I41<>"note de crédit"),VLOOKUP('Val-Dép'!H41,'Val-Dép'!H41:AM41,21,FALSE ),"0") -> 0
B19: 21 | C19: =IF(AND( 'Val-Dép'!H21="Bq Client-1an", 'Val-Dép'!I21<>"note de crédit"),VLOOKUP('Val-Dép'!H21,'Val-Dép'!H21:Y21,18,FALSE ),"0") -> 0 | D19: =IF(AND( 'Val-Dép'!AE21="400/550", 'Val-Dép'!I21<>"note de crédit"),VLOOKUP('Val-Dép'!AE21,'Val-Dép'!AE21:AF21,2,FALSE ),"0") -> 0 | H19: =IF(AND( 'Val-Dép'!H21="Bq post client-1an", 'Val-Dép'!I21<>"note de crédit"),VLOOKUP('Val-Dép'!I21,'Val-Dép'!I21:Z21,14,FALSE ),"0") -> 0 | I19: =IF(AND( 'Val-Dép'!AE21="400/560", 'Val-Dép'!I21<>"note de crédit"),VLOOKUP('Val-Dép'!AE21,'Val-Dép'!AE21:AF21,2,FALSE ),"0") -> 0 | M19: =IF(AND( 'Val-Dép'!H21="Caisse client-1an", 'Val-Dép'!I21<>"note de crédit"),VLOOKUP('Val-Dép'!S21,'Val-Dép'!S21:AJ21,14,FALSE ),"0") -> 0 | N19: =IF(AND( 'Val-Dép'!AE21="400/570", 'Val-Dép'!I21<>"note de crédit"),VLOOKUP('Val-Dép'!AE21,'Val-Dép'!AE21:AF21,2,FALSE ),"0") -> 0 | U19: =IF(AND( 'Val-Dép'!AL42="440/550", 'Val-Dép'!I42<>"note de crédit"),VLOOKUP('Val-Dép'!AL42,'Val-Dép'!AL42:AM42,2,FALSE ),"0") -> 0 | V19: =IF(AND( 'Val-Dép'!H42="Bq fournis-1an", 'Val-Dép'!I42<>"note de crédit"),VLOOKUP('Val-Dép'!H42,'Val-Dép'!H42:AM42,21,FALSE ),"0") -> 0 | Z19: =IF(AND( 'Val-Dép'!AL42="440/560", 'Val-Dép'!I42<>"note de crédit"),VLOOKUP('Val-Dép'!AL42,'Val-Dép'!AL42:AM42,2,FALSE ),"0") -> 0 | AA19: =IF(AND( 'Val-Dép'!H42="Bq post fournis-1an", 'Val-Dép'!I42<>"note de crédit"),VLOOKUP('Val-Dép'!H42,'Val-Dép'!H42:AM42,21,FALSE ),"0") -> 0 | AE19: =IF(AND( 'Val-Dép'!AL42="440/570", 'Val-Dép'!I42<>"note de crédit"),VLOOKUP('Val-Dép'!AL42,'Val-Dép'!AL42:AM42,2,FALSE ),"0") -> 0 | AF19: =IF(AND( 'Val-Dép'!H42="Caisse fournis-1an", 'Val-Dép'!I42<>"note de crédit"),VLOOKUP('Val-Dép'!H42,'Val-Dép'!H42:AM42,21,FALSE ),"0") -> 0
B20: 22 | C20: =IF(AND( 'Val-Dép'!H22="Bq Client-1an", 'Val-Dép'!I22<>"note de crédit"),VLOOKUP('Val-Dép'!H22,'Val-Dép'!H22:Y22,18,FALSE ),"0") -> 0 | D20: =IF(AND( 'Val-Dép'!AE22="400/550", 'Val-Dép'!I22<>"note de crédit"),VLOOKUP('Val-Dép'!AE22,'Val-Dép'!AE22:AF22,2,FALSE ),"0") -> 0 | H20: =IF(AND( 'Val-Dép'!H22="Bq post client-1an", 'Val-Dép'!I22<>"note de crédit"),VLOOKUP('Val-Dép'!I22,'Val-Dép'!I22:Z22,14,FALSE ),"0") -> 0 | I20: =IF(AND( 'Val-Dép'!AE22="400/560", 'Val-Dép'!I22<>"note de crédit"),VLOOKUP('Val-Dép'!AE22,'Val-Dép'!AE22:AF22,2,FALSE ),"0") -> 0 | M20: =IF(AND( 'Val-Dép'!H22="Caisse client-1an", 'Val-Dép'!I22<>"note de crédit"),VLOOKUP('Val-Dép'!S22,'Val-Dép'!S22:AJ22,14,FALSE ),"0") -> 0 | N20: =IF(AND( 'Val-Dép'!AE22="400/570", 'Val-Dép'!I22<>"note de crédit"),VLOOKUP('Val-Dép'!AE22,'Val-Dép'!AE22:AF22,2,FALSE ),"0") -> 0 | U20: =IF(AND( 'Val-Dép'!AL43="440/550", 'Val-Dép'!I43<>"note de crédit"),VLOOKUP('Val-Dép'!AL43,'Val-Dép'!AL43:AM43,2,FALSE ),"0") -> 0 | V20: =IF(AND( 'Val-Dép'!H43="Bq fournis-1an", 'Val-Dép'!I43<>"note de crédit"),VLOOKUP('Val-Dép'!H43,'Val-Dép'!H43:AM43,21,FALSE ),"0") -> 0 | Z20: =IF(AND( 'Val-Dép'!AL43="440/560", 'Val-Dép'!I43<>"note de crédit"),VLOOKUP('Val-Dép'!AL43,'Val-Dép'!AL43:AM43,2,FALSE ),"0") -> 0 | AA20: =IF(AND( 'Val-Dép'!H43="Bq post fournis-1an", 'Val-Dép'!I43<>"note de crédit"),VLOOKUP('Val-Dép'!H43,'Val-Dép'!H43:AM43,21,FALSE ),"0") -> 0 | AE20: =IF(AND( 'Val-Dép'!AL43="440/570", 'Val-Dép'!I43<>"note de crédit"),VLOOKUP('Val-Dép'!AL43,'Val-Dép'!AL43:AM43,2,FALSE ),"0") -> 0 | AF20: =IF(AND( 'Val-Dép'!H43="Caisse fournis-1an", 'Val-Dép'!I43<>"note de crédit"),VLOOKUP('Val-Dép'!H43,'Val-Dép'!H43:AM43,21,FALSE ),"0") -> 0
B21: 23 | C21: =IF(AND( 'Val-Dép'!H23="Bq Client-1an", 'Val-Dép'!I23<>"note de crédit"),VLOOKUP('Val-Dép'!H23,'Val-Dép'!H23:Y23,18,FALSE ),"0") -> 0 | D21: =IF(AND( 'Val-Dép'!AE23="400/550", 'Val-Dép'!I23<>"note de crédit"),VLOOKUP('Val-Dép'!AE23,'Val-Dép'!AE23:AF23,2,FALSE ),"0") -> 0 | H21: =IF(AND( 'Val-Dép'!H23="Bq post client-1an", 'Val-Dép'!I23<>"note de crédit"),VLOOKUP('Val-Dép'!I23,'Val-Dép'!I23:Z23,14,FALSE ),"0") -> 0 | I21: =IF(AND( 'Val-Dép'!AE23="400/560", 'Val-Dép'!I23<>"note de crédit"),VLOOKUP('Val-Dép'!AE23,'Val-Dép'!AE23:AF23,2,FALSE ),"0") -> 0 | M21: =IF(AND( 'Val-Dép'!H23="Caisse client-1an", 'Val-Dép'!I23<>"note de crédit"),VLOOKUP('Val-Dép'!S23,'Val-Dép'!S23:AJ23,14,FALSE ),"0") -> 0 | N21: =IF(AND( 'Val-Dép'!AE23="400/570", 'Val-Dép'!I23<>"note de crédit"),VLOOKUP('Val-Dép'!AE23,'Val-Dép'!AE23:AF23,2,FALSE ),"0") -> 0 | U21: =IF(AND( 'Val-Dép'!AL44="440/550", 'Val-Dép'!I44<>"note de crédit"),VLOOKUP('Val-Dép'!AL44,'Val-Dép'!AL44:AM44,2,FALSE ),"0") -> 0 | V21: =IF(AND( 'Val-Dép'!H44="Bq fournis-1an", 'Val-Dép'!I44<>"note de crédit"),VLOOKUP('Val-Dép'!H44,'Val-Dép'!H44:AM44,21,FALSE ),"0") -> 0 | Z21: =IF(AND( 'Val-Dép'!AL44="440/560", 'Val-Dép'!I44<>"note de crédit"),VLOOKUP('Val-Dép'!AL44,'Val-Dép'!AL44:AM44,2,FALSE ),"0") -> 0 | AA21: =IF(AND( 'Val-Dép'!H44="Bq post fournis-1an", 'Val-Dép'!I44<>"note de crédit"),VLOOKUP('Val-Dép'!H44,'Val-Dép'!H44:AM44,21,FALSE ),"0") -> 0 | AE21: =IF(AND( 'Val-Dép'!AL44="440/570", 'Val-Dép'!I44<>"note de crédit"),VLOOKUP('Val-Dép'!AL44,'Val-Dép'!AL44:AM44,2,FALSE ),"0") -> 0 | AF21: =IF(AND( 'Val-Dép'!H44="Caisse fournis-1an", 'Val-Dép'!I44<>"note de crédit"),VLOOKUP('Val-Dép'!H44,'Val-Dép'!H44:AM44,21,FALSE ),"0") -> 0
B22: D+ | C22: =SUM(C10:C21) -> 6250 | D22: =SUM(D11:D21) -> 0 | E22: C- | G22: D+ | H22: =SUM(H11:H21) -> 0 | I22: =SUM(I11:I21) -> 0 | J22: C- | L22: D+ | M22: =SUM(M11:M21) -> 0 | N22: =SUM(N11:N21) -> 0 | O22: C- | U22: =IF(AND( 'Val-Dép'!AL45="440/550", 'Val-Dép'!I45<>"note de crédit"),VLOOKUP('Val-Dép'!AL45,'Val-Dép'!AL45:AM45,2,FALSE ),"0") -> 0 | V22: =IF(AND( 'Val-Dép'!H45="Bq fournis-1an", 'Val-Dép'!I45<>"note de crédit"),VLOOKUP('Val-Dép'!H45,'Val-Dép'!H45:AM45,21,FALSE ),"0") -> 0 | Z22: =IF(AND( 'Val-Dép'!AL45="440/560", 'Val-Dép'!I45<>"note de crédit"),VLOOKUP('Val-Dép'!AL45,'Val-Dép'!AL45:AM45,2,FALSE ),"0") -> 0 | AA22: =IF(AND( 'Val-Dép'!H45="Bq post fournis-1an", 'Val-Dép'!I45<>"note de crédit"),VLOOKUP('Val-Dép'!H45,'Val-Dép'!H45:AM45,21,FALSE ),"0") -> 0 | AE22: =IF(AND( 'Val-Dép'!AL45="440/570", 'Val-Dép'!I45<>"note de crédit"),VLOOKUP('Val-Dép'!AL45,'Val-Dép'!AL45:AM45,2,FALSE ),"0") -> 0 | AF22: =IF(AND( 'Val-Dép'!H45="Caisse fournis-1an", 'Val-Dép'!I45<>"note de crédit"),VLOOKUP('Val-Dép'!H45,'Val-Dép'!H45:AM45,21,FALSE ),"0") -> 0
B23: SD | C23: =IF(C22>D22,C22-D22,0) -> 6250 | D23: =IF(C22<D22,D22-C22,0) -> 0 | G23: SD | H23: =IF(H22>I22,H22-I22,0) -> 0 | I23: =IF(H22<I22,I22-H22,0) -> 0 | L23: SD | M23: =IF(M22>N22,M22-N22,0) -> 0 | N23: =IF(M22<N22,N22-M22,0) -> 0 | U23: =IF(AND( 'Val-Dép'!AL46="440/550", 'Val-Dép'!I46<>"note de crédit"),VLOOKUP('Val-Dép'!AL46,'Val-Dép'!AL46:AM46,2,FALSE ),"0") -> 0 | V23: =IF(AND( 'Val-Dép'!H46="Bq fournis-1an", 'Val-Dép'!I46<>"note de crédit"),VLOOKUP('Val-Dép'!H46,'Val-Dép'!H46:AM46,21,FALSE ),"0") -> 0 | AF23: =IF(AND( 'Val-Dép'!H46="Caisse fournis-1an", 'Val-Dép'!I46<>"note de crédit"),VLOOKUP('Val-Dép'!H46,'Val-Dép'!H46:AM46,21,FALSE ),"0") -> 0
M24: Tot client-1an | U24: =SUM(U12:U23) -> 0 | V24: =SUM(V11:V23) -> 11500 | Z24: =SUM(Z12:Z23) -> 0 | AA24: =SUM(AA12:AA23) -> 0 | AE24: =SUM(AE12:AE23) -> 0 | AF24: =SUM(AF12:AF22) -> 0
L25: SD | M25: =SUM(C23,H23,M23) -> 6250 | N25: =SUM(D23,I23,N23) -> 0 | O25: SC | U25: =IF(U24>V24,U24-V24,0) -> 0 | V25: =IF(U24<V24,V24-U24,0) -> 11500 | W25: SC | Z25: =IF(Z24>AA24,Z24-AA24,0) -> 0 | AA25: =IF(Z24<AA24,AA24-Z24,0) -> 0 | AB25: SC | AE25: =IF(AE24>AF24,AE24-AF24,0) -> 0 | AF25: =IF(AE24<AF24,AF24-AE24,0) -> 0 | AG25: SC
V26: Fournisseurs -1an | AF26: =SUM(V25,AA25,AF25) -> 11500 | AG26: SCT
E28: Client+1an
C29: Fact. Envoyées | D29: Fact. Reçues | H29: Fact. Envoyées | I29: Fact. Reçues | M29: Fact. Envoyées | N29: Fact. Reçues
C30: au client(+1an) | D30: du client (+1an) | H30: au client(+1an) | I30: du client (+1an) | M30: au client 290 | N30: au client 290
C31: tout TVAC | D31: sur Banque | H31: tout TVAC | I31: sur Bq post | M31: tout TVAC | N31: sur caisse
D32: Bq client(+1an) | I32: Bq Post client(+1an) | N32: Caisse client(+1an)
C33: 290 | D33: client 290/550 | H33: 290 | I33: client 290/560 | M33: 290 | N33: client 290/570 | V33: Fournisseurs+1an
B34: D+ | C34: client(+1an) | D34: Banque | E34: C- | G34: D+ | H34: client+1an | I34: Bq post | L34: D+ | M34: client+1an | N34: Caisse | O34: C- | T34: fact. Payées | V34: fact. Reçues | Y34: fact. Payées | AA34: fact. Reçues | AD34: fact. Payées | AF34: fact. Reçues
B35: vi | C35: =IF(ISNA(VLOOKUP($C$34,'VAL-INIT'!$D$4:$F$84,3,FALSE)),,VLOOKUP($C$34,'VAL-INIT'!$D$4:$F$84,3,FALSE)) -> 0 | D35: xxxxxxxxxxx | G35: vi | H35: xxxxxxxxxxxxx | I35: xxxxxxxxxxx | L35: vi | M35: xxxxxxxxxxxxx | N35: xxxxxxxxxxx | T35: au fourn. | V35: du fourn. | Y35: au fourn. | AA35: du fourn. | AD35: au fourn. | AF35: du fourn.
C36: =IF(AND('Val-Dép'!H13="Bq Client+1an", 'Val-Dép'!I13<>"note de crédit"),VLOOKUP('Val-Dép'!H13,'Val-Dép'!H13:Y13,18,FALSE ),"0") -> 0 | D36: =IF(AND( 'Val-Dép'!AE13="290/550", 'Val-Dép'!I13<>"note de crédit"),VLOOKUP('Val-Dép'!AE13,'Val-Dép'!AE13:AF13,2,FALSE ),"0") -> 0 | H36: =IF(AND( 'Val-Dép'!H13="Bq post client+1an", 'Val-Dép'!I13<>"note de crédit"),VLOOKUP('Val-Dép'!I13,'Val-Dép'!I13:V13,14,FALSE ),"0") -> 0 | I36: =IF(AND( 'Val-Dép'!AE13="290/560", 'Val-Dép'!I13<>"note de crédit"),VLOOKUP('Val-Dép'!AE13,'Val-Dép'!AE13:AF13,2,FALSE ),"0") -> 0 | M36: =IF(AND( 'Val-Dép'!H13="Caisse client+1an", 'Val-Dép'!I13<>"note de crédit"),VLOOKUP('Val-Dép'!I13,'Val-Dép'!I13:V13,14,FALSE ),"0") -> 0 | N36: =IF(AND( 'Val-Dép'!AE13="290/570", 'Val-Dép'!IM13<>"note de crédit"),VLOOKUP('Val-Dép'!AE13,'Val-Dép'!AE13:AF13,2,FALSE ),"0") -> 0 | T36: par la banque | V36: sur la banque | Y36: par le O.C.P. | AA36: sur à l'O.C.P. | AD36: par la Caisse | AF36: sur laCaisse
C37: =IF(AND('Val-Dép'!H14="Bq Client+1an", 'Val-Dép'!I14<>"note de crédit"),VLOOKUP('Val-Dép'!H14,'Val-Dép'!H14:Y14,18,FALSE ),"0") -> 0 | D37: =IF(AND( 'Val-Dép'!AE14="290/550", 'Val-Dép'!I14<>"note de crédit"),VLOOKUP('Val-Dép'!AE14,'Val-Dép'!AE14:AF14,2,FALSE ),"0") -> 0 | H37: =IF(AND( 'Val-Dép'!H14="Bq post client+1an", 'Val-Dép'!I14<>"note de crédit"),VLOOKUP('Val-Dép'!I14,'Val-Dép'!I14:V14,14,FALSE ),"0") -> 0 | I37: =IF(AND( 'Val-Dép'!AE14="290/560", 'Val-Dép'!I14<>"note de crédit"),VLOOKUP('Val-Dép'!AE14,'Val-Dép'!AE14:AF14,2,FALSE ),"0") -> 0 | M37: =IF(AND( 'Val-Dép'!H14="Caisse client+1an", 'Val-Dép'!I14<>"note de crédit"),VLOOKUP('Val-Dép'!I14,'Val-Dép'!I14:V14,14,FALSE ),"0") -> 0 | N37: =IF(AND( 'Val-Dép'!AE14="290/570", 'Val-Dép'!IM14<>"note de crédit"),VLOOKUP('Val-Dép'!AE14,'Val-Dép'!AE14:AF14,2,FALSE ),"0") -> 0 | T37: Jour-finan-Fourn | V37: jour achats (fourn)
C38: =IF(AND('Val-Dép'!H15="Bq Client+1an", 'Val-Dép'!I15<>"note de crédit"),VLOOKUP('Val-Dép'!H15,'Val-Dép'!H15:Y15,18,FALSE ),"0") -> 0 | D38: =IF(AND( 'Val-Dép'!AE15="290/550", 'Val-Dép'!I15<>"note de crédit"),VLOOKUP('Val-Dép'!AE15,'Val-Dép'!AE15:AF15,2,FALSE ),"0") -> 0 | H38: =IF(AND( 'Val-Dép'!H15="Bq post client+1an", 'Val-Dép'!I15<>"note de crédit"),VLOOKUP('Val-Dép'!I15,'Val-Dép'!I15:V15,14,FALSE ),"0") -> 0 | I38: =IF(AND( 'Val-Dép'!AE15="290/560", 'Val-Dép'!I15<>"note de crédit"),VLOOKUP('Val-Dép'!AE15,'Val-Dép'!AE15:AF15,2,FALSE ),"0") -> 0 | M38: =IF(AND( 'Val-Dép'!H15="Caisse client+1an", 'Val-Dép'!I15<>"note de crédit"),VLOOKUP('Val-Dép'!I15,'Val-Dép'!I15:V15,14,FALSE ),"0") -> 0 | N38: =IF(AND( 'Val-Dép'!AE15="290/570", 'Val-Dép'!IM15<>"note de crédit"),VLOOKUP('Val-Dép'!AE15,'Val-Dép'!AE15:AF15,2,FALSE ),"0") -> 0 | V38: fact fourn | Y38: Bq post Fourn. | Z38: fact fourn | AD38: Caisse Fourn. | AE38: fact fourn
C39: =IF(AND('Val-Dép'!H16="Bq Client+1an", 'Val-Dép'!I16<>"note de crédit"),VLOOKUP('Val-Dép'!H16,'Val-Dép'!H16:Y16,18,FALSE ),"0") -> 0 | D39: =IF(AND( 'Val-Dép'!AE16="290/550", 'Val-Dép'!I16<>"note de crédit"),VLOOKUP('Val-Dép'!AE16,'Val-Dép'!AE16:AF16,2,FALSE ),"0") -> 0 | H39: =IF(AND( 'Val-Dép'!H16="Bq post client+1an", 'Val-Dép'!I16<>"note de crédit"),VLOOKUP('Val-Dép'!I16,'Val-Dép'!I16:V16,14,FALSE ),"0") -> 0 | I39: =IF(AND( 'Val-Dép'!AE16="290/560", 'Val-Dép'!I16<>"note de crédit"),VLOOKUP('Val-Dép'!AE16,'Val-Dép'!AE16:AF16,2,FALSE ),"0") -> 0 | M39: =IF(AND( 'Val-Dép'!H16="Caisse client+1an", 'Val-Dép'!I16<>"note de crédit"),VLOOKUP('Val-Dép'!I16,'Val-Dép'!I16:V16,14,FALSE ),"0") -> 0 | N39: =IF(AND( 'Val-Dép'!AE16="290/570", 'Val-Dép'!IM16<>"note de crédit"),VLOOKUP('Val-Dép'!AE16,'Val-Dép'!AE16:AF16,2,FALSE ),"0") -> 0 | U39: TVAC
C40: =IF(AND('Val-Dép'!H17="Bq Client+1an", 'Val-Dép'!I17<>"note de crédit"),VLOOKUP('Val-Dép'!H17,'Val-Dép'!H17:Y17,18,FALSE ),"0") -> 0 | D40: =IF(AND( 'Val-Dép'!AE17="290/550", 'Val-Dép'!I17<>"note de crédit"),VLOOKUP('Val-Dép'!AE17,'Val-Dép'!AE17:AF17,2,FALSE ),"0") -> 0 | H40: =IF(AND( 'Val-Dép'!H17="Bq post client+1an", 'Val-Dép'!I17<>"note de crédit"),VLOOKUP('Val-Dép'!I17,'Val-Dép'!I17:V17,14,FALSE ),"0") -> 0 | I40: =IF(AND( 'Val-Dép'!AE17="290/560", 'Val-Dép'!I17<>"note de crédit"),VLOOKUP('Val-Dép'!AE17,'Val-Dép'!AE17:AF17,2,FALSE ),"0") -> 0 | M40: =IF(AND( 'Val-Dép'!H17="Caisse client+1an", 'Val-Dép'!I17<>"note de crédit"),VLOOKUP('Val-Dép'!I17,'Val-Dép'!I17:V17,14,FALSE ),"0") -> 0 | N40: =IF(AND( 'Val-Dép'!AE17="290/570", 'Val-Dép'!IM17<>"note de crédit"),VLOOKUP('Val-Dép'!AE17,'Val-Dép'!AE17:AF17,2,FALSE ),"0") -> 0 | T40: D- | U40: 1750/550 | V40: Fournisseurs(+1an) | W40: C+ | Y40: D- | Z40: 1750/560 | AA40: Fournisseurs(+1an) | AB40: C+ | AD40: D- | AE40: 1750/570 | AF40: Fournisseurs(+1an) | AG40: C+
C41: =IF(AND('Val-Dép'!H18="Bq Client+1an", 'Val-Dép'!I18<>"note de crédit"),VLOOKUP('Val-Dép'!H18,'Val-Dép'!H18:Y18,18,FALSE ),"0") -> 0 | D41: =IF(AND( 'Val-Dép'!AE18="290/550", 'Val-Dép'!I18<>"note de crédit"),VLOOKUP('Val-Dép'!AE18,'Val-Dép'!AE18:AF18,2,FALSE ),"0") -> 0 | H41: =IF(AND( 'Val-Dép'!H18="Bq post client+1an", 'Val-Dép'!I18<>"note de crédit"),VLOOKUP('Val-Dép'!I18,'Val-Dép'!I18:V18,14,FALSE ),"0") -> 0 | I41: =IF(AND( 'Val-Dép'!AE18="290/560", 'Val-Dép'!I18<>"note de crédit"),VLOOKUP('Val-Dép'!AE18,'Val-Dép'!AE18:AF18,2,FALSE ),"0") -> 0 | M41: =IF(AND( 'Val-Dép'!H18="Caisse client+1an", 'Val-Dép'!I18<>"note de crédit"),VLOOKUP('Val-Dép'!I18,'Val-Dép'!I18:V18,14,FALSE ),"0") -> 0 | N41: =IF(AND( 'Val-Dép'!AE18="290/570", 'Val-Dép'!IM18<>"note de crédit"),VLOOKUP('Val-Dép'!AE18,'Val-Dép'!AE18:AF18,2,FALSE ),"0") -> 0 | U41: ************** | V41: =IF(ISNA(VLOOKUP($V$40,'VAL-INIT'!$J$4:$L$63,3,FALSE)),,VLOOKUP($V$40,'VAL-INIT'!$J$4:$L$63,3,FALSE)) -> 0 | W41: VI | Z41: *********** | AE41: ************
C42: =IF(AND('Val-Dép'!H19="Bq Client+1an", 'Val-Dép'!I19<>"note de crédit"),VLOOKUP('Val-Dép'!H19,'Val-Dép'!H19:Y19,18,FALSE ),"0") -> 0 | D42: =IF(AND( 'Val-Dép'!AE19="290/550", 'Val-Dép'!I19<>"note de crédit"),VLOOKUP('Val-Dép'!AE19,'Val-Dép'!AE19:AF19,2,FALSE ),"0") -> 0 | H42: =IF(AND( 'Val-Dép'!H19="Bq post client+1an", 'Val-Dép'!I19<>"note de crédit"),VLOOKUP('Val-Dép'!I19,'Val-Dép'!I19:V19,14,FALSE ),"0") -> 0 | I42: =IF(AND( 'Val-Dép'!AE19="290/560", 'Val-Dép'!I19<>"note de crédit"),VLOOKUP('Val-Dép'!AE19,'Val-Dép'!AE19:AF19,2,FALSE ),"0") -> 0 | M42: =IF(AND( 'Val-Dép'!H19="Caisse client+1an", 'Val-Dép'!I19<>"note de crédit"),VLOOKUP('Val-Dép'!I19,'Val-Dép'!I19:V19,14,FALSE ),"0") -> 0 | N42: =IF(AND( 'Val-Dép'!AE19="290/570", 'Val-Dép'!IM19<>"note de crédit"),VLOOKUP('Val-Dép'!AE19,'Val-Dép'!AE19:AF19,2,FALSE ),"0") -> 0 | U42: =IF(AND( 'Val-Dép'!AL35="1750/550", 'Val-Dép'!I35<>"note de crédit"),VLOOKUP('Val-Dép'!AL35,'Val-Dép'!AL35:AM35,2,FALSE ),"0") -> 0 | V42: =IF(AND( 'Val-Dép'!H35="Bq fournis+1an", 'Val-Dép'!I35<>"note de crédit"),VLOOKUP('Val-Dép'!H35,'Val-Dép'!H35:AM35,21,FALSE ),"0") -> 0 | Z42: =IF(AND( 'Val-Dép'!AL35="1750/560", 'Val-Dép'!I35<>"note de crédit"),VLOOKUP('Val-Dép'!AL35,'Val-Dép'!AL35:AM35,2,FALSE ),"0") -> 0 | AA42: =IF(AND( 'Val-Dép'!H35="Bq post fournis+1an", 'Val-Dép'!I35<>"note de crédit"),VLOOKUP('Val-Dép'!H35,'Val-Dép'!H35:AM35,21,FALSE ),"0") -> 0 | AE42: =IF(AND( 'Val-Dép'!AL35="1750/570", 'Val-Dép'!I35<>"note de crédit"),VLOOKUP('Val-Dép'!AL35,'Val-Dép'!AL35:AM35,2,FALSE ),"0") -> 0 | AF42: =IF(AND( 'Val-Dép'!H35="Caisse fournis+1an", 'Val-Dép'!I35<>"note de crédit"),VLOOKUP('Val-Dép'!H35,'Val-Dép'!H35:AM35,21,FALSE ),"0") -> 0
C43: =IF(AND('Val-Dép'!H20="Bq Client+1an", 'Val-Dép'!I20<>"note de crédit"),VLOOKUP('Val-Dép'!H20,'Val-Dép'!H20:Y20,18,FALSE ),"0") -> 0 | D43: =IF(AND( 'Val-Dép'!AE20="290/550", 'Val-Dép'!I20<>"note de crédit"),VLOOKUP('Val-Dép'!AE20,'Val-Dép'!AE20:AF20,2,FALSE ),"0") -> 0 | H43: =IF(AND( 'Val-Dép'!H20="Bq post client+1an", 'Val-Dép'!I20<>"note de crédit"),VLOOKUP('Val-Dép'!I20,'Val-Dép'!I20:V20,14,FALSE ),"0") -> 0 | I43: =IF(AND( 'Val-Dép'!AE20="290/560", 'Val-Dép'!I20<>"note de crédit"),VLOOKUP('Val-Dép'!AE20,'Val-Dép'!AE20:AF20,2,FALSE ),"0") -> 0 | M43: =IF(AND( 'Val-Dép'!H20="Caisse client+1an", 'Val-Dép'!I20<>"note de crédit"),VLOOKUP('Val-Dép'!I20,'Val-Dép'!I20:V20,14,FALSE ),"0") -> 0 | N43: =IF(AND( 'Val-Dép'!AE20="290/570", 'Val-Dép'!IM20<>"note de crédit"),VLOOKUP('Val-Dép'!AE20,'Val-Dép'!AE20:AF20,2,FALSE ),"0") -> 0 | U43: =IF(AND( 'Val-Dép'!AL36="1750/550", 'Val-Dép'!I36<>"note de crédit"),VLOOKUP('Val-Dép'!AL36,'Val-Dép'!AL36:AM36,2,FALSE ),"0") -> 0 | V43: =IF(AND( 'Val-Dép'!H36="Bq fournis+1an", 'Val-Dép'!I36<>"note de crédit"),VLOOKUP('Val-Dép'!H36,'Val-Dép'!H36:AM36,21,FALSE ),"0") -> 0 | Z43: =IF(AND( 'Val-Dép'!AL36="1750/560", 'Val-Dép'!I36<>"note de crédit"),VLOOKUP('Val-Dép'!AL36,'Val-Dép'!AL36:AM36,2,FALSE ),"0") -> 0 | AA43: =IF(AND( 'Val-Dép'!H36="Bq post fournis+1an", 'Val-Dép'!I36<>"note de crédit"),VLOOKUP('Val-Dép'!H36,'Val-Dép'!H36:AM36,21,FALSE ),"0") -> 0 | AE43: =IF(AND( 'Val-Dép'!AL36="1750/570", 'Val-Dép'!I36<>"note de crédit"),VLOOKUP('Val-Dép'!AL36,'Val-Dép'!AL36:AM36,2,FALSE ),"0") -> 0 | AF43: =IF(AND( 'Val-Dép'!H36="Caisse fournis+1an", 'Val-Dép'!I36<>"note de crédit"),VLOOKUP('Val-Dép'!H36,'Val-Dép'!H36:AM36,21,FALSE ),"0") -> 0
C44: =IF(AND('Val-Dép'!H21="Bq Client+1an", 'Val-Dép'!I21<>"note de crédit"),VLOOKUP('Val-Dép'!H21,'Val-Dép'!H21:Y21,18,FALSE ),"0") -> 0 | D44: =IF(AND( 'Val-Dép'!AE21="290/550", 'Val-Dép'!I21<>"note de crédit"),VLOOKUP('Val-Dép'!AE21,'Val-Dép'!AE21:AF21,2,FALSE ),"0") -> 0 | H44: =IF(AND( 'Val-Dép'!H21="Bq post client+1an", 'Val-Dép'!I21<>"note de crédit"),VLOOKUP('Val-Dép'!I21,'Val-Dép'!I21:V21,14,FALSE ),"0") -> 0 | I44: =IF(AND( 'Val-Dép'!AE21="290/560", 'Val-Dép'!I21<>"note de crédit"),VLOOKUP('Val-Dép'!AE21,'Val-Dép'!AE21:AF21,2,FALSE ),"0") -> 0 | M44: =IF(AND( 'Val-Dép'!H21="Caisse client+1an", 'Val-Dép'!I21<>"note de crédit"),VLOOKUP('Val-Dép'!I21,'Val-Dép'!I21:V21,14,FALSE ),"0") -> 0 | N44: =IF(AND( 'Val-Dép'!AE21="290/570", 'Val-Dép'!IM21<>"note de crédit"),VLOOKUP('Val-Dép'!AE21,'Val-Dép'!AE21:AF21,2,FALSE ),"0") -> 0 | U44: =IF(AND( 'Val-Dép'!AL37="1750/550", 'Val-Dép'!I37<>"note de crédit"),VLOOKUP('Val-Dép'!AL37,'Val-Dép'!AL37:AM37,2,FALSE ),"0") -> 0 | V44: =IF(AND( 'Val-Dép'!H37="Bq fournis+1an", 'Val-Dép'!I37<>"note de crédit"),VLOOKUP('Val-Dép'!H37,'Val-Dép'!H37:AM37,21,FALSE ),"0") -> 0 | Z44: =IF(AND( 'Val-Dép'!AL37="1750/560", 'Val-Dép'!I37<>"note de crédit"),VLOOKUP('Val-Dép'!AL37,'Val-Dép'!AL37:AM37,2,FALSE ),"0") -> 0 | AA44: =IF(AND( 'Val-Dép'!H37="Bq post fournis+1an", 'Val-Dép'!I37<>"note de crédit"),VLOOKUP('Val-Dép'!H37,'Val-Dép'!H37:AM37,21,FALSE ),"0") -> 0 | AE44: =IF(AND( 'Val-Dép'!AL37="1750/570", 'Val-Dép'!I37<>"note de crédit"),VLOOKUP('Val-Dép'!AL37,'Val-Dép'!AL37:AM37,2,FALSE ),"0") -> 0 | AF44: =IF(AND( 'Val-Dép'!H37="Caisse fournis+1an", 'Val-Dép'!I37<>"note de crédit"),VLOOKUP('Val-Dép'!H37,'Val-Dép'!H37:AM37,21,FALSE ),"0") -> 0
C45: =IF(AND('Val-Dép'!H22="Bq Client+1an", 'Val-Dép'!I22<>"note de crédit"),VLOOKUP('Val-Dép'!H22,'Val-Dép'!H22:Y22,18,FALSE ),"0") -> 0 | D45: =IF(AND( 'Val-Dép'!AE22="290/550", 'Val-Dép'!I22<>"note de crédit"),VLOOKUP('Val-Dép'!AE22,'Val-Dép'!AE22:AF22,2,FALSE ),"0") -> 0 | H45: =IF(AND( 'Val-Dép'!H22="Bq post client+1an", 'Val-Dép'!I22<>"note de crédit"),VLOOKUP('Val-Dép'!I22,'Val-Dép'!I22:V22,14,FALSE ),"0") -> 0 | I45: =IF(AND( 'Val-Dép'!AE22="290/560", 'Val-Dép'!I22<>"note de crédit"),VLOOKUP('Val-Dép'!AE22,'Val-Dép'!AE22:AF22,2,FALSE ),"0") -> 0 | M45: =IF(AND( 'Val-Dép'!H22="Caisse client+1an", 'Val-Dép'!I22<>"note de crédit"),VLOOKUP('Val-Dép'!I22,'Val-Dép'!I22:V22,14,FALSE ),"0") -> 0 | N45: =IF(AND( 'Val-Dép'!AE22="290/570", 'Val-Dép'!IM22<>"note de crédit"),VLOOKUP('Val-Dép'!AE22,'Val-Dép'!AE22:AF22,2,FALSE ),"0") -> 0 | U45: =IF(AND( 'Val-Dép'!AL38="1750/550", 'Val-Dép'!I38<>"note de crédit"),VLOOKUP('Val-Dép'!AL38,'Val-Dép'!AL38:AM38,2,FALSE ),"0") -> 0 | V45: =IF(AND( 'Val-Dép'!H38="Bq fournis+1an", 'Val-Dép'!I38<>"note de crédit"),VLOOKUP('Val-Dép'!H38,'Val-Dép'!H38:AM38,21,FALSE ),"0") -> 0 | Z45: =IF(AND( 'Val-Dép'!AL38="1750/560", 'Val-Dép'!I38<>"note de crédit"),VLOOKUP('Val-Dép'!AL38,'Val-Dép'!AL38:AM38,2,FALSE ),"0") -> 0 | AA45: =IF(AND( 'Val-Dép'!H38="Bq post fournis+1an", 'Val-Dép'!I38<>"note de crédit"),VLOOKUP('Val-Dép'!H38,'Val-Dép'!H38:AM38,21,FALSE ),"0") -> 0 | AE45: =IF(AND( 'Val-Dép'!AL38="1750/570", 'Val-Dép'!I38<>"note de crédit"),VLOOKUP('Val-Dép'!AL38,'Val-Dép'!AL38:AM38,2,FALSE ),"0") -> 0 | AF45: =IF(AND( 'Val-Dép'!H38="Caisse fournis+1an", 'Val-Dép'!I38<>"note de crédit"),VLOOKUP('Val-Dép'!H38,'Val-Dép'!H38:AM38,21,FALSE ),"0") -> 0
C46: =IF(AND('Val-Dép'!H23="Bq Client+1an", 'Val-Dép'!I23<>"note de crédit"),VLOOKUP('Val-Dép'!H23,'Val-Dép'!H23:Y23,18,FALSE ),"0") -> 0 | D46: =IF(AND( 'Val-Dép'!AE23="290/550", 'Val-Dép'!I23<>"note de crédit"),VLOOKUP('Val-Dép'!AE23,'Val-Dép'!AE23:AF23,2,FALSE ),"0") -> 0 | H46: =IF(AND( 'Val-Dép'!H23="Bq post client+1an", 'Val-Dép'!I23<>"note de crédit"),VLOOKUP('Val-Dép'!I23,'Val-Dép'!I23:V23,14,FALSE ),"0") -> 0 | I46: =IF(AND( 'Val-Dép'!AE23="290/560", 'Val-Dép'!I23<>"note de crédit"),VLOOKUP('Val-Dép'!AE23,'Val-Dép'!AE23:AF23,2,FALSE ),"0") -> 0 | M46: =IF(AND( 'Val-Dép'!H23="Caisse client+1an", 'Val-Dép'!I23<>"note de crédit"),VLOOKUP('Val-Dép'!I23,'Val-Dép'!I23:V23,14,FALSE ),"0") -> 0 | N46: =IF(AND( 'Val-Dép'!AE23="290/570", 'Val-Dép'!IM23<>"note de crédit"),VLOOKUP('Val-Dép'!AE23,'Val-Dép'!AE23:AF23,2,FALSE ),"0") -> 0 | U46: =IF(AND( 'Val-Dép'!AL39="1750/550", 'Val-Dép'!I39<>"note de crédit"),VLOOKUP('Val-Dép'!AL39,'Val-Dép'!AL39:AM39,2,FALSE ),"0") -> 0 | V46: =IF(AND( 'Val-Dép'!H39="Bq fournis+1an", 'Val-Dép'!I39<>"note de crédit"),VLOOKUP('Val-Dép'!H39,'Val-Dép'!H39:AM39,21,FALSE ),"0") -> 0 | Z46: =IF(AND( 'Val-Dép'!AL39="1750/560", 'Val-Dép'!I39<>"note de crédit"),VLOOKUP('Val-Dép'!AL39,'Val-Dép'!AL39:AM39,2,FALSE ),"0") -> 0 | AA46: =IF(AND( 'Val-Dép'!H39="Bq post fournis+1an", 'Val-Dép'!I39<>"note de crédit"),VLOOKUP('Val-Dép'!H39,'Val-Dép'!H39:AM39,21,FALSE ),"0") -> 0 | AE46: =IF(AND( 'Val-Dép'!AL39="1750/570", 'Val-Dép'!I39<>"note de crédit"),VLOOKUP('Val-Dép'!AL39,'Val-Dép'!AL39:AM39,2,FALSE ),"0") -> 0 | AF46: =IF(AND( 'Val-Dép'!H39="Caisse fournis+1an", 'Val-Dép'!I39<>"note de crédit"),VLOOKUP('Val-Dép'!H39,'Val-Dép'!H39:AM39,21,FALSE ),"0") -> 0
C47: =SUM(C35:C46) -> 0 | D47: =SUM(D36:D46) -> 0 | H47: =SUM(H36:H46) -> 0 | I47: =SUM(I36:I46) -> 0 | M47: =SUM(M36:M46) -> 0 | N47: =SUM(N36:N46) -> 0 | U47: =IF(AND( 'Val-Dép'!AL40="1750/550", 'Val-Dép'!I40<>"note de crédit"),VLOOKUP('Val-Dép'!AL40,'Val-Dép'!AL40:AM40,2,FALSE ),"0") -> 0 | V47: =IF(AND( 'Val-Dép'!H40="Bq fournis+1an", 'Val-Dép'!I40<>"note de crédit"),VLOOKUP('Val-Dép'!H40,'Val-Dép'!H40:AM40,21,FALSE ),"0") -> 0 | Z47: =IF(AND( 'Val-Dép'!AL40="1750/560", 'Val-Dép'!I40<>"note de crédit"),VLOOKUP('Val-Dép'!AL40,'Val-Dép'!AL40:AM40,2,FALSE ),"0") -> 0 | AA47: =IF(AND( 'Val-Dép'!H40="Bq post fournis+1an", 'Val-Dép'!I40<>"note de crédit"),VLOOKUP('Val-Dép'!H40,'Val-Dép'!H40:AM40,21,FALSE ),"0") -> 0 | AE47: =IF(AND( 'Val-Dép'!AL40="1750/570", 'Val-Dép'!I40<>"note de crédit"),VLOOKUP('Val-Dép'!AL40,'Val-Dép'!AL40:AM40,2,FALSE ),"0") -> 0 | AF47: =IF(AND( 'Val-Dép'!H40="Caisse fournis+1an", 'Val-Dép'!I40<>"note de crédit"),VLOOKUP('Val-Dép'!H40,'Val-Dép'!H40:AM40,21,FALSE ),"0") -> 0
B48: SD | C48: =IF(C47>D47,C47-D47,0) -> 0 | D48: =IF(C47<D47,D47-C47,0) -> 0 | G48: SD | H48: =IF(H47>I47,H47-I47,0) -> 0 | I48: =IF(H47<I47,I47-H47,0) -> 0 | L48: SD | M48: =IF(M47>N47,M47-N47,0) -> 0 | N48: =IF(M47<N47,N47-M47,0) -> 0 | U48: =IF(AND( 'Val-Dép'!AL41="1750/550", 'Val-Dép'!I41<>"note de crédit"),VLOOKUP('Val-Dép'!AL41,'Val-Dép'!AL41:AM41,2,FALSE ),"0") -> 0 | V48: =IF(AND( 'Val-Dép'!H41="Bq fournis+1an", 'Val-Dép'!I41<>"note de crédit"),VLOOKUP('Val-Dép'!H41,'Val-Dép'!H41:AM41,21,FALSE ),"0") -> 0 | Z48: =IF(AND( 'Val-Dép'!AL41="1750/560", 'Val-Dép'!I41<>"note de crédit"),VLOOKUP('Val-Dép'!AL41,'Val-Dép'!AL41:AM41,2,FALSE ),"0") -> 0 | AA48: =IF(AND( 'Val-Dép'!H41="Bq post fournis+1an", 'Val-Dép'!I41<>"note de crédit"),VLOOKUP('Val-Dép'!H41,'Val-Dép'!H41:AM41,21,FALSE ),"0") -> 0 | AE48: =IF(AND( 'Val-Dép'!AL41="1750/570", 'Val-Dép'!I41<>"note de crédit"),VLOOKUP('Val-Dép'!AL41,'Val-Dép'!AL41:AM41,2,FALSE ),"0") -> 0 | AF48: =IF(AND( 'Val-Dép'!H41="Caisse fournis+1an", 'Val-Dép'!I41<>"note de crédit"),VLOOKUP('Val-Dép'!H41,'Val-Dép'!H41:AM41,21,FALSE ),"0") -> 0
C49: Total Débit | H49: Total Débit | M49: Total Débit | U49: =IF(AND( 'Val-Dép'!AL42="1750/550", 'Val-Dép'!I42<>"note de crédit"),VLOOKUP('Val-Dép'!AL42,'Val-Dép'!AL42:AM42,2,FALSE ),"0") -> 0 | V49: =IF(AND( 'Val-Dép'!H42="Bq fournis+1an", 'Val-Dép'!I42<>"note de crédit"),VLOOKUP('Val-Dép'!H42,'Val-Dép'!H42:AM42,21,FALSE ),"0") -> 0 | Z49: =IF(AND( 'Val-Dép'!AL42="1750/560", 'Val-Dép'!I42<>"note de crédit"),VLOOKUP('Val-Dép'!AL42,'Val-Dép'!AL42:AM42,2,FALSE ),"0") -> 0 | AA49: =IF(AND( 'Val-Dép'!H42="Bq post fournis+1an", 'Val-Dép'!I42<>"note de crédit"),VLOOKUP('Val-Dép'!H42,'Val-Dép'!H42:AM42,21,FALSE ),"0") -> 0 | AE49: =IF(AND( 'Val-Dép'!AL42="1750/570", 'Val-Dép'!I42<>"note de crédit"),VLOOKUP('Val-Dép'!AL42,'Val-Dép'!AL42:AM42,2,FALSE ),"0") -> 0 | AF49: =IF(AND( 'Val-Dép'!H42="Caisse fournis+1an", 'Val-Dép'!I42<>"note de crédit"),VLOOKUP('Val-Dép'!H42,'Val-Dép'!H42:AM42,21,FALSE ),"0") -> 0
U50: =IF(AND( 'Val-Dép'!AL43="1750/550", 'Val-Dép'!I43<>"note de crédit"),VLOOKUP('Val-Dép'!AL43,'Val-Dép'!AL43:AM43,2,FALSE ),"0") -> 0 | V50: =IF(AND( 'Val-Dép'!H43="Bq fournis+1an", 'Val-Dép'!I43<>"note de crédit"),VLOOKUP('Val-Dép'!H43,'Val-Dép'!H43:AM43,21,FALSE ),"0") -> 0 | Z50: =IF(AND( 'Val-Dép'!AL43="1750/560", 'Val-Dép'!I43<>"note de crédit"),VLOOKUP('Val-Dép'!AL43,'Val-Dép'!AL43:AM43,2,FALSE ),"0") -> 0 | AA50: =IF(AND( 'Val-Dép'!H43="Bq post fournis+1an", 'Val-Dép'!I43<>"note de crédit"),VLOOKUP('Val-Dép'!H43,'Val-Dép'!H43:AM43,21,FALSE ),"0") -> 0 | AE50: =IF(AND( 'Val-Dép'!AL43="1750/570", 'Val-Dép'!I43<>"note de crédit"),VLOOKUP('Val-Dép'!AL43,'Val-Dép'!AL43:AM43,2,FALSE ),"0") -> 0 | AF50: =IF(AND( 'Val-Dép'!H43="Caisse fournis+1an", 'Val-Dép'!I43<>"note de crédit"),VLOOKUP('Val-Dép'!H43,'Val-Dép'!H43:AM43,21,FALSE ),"0") -> 0
C51: Client+1an | H51: Client+1an | M51: Client+1an | U51: =IF(AND( 'Val-Dép'!AL44="1750/550", 'Val-Dép'!I44<>"note de crédit"),VLOOKUP('Val-Dép'!AL44,'Val-Dép'!AL44:AM44,2,FALSE ),"0") -> 0 | V51: =IF(AND( 'Val-Dép'!H44="Bq fournis+1an", 'Val-Dép'!I44<>"note de crédit"),VLOOKUP('Val-Dép'!H44,'Val-Dép'!H44:AM44,21,FALSE ),"0") -> 0 | Z51: =IF(AND( 'Val-Dép'!AL44="1750/560", 'Val-Dép'!I44<>"note de crédit"),VLOOKUP('Val-Dép'!AL44,'Val-Dép'!AL44:AM44,2,FALSE ),"0") -> 0 | AA51: =IF(AND( 'Val-Dép'!H44="Bq post fournis+1an", 'Val-Dép'!I44<>"note de crédit"),VLOOKUP('Val-Dép'!H44,'Val-Dép'!H44:AM44,21,FALSE ),"0") -> 0 | AE51: =IF(AND( 'Val-Dép'!AL44="1750/570", 'Val-Dép'!I44<>"note de crédit"),VLOOKUP('Val-Dép'!AL44,'Val-Dép'!AL44:AM44,2,FALSE ),"0") -> 0 | AF51: =IF(AND( 'Val-Dép'!H44="Caisse fournis+1an", 'Val-Dép'!I44<>"note de crédit"),VLOOKUP('Val-Dép'!H44,'Val-Dép'!H44:AM44,21,FALSE ),"0") -> 0
C52: banque | H52: bq post | M52: caisse | U52: =IF(AND( 'Val-Dép'!AL45="1750/550", 'Val-Dép'!I45<>"note de crédit"),VLOOKUP('Val-Dép'!AL45,'Val-Dép'!AL45:AM45,2,FALSE ),"0") -> 0 | V52: =IF(AND( 'Val-Dép'!H45="Bq fournis+1an", 'Val-Dép'!I45<>"note de crédit"),VLOOKUP('Val-Dép'!H45,'Val-Dép'!H45:AM45,21,FALSE ),"0") -> 0 | Z52: =IF(AND( 'Val-Dép'!AL45="1750/560", 'Val-Dép'!I45<>"note de crédit"),VLOOKUP('Val-Dép'!AL45,'Val-Dép'!AL45:AM45,2,FALSE ),"0") -> 0 | AA52: =IF(AND( 'Val-Dép'!H45="Bq post fournis+1an", 'Val-Dép'!I45<>"note de crédit"),VLOOKUP('Val-Dép'!H45,'Val-Dép'!H45:AM45,21,FALSE ),"0") -> 0 | AE52: =IF(AND( 'Val-Dép'!AL45="1750/570", 'Val-Dép'!I45<>"note de crédit"),VLOOKUP('Val-Dép'!AL45,'Val-Dép'!AL45:AM45,2,FALSE ),"0") -> 0 | AF52: =IF(AND( 'Val-Dép'!H45="Caisse fournis+1an", 'Val-Dép'!I45<>"note de crédit"),VLOOKUP('Val-Dép'!H45,'Val-Dép'!H45:AM45,21,FALSE ),"0") -> 0
U53: =IF(AND( 'Val-Dép'!AL46="1750/550", 'Val-Dép'!I46<>"note de crédit"),VLOOKUP('Val-Dép'!AL46,'Val-Dép'!AL46:AM46,2,FALSE ),"0") -> 0 | V53: =SUM(U41:U52) -> 0
U54: =SUM(U42:U53) -> 0 | V54: =SUM(V41:V53) -> 0 | Z54: =SUM(Z42:Z53) -> 0 | AA54: =SUM(AA42:AA53) -> 0 | AE54: =SUM(AE42:AE53) -> 0 | AF54: =SUM(AF42:AF52) -> 0
E55: FOURNISSEUR -1an | U55: =IF(U54>V54,U54-V54,0) -> 0 | V55: =IF(U54<V54,V54-U54,0) -> 0 | W55: SC | Z55: =IF(Z54>AA54,Z54-AA54,0) -> 0 | AA55: =IF(Z54<AA54,AA54-Z54,0) -> 0 | AB55: SC | AE55: =IF(AE54>AF54,AE54-AF54,0) -> 0 | AF55: =IF(AE54<AF54,AF54-AE54,0) -> 0 | AG55: SC
B56: fact. Payées | D56: Fact reçue du Fourni | G56: fact. Payées | I56: Fact reçue du Fourni | L56: fact. Payées | N56: Fact reçue du Fourni | V56: Fournisseurs+1an | AF56: =SUM(V55,AA55,AF55) -> 0 | AG56: SCT
B57: au fourn. | G57: au fourn. | L57: au fourn.
B58: par la banque | D58: sur la banque | G58: par le O.C.P. | I58: sur à l'O.C.P. | L58: par la Caisse | N58: sur laCaisse
B59: Jour-finan-Fourn | D59: jour achats (fourn)
D60: fact fourn | G60: Bq post Fourn. | I60: fact fourn | L60: Caisse Fourn. | N60: fact fourn | T60: Etablissement de crédit (-1an)
B61: Fournisseur(-1an) avec la Banque | G61: Fournisseu(-1an)r avec la Bq post | L61: Fournisseur(-1an) avec la Caisse | U61: Remb. Via Banq | V61: Achats à crédit | Z61: Via Bqpost | AA61: Achats à crédit | AE61: Remb.Via Caisse | AF61: Achats à crédit
B62: D- | C62: 440 | D62: Fournisseurs(-1an) | E62: C+ | G62: D- | H62: 440 | I62: Fournisseurs(-1an) | J62: C+ | L62: D- | M62: 440 | N62: Fournisseurs(-1an) | O62: C+ | T62: D- | U62: 430 | V62: crédit-1an | W62: C+ | Y62: D- | Z62: 430 | AA62: crédit-1an | AB62: C+ | AD62: D- | AE62: 430 | AF62: crédit-1an | AG62: C+
D63: =IF(ISNA(VLOOKUP($D$62,'VAL-INIT'!$J$4:$L$63,3,FALSE)),,VLOOKUP($D$62,'VAL-INIT'!$J$4:$L$63,3,FALSE)) -> 5750 | E63: VI | H63: *********** | M63: ************ | U63: xxxxxxx | V63: =IF(ISNA(VLOOKUP($V$62,'VAL-INIT'!$J$4:$L$63,3,FALSE)),,VLOOKUP($V$62,'VAL-INIT'!$J$4:$L$63,3,FALSE)) -> 0 | W63: vi | Z63: Remb | AA63: =IF(ISNA(VLOOKUP($AA$62,'VAL-INIT'!$J$4:$L$63,3,FALSE)),,VLOOKUP($AA$62,'VAL-INIT'!$J$4:$L$63,3,FALSE)) -> 0 | AB63: vi | AE63: xxxxxxx | AF63: =IF(ISNA(VLOOKUP($AF$62,'VAL-INIT'!$J$4:$L$63,3,FALSE)),,VLOOKUP($AF$62,'VAL-INIT'!$J$4:$L$63,3,FALSE)) -> 0 | AG63: vi
B64: 1 | C64: =IF(AND( 'Val-Dép'!AL35="440/550", 'Val-Dép'!I35<>"note de crédit"),VLOOKUP('Val-Dép'!AL35,'Val-Dép'!AL35:AM35,2,FALSE ),"0") -> 0 | D64: =IF(AND( 'Val-Dép'!H35="Bq fournis-1an", 'Val-Dép'!I35<>"note de crédit"),VLOOKUP('Val-Dép'!H35,'Val-Dép'!H35:AM35,21,FALSE ),"0") -> 750 | H64: =IF(AND( 'Val-Dép'!AL35="440/560", 'Val-Dép'!I35<>"note de crédit"),VLOOKUP('Val-Dép'!AL35,'Val-Dép'!AL35:AM35,2,FALSE ),"0") -> 0 | I64: =IF(AND( 'Val-Dép'!H35="Bq post fournis-1an", 'Val-Dép'!I35<>"note de crédit"),VLOOKUP('Val-Dép'!H35,'Val-Dép'!H35:AM35,21,FALSE ),"0") -> 0 | M64: =IF(AND( 'Val-Dép'!AL35="440/570", 'Val-Dép'!I35<>"note de crédit"),VLOOKUP('Val-Dép'!AL35,'Val-Dép'!AL35:AM35,2,FALSE ),"0") -> 0 | N64: =IF(AND( 'Val-Dép'!H35="Caisse fournis-1an", 'Val-Dép'!I35<>"note de crédit"),VLOOKUP('Val-Dép'!H35,'Val-Dép'!H35:AM35,21,FALSE ),"0") -> 0 | T64: ='[1]Val-Dép'!E25 -> 17012 | U64: =IF(( 'Val-Dép'!L25="Crédit-banq" ),'Val-Dép'!AQ25,"0") -> 0 | V64: =IF(('Val-Dép'!L25="Crédit-banq"),'Val-Dép'!W25,"0") -> 0
C65: =IF(AND( 'Val-Dép'!AL36="440/550", 'Val-Dép'!I36<>"note de crédit"),VLOOKUP('Val-Dép'!AL36,'Val-Dép'!AL36:AM36,2,FALSE ),"0") -> 0 | D65: =IF(AND( 'Val-Dép'!H36="Bq fournis-1an", 'Val-Dép'!I36<>"note de crédit"),VLOOKUP('Val-Dép'!H36,'Val-Dép'!H36:AM36,21,FALSE ),"0") -> 5000 | H65: =IF(AND( 'Val-Dép'!AL36="440/560", 'Val-Dép'!I36<>"note de crédit"),VLOOKUP('Val-Dép'!AL36,'Val-Dép'!AL36:AM36,2,FALSE ),"0") -> 0 | I65: =IF(AND( 'Val-Dép'!H36="Bq post fournis-1an", 'Val-Dép'!I36<>"note de crédit"),VLOOKUP('Val-Dép'!H36,'Val-Dép'!H36:AM36,21,FALSE ),"0") -> 0 | M65: =IF(AND( 'Val-Dép'!AL36="440/570", 'Val-Dép'!I36<>"note de crédit"),VLOOKUP('Val-Dép'!AL36,'Val-Dép'!AL36:AM36,2,FALSE ),"0") -> 0 | N65: =IF(AND( 'Val-Dép'!H36="Caisse fournis-1an", 'Val-Dép'!I36<>"note de crédit"),VLOOKUP('Val-Dép'!H36,'Val-Dép'!H36:AM36,21,FALSE ),"0") -> 0 | U65: =IF(( 'Val-Dép'!L26="Crédit-banq" ),'Val-Dép'!AQ26,"0") -> 0 | V65: =IF(('Val-Dép'!L26="Crédit-banq"),'Val-Dép'!W26,"0") -> 0
B66: 4 | C66: =IF(AND( 'Val-Dép'!AL37="440/550", 'Val-Dép'!I37<>"note de crédit"),VLOOKUP('Val-Dép'!AL37,'Val-Dép'!AL37:AM37,2,FALSE ),"0") -> 0 | D66: =IF(AND( 'Val-Dép'!H37="Bq fournis-1an", 'Val-Dép'!I37<>"note de crédit"),VLOOKUP('Val-Dép'!H37,'Val-Dép'!H37:AM37,21,FALSE ),"0") -> 0 | H66: =IF(AND( 'Val-Dép'!AL37="440/560", 'Val-Dép'!I37<>"note de crédit"),VLOOKUP('Val-Dép'!AL37,'Val-Dép'!AL37:AM37,2,FALSE ),"0") -> 0 | I66: =IF(AND( 'Val-Dép'!H37="Bq post fournis-1an", 'Val-Dép'!I37<>"note de crédit"),VLOOKUP('Val-Dép'!H37,'Val-Dép'!H37:AM37,21,FALSE ),"0") -> 0 | M66: =IF(AND( 'Val-Dép'!AL37="440/570", 'Val-Dép'!I37<>"note de crédit"),VLOOKUP('Val-Dép'!AL37,'Val-Dép'!AL37:AM37,2,FALSE ),"0") -> 0 | N66: =IF(AND( 'Val-Dép'!H37="Caisse fournis-1an", 'Val-Dép'!I37<>"note de crédit"),VLOOKUP('Val-Dép'!H37,'Val-Dép'!H37:AM37,21,FALSE ),"0") -> 0 | U66: =IF(( 'Val-Dép'!L27="Crédit-banq" ),'Val-Dép'!AQ27,"0") -> 0 | V66: =IF(('Val-Dép'!L27="Crédit-banq"),'Val-Dép'!W27,"0") -> 0
C67: =IF(AND( 'Val-Dép'!AL38="440/550", 'Val-Dép'!I38<>"note de crédit"),VLOOKUP('Val-Dép'!AL38,'Val-Dép'!AL38:AM38,2,FALSE ),"0") -> 0 | D67: =IF(AND( 'Val-Dép'!H38="Bq fournis-1an", 'Val-Dép'!I38<>"note de crédit"),VLOOKUP('Val-Dép'!H38,'Val-Dép'!H38:AM38,21,FALSE ),"0") -> 0 | H67: =IF(AND( 'Val-Dép'!AL38="440/560", 'Val-Dép'!I38<>"note de crédit"),VLOOKUP('Val-Dép'!AL38,'Val-Dép'!AL38:AM38,2,FALSE ),"0") -> 0 | I67: =IF(AND( 'Val-Dép'!H38="Bq post fournis-1an", 'Val-Dép'!I38<>"note de crédit"),VLOOKUP('Val-Dép'!H38,'Val-Dép'!H38:AM38,21,FALSE ),"0") -> 0 | M67: =IF(AND( 'Val-Dép'!AL38="440/570", 'Val-Dép'!I38<>"note de crédit"),VLOOKUP('Val-Dép'!AL38,'Val-Dép'!AL38:AM38,2,FALSE ),"0") -> 0 | N67: =IF(AND( 'Val-Dép'!H38="Caisse fournis-1an", 'Val-Dép'!I38<>"note de crédit"),VLOOKUP('Val-Dép'!H38,'Val-Dép'!H38:AM38,21,FALSE ),"0") -> 0 | U67: =IF(( 'Val-Dép'!L28="Crédit-banq" ),'Val-Dép'!AQ28,"0") -> 0 | V67: =IF(('Val-Dép'!L28="Crédit-banq"),'Val-Dép'!W28,"0") -> 0
C68: =IF(AND( 'Val-Dép'!AL39="440/550", 'Val-Dép'!I39<>"note de crédit"),VLOOKUP('Val-Dép'!AL39,'Val-Dép'!AL39:AM39,2,FALSE ),"0") -> 0 | D68: =IF(AND( 'Val-Dép'!H39="Bq fournis-1an", 'Val-Dép'!I39<>"note de crédit"),VLOOKUP('Val-Dép'!H39,'Val-Dép'!H39:AM39,21,FALSE ),"0") -> 0 | H68: =IF(AND( 'Val-Dép'!AL39="440/560", 'Val-Dép'!I39<>"note de crédit"),VLOOKUP('Val-Dép'!AL39,'Val-Dép'!AL39:AM39,2,FALSE ),"0") -> 0 | I68: =IF(AND( 'Val-Dép'!H39="Bq post fournis-1an", 'Val-Dép'!I39<>"note de crédit"),VLOOKUP('Val-Dép'!H39,'Val-Dép'!H39:AM39,21,FALSE ),"0") -> 0 | M68: =IF(AND( 'Val-Dép'!AL39="440/570", 'Val-Dép'!I39<>"note de crédit"),VLOOKUP('Val-Dép'!AL39,'Val-Dép'!AL39:AM39,2,FALSE ),"0") -> 0 | N68: =IF(AND( 'Val-Dép'!H39="Caisse fournis-1an", 'Val-Dép'!I39<>"note de crédit"),VLOOKUP('Val-Dép'!H39,'Val-Dép'!H39:AM39,21,FALSE ),"0") -> 0 | U68: =IF(( 'Val-Dép'!L29="Crédit-banq" ),'Val-Dép'!AQ29,"0") -> 0 | V68: =IF(('Val-Dép'!L29="Crédit-banq"),'Val-Dép'!W29,"0") -> 0
C69: =IF(AND( 'Val-Dép'!AL40="440/550", 'Val-Dép'!I40<>"note de crédit"),VLOOKUP('Val-Dép'!AL40,'Val-Dép'!AL40:AM40,2,FALSE ),"0") -> 0 | D69: =IF(AND( 'Val-Dép'!H40="Bq fournis-1an", 'Val-Dép'!I40<>"note de crédit"),VLOOKUP('Val-Dép'!H40,'Val-Dép'!H40:AM40,21,FALSE ),"0") -> 0 | H69: =IF(AND( 'Val-Dép'!AL40="440/560", 'Val-Dép'!I40<>"note de crédit"),VLOOKUP('Val-Dép'!AL40,'Val-Dép'!AL40:AM40,2,FALSE ),"0") -> 0 | I69: =IF(AND( 'Val-Dép'!H40="Bq post fournis-1an", 'Val-Dép'!I40<>"note de crédit"),VLOOKUP('Val-Dép'!H40,'Val-Dép'!H40:AM40,21,FALSE ),"0") -> 0 | M69: =IF(AND( 'Val-Dép'!AL40="440/570", 'Val-Dép'!I40<>"note de crédit"),VLOOKUP('Val-Dép'!AL40,'Val-Dép'!AL40:AM40,2,FALSE ),"0") -> 0 | N69: =IF(AND( 'Val-Dép'!H40="Caisse fournis-1an", 'Val-Dép'!I40<>"note de crédit"),VLOOKUP('Val-Dép'!H40,'Val-Dép'!H40:AM40,21,FALSE ),"0") -> 0 | U69: =IF(( 'Val-Dép'!L30="Crédit-banq" ),'Val-Dép'!AQ30,"0") -> 0 | V69: =IF(('Val-Dép'!L30="Crédit-banq"),'Val-Dép'!W30,"0") -> 0
C70: =IF(AND( 'Val-Dép'!AL41="440/550", 'Val-Dép'!I41<>"note de crédit"),VLOOKUP('Val-Dép'!AL41,'Val-Dép'!AL41:AM41,2,FALSE ),"0") -> 0 | D70: =IF(AND( 'Val-Dép'!H41="Bq fournis-1an", 'Val-Dép'!I41<>"note de crédit"),VLOOKUP('Val-Dép'!H41,'Val-Dép'!H41:AM41,21,FALSE ),"0") -> 0 | H70: =IF(AND( 'Val-Dép'!AL41="440/560", 'Val-Dép'!I41<>"note de crédit"),VLOOKUP('Val-Dép'!AL41,'Val-Dép'!AL41:AM41,2,FALSE ),"0") -> 0 | I70: =IF(AND( 'Val-Dép'!H41="Bq post fournis-1an", 'Val-Dép'!I41<>"note de crédit"),VLOOKUP('Val-Dép'!H41,'Val-Dép'!H41:AM41,21,FALSE ),"0") -> 0 | M70: =IF(AND( 'Val-Dép'!AL41="440/570", 'Val-Dép'!I41<>"note de crédit"),VLOOKUP('Val-Dép'!AL41,'Val-Dép'!AL41:AM41,2,FALSE ),"0") -> 0 | N70: =IF(AND( 'Val-Dép'!H41="Caisse fournis-1an", 'Val-Dép'!I41<>"note de crédit"),VLOOKUP('Val-Dép'!H41,'Val-Dép'!H41:AM41,21,FALSE ),"0") -> 0 | U70: =IF(( 'Val-Dép'!L31="Crédit-banq" ),'Val-Dép'!AQ31,"0") -> 0 | V70: =IF(('Val-Dép'!L31="Crédit-banq"),'Val-Dép'!W31,"0") -> 0
C71: =IF(AND( 'Val-Dép'!AL42="440/550", 'Val-Dép'!I42<>"note de crédit"),VLOOKUP('Val-Dép'!AL42,'Val-Dép'!AL42:AM42,2,FALSE ),"0") -> 0 | D71: =IF(AND( 'Val-Dép'!H42="Bq fournis-1an", 'Val-Dép'!I42<>"note de crédit"),VLOOKUP('Val-Dép'!H42,'Val-Dép'!H42:AM42,21,FALSE ),"0") -> 0 | H71: =IF(AND( 'Val-Dép'!AL42="440/560", 'Val-Dép'!I42<>"note de crédit"),VLOOKUP('Val-Dép'!AL42,'Val-Dép'!AL42:AM42,2,FALSE ),"0") -> 0 | I71: =IF(AND( 'Val-Dép'!H42="Bq post fournis-1an", 'Val-Dép'!I42<>"note de crédit"),VLOOKUP('Val-Dép'!H42,'Val-Dép'!H42:AM42,21,FALSE ),"0") -> 0 | M71: =IF(AND( 'Val-Dép'!AL42="440/570", 'Val-Dép'!I42<>"note de crédit"),VLOOKUP('Val-Dép'!AL42,'Val-Dép'!AL42:AM42,2,FALSE ),"0") -> 0 | N71: =IF(AND( 'Val-Dép'!H42="Caisse fournis-1an", 'Val-Dép'!I42<>"note de crédit"),VLOOKUP('Val-Dép'!H42,'Val-Dép'!H42:AM42,21,FALSE ),"0") -> 0 | U71: =IF(( 'Val-Dép'!L32="Crédit-banq" ),'Val-Dép'!AQ32,"0") -> 0 | V71: =IF(('Val-Dép'!L32="Crédit-banq"),'Val-Dép'!W32,"0") -> 0
C72: =IF(AND( 'Val-Dép'!AL43="440/550", 'Val-Dép'!I43<>"note de crédit"),VLOOKUP('Val-Dép'!AL43,'Val-Dép'!AL43:AM43,2,FALSE ),"0") -> 0 | D72: =IF(AND( 'Val-Dép'!H43="Bq fournis-1an", 'Val-Dép'!I43<>"note de crédit"),VLOOKUP('Val-Dép'!H43,'Val-Dép'!H43:AM43,21,FALSE ),"0") -> 0 | H72: =IF(AND( 'Val-Dép'!AL43="440/560", 'Val-Dép'!I43<>"note de crédit"),VLOOKUP('Val-Dép'!AL43,'Val-Dép'!AL43:AM43,2,FALSE ),"0") -> 0 | I72: =IF(AND( 'Val-Dép'!H43="Bq post fournis-1an", 'Val-Dép'!I43<>"note de crédit"),VLOOKUP('Val-Dép'!H43,'Val-Dép'!H43:AM43,21,FALSE ),"0") -> 0 | M72: =IF(AND( 'Val-Dép'!AL43="440/570", 'Val-Dép'!I43<>"note de crédit"),VLOOKUP('Val-Dép'!AL43,'Val-Dép'!AL43:AM43,2,FALSE ),"0") -> 0 | N72: =IF(AND( 'Val-Dép'!H43="Caisse fournis-1an", 'Val-Dép'!I43<>"note de crédit"),VLOOKUP('Val-Dép'!H43,'Val-Dép'!H43:AM43,21,FALSE ),"0") -> 0 | U72: =IF(( 'Val-Dép'!L33="Crédit-banq" ),'Val-Dép'!AQ33,"0") -> 0 | V72: =IF(('Val-Dép'!L33="Crédit-banq"),'Val-Dép'!W33,"0") -> 0
C73: =IF(AND( 'Val-Dép'!AL44="440/550", 'Val-Dép'!I44<>"note de crédit"),VLOOKUP('Val-Dép'!AL44,'Val-Dép'!AL44:AM44,2,FALSE ),"0") -> 0 | D73: =IF(AND( 'Val-Dép'!H44="Bq fournis-1an", 'Val-Dép'!I44<>"note de crédit"),VLOOKUP('Val-Dép'!H44,'Val-Dép'!H44:AM44,21,FALSE ),"0") -> 0 | H73: =IF(AND( 'Val-Dép'!AL44="440/560", 'Val-Dép'!I44<>"note de crédit"),VLOOKUP('Val-Dép'!AL44,'Val-Dép'!AL44:AM44,2,FALSE ),"0") -> 0 | I73: =IF(AND( 'Val-Dép'!H44="Bq post fournis-1an", 'Val-Dép'!I44<>"note de crédit"),VLOOKUP('Val-Dép'!H44,'Val-Dép'!H44:AM44,21,FALSE ),"0") -> 0 | M73: =IF(AND( 'Val-Dép'!AL44="440/570", 'Val-Dép'!I44<>"note de crédit"),VLOOKUP('Val-Dép'!AL44,'Val-Dép'!AL44:AM44,2,FALSE ),"0") -> 0 | N73: =IF(AND( 'Val-Dép'!H44="Caisse fournis-1an", 'Val-Dép'!I44<>"note de crédit"),VLOOKUP('Val-Dép'!H44,'Val-Dép'!H44:AM44,21,FALSE ),"0") -> 0 | V73: =IF(('Val-Dép'!L34="Crédit-banq"),'Val-Dép'!W34,"0") -> 0
C74: =IF(AND( 'Val-Dép'!AL45="440/550", 'Val-Dép'!I45<>"note de crédit"),VLOOKUP('Val-Dép'!AL45,'Val-Dép'!AL45:AM45,2,FALSE ),"0") -> 0 | D74: =IF(AND( 'Val-Dép'!H45="Bq fournis-1an", 'Val-Dép'!I45<>"note de crédit"),VLOOKUP('Val-Dép'!H45,'Val-Dép'!H45:AM45,21,FALSE ),"0") -> 0 | H74: =IF(AND( 'Val-Dép'!AL45="440/560", 'Val-Dép'!I45<>"note de crédit"),VLOOKUP('Val-Dép'!AL45,'Val-Dép'!AL45:AM45,2,FALSE ),"0") -> 0 | I74: =IF(AND( 'Val-Dép'!H45="Bq post fournis-1an", 'Val-Dép'!I45<>"note de crédit"),VLOOKUP('Val-Dép'!H45,'Val-Dép'!H45:AM45,21,FALSE ),"0") -> 0 | M74: =IF(AND( 'Val-Dép'!AL45="440/570", 'Val-Dép'!I45<>"note de crédit"),VLOOKUP('Val-Dép'!AL45,'Val-Dép'!AL45:AM45,2,FALSE ),"0") -> 0 | N74: =IF(AND( 'Val-Dép'!H45="Caisse fournis-1an", 'Val-Dép'!I45<>"note de crédit"),VLOOKUP('Val-Dép'!H45,'Val-Dép'!H45:AM45,21,FALSE ),"0") -> 0 | U74: =IF( 'Val-Dép'!H55="430",VLOOKUP('Val-Dép'!H55,'Val-Dép'!H55:I55,2,FALSE),"0") -> 0 | Z74: =IF( 'Val-Dép'!H55="430",VLOOKUP('Val-Dép'!H55,'Val-Dép'!H55:I55,2,FALSE),"0") -> 0 | AE74: =IF( 'Val-Dép'!H55="430",VLOOKUP('Val-Dép'!H55,'Val-Dép'!H55:I55,2,FALSE),"0") -> 0
C75: =IF(AND( 'Val-Dép'!AL46="440/550", 'Val-Dép'!I46<>"note de crédit"),VLOOKUP('Val-Dép'!AL46,'Val-Dép'!AL46:AM46,2,FALSE ),"0") -> 0 | D75: =IF(AND( 'Val-Dép'!H46="Bq fournis-1an", 'Val-Dép'!I46<>"note de crédit"),VLOOKUP('Val-Dép'!H46,'Val-Dép'!H46:AM46,21,FALSE ),"0") -> 0 | H75: =IF(AND( 'Val-Dép'!AL46="440/560", 'Val-Dép'!I46<>"note de crédit"),VLOOKUP('Val-Dép'!AL46,'Val-Dép'!AL46:AM46,2,FALSE ),"0") -> 0 | I75: =IF(AND( 'Val-Dép'!H46="Bq post fournis-1an", 'Val-Dép'!I46<>"note de crédit"),VLOOKUP('Val-Dép'!H46,'Val-Dép'!H46:AM46,21,FALSE ),"0") -> 0 | M75: =IF(AND( 'Val-Dép'!AL46="440/570", 'Val-Dép'!I46<>"note de crédit"),VLOOKUP('Val-Dép'!AL46,'Val-Dép'!AL46:AM46,2,FALSE ),"0") -> 0 | N75: =IF(AND( 'Val-Dép'!H46="Caisse fournis-1an", 'Val-Dép'!I46<>"note de crédit"),VLOOKUP('Val-Dép'!H46,'Val-Dép'!H46:AM46,21,FALSE ),"0") -> 0 | U75: =IF( 'Val-Dép'!H56="430",VLOOKUP('Val-Dép'!H56,'Val-Dép'!H56:I56,2,FALSE),"0") -> 0 | Z75: =IF( 'Val-Dép'!H56="430",VLOOKUP('Val-Dép'!H56,'Val-Dép'!H56:I56,2,FALSE),"0") -> 0 | AE75: =IF( 'Val-Dép'!H56="430",VLOOKUP('Val-Dép'!H56,'Val-Dép'!H56:I56,2,FALSE),"0") -> 0
C76: =SUM(C64:C75) -> 0 | D76: =SUM(D63:D75) -> 11500 | H76: =SUM(H64:H75) -> 0 | I76: =SUM(I64:I75) -> 0 | M76: =SUM(M64:M75) -> 0 | N76: =SUM(N64:N74) -> 0 | U76: =IF( 'Val-Dép'!H57="430",VLOOKUP('Val-Dép'!H57,'Val-Dép'!H57:I57,2,FALSE),"0") -> 0 | Z76: =IF( 'Val-Dép'!H57="430",VLOOKUP('Val-Dép'!H57,'Val-Dép'!H57:I57,2,FALSE),"0") -> 0 | AE76: =IF( 'Val-Dép'!H57="430",VLOOKUP('Val-Dép'!H57,'Val-Dép'!H57:I57,2,FALSE),"0") -> 0
C77: =($C$76-$D$76) -> -11500 | D77: =($D$76-$C$76) -> 11500 | E77: SC | H77: =($H$76-$I$76) -> 0 | I77: =($H$76-$I$76) -> 0 | J77: SC | M77: =($M$77-$N$77) -> 0 | N77: =N77-M77 -> 0 | O77: SC | U77: =IF( 'Val-Dép'!H58="430",VLOOKUP('Val-Dép'!H58,'Val-Dép'!H58:I58,2,FALSE),"0") -> 0 | W77: IN | Z77: =IF( 'Val-Dép'!H58="430",VLOOKUP('Val-Dép'!H58,'Val-Dép'!H58:I58,2,FALSE),"0") -> 0 | AB77: IN | AE77: =IF( 'Val-Dép'!H58="430",VLOOKUP('Val-Dép'!H58,'Val-Dép'!H58:I58,2,FALSE),"0") -> 0 | AG77: IN
C78: On peut additionner tous les fournisseurs | I78: Total =>>> | M78: =SUM(C77,H77,M77) -> 0 | N78: =SUM(D77,I77,N77) -> 0 | O78: SCT | U78: =IF( 'Val-Dép'!H59="430",VLOOKUP('Val-Dép'!H59,'Val-Dép'!H59:I59,2,FALSE),"0") -> 0 | Z78: =IF( 'Val-Dép'!H59="430",VLOOKUP('Val-Dép'!H59,'Val-Dép'!H59:I59,2,FALSE),"0") -> 0 | AE78: =IF( 'Val-Dép'!H59="430",VLOOKUP('Val-Dép'!H59,'Val-Dép'!H59:I59,2,FALSE),"0") -> 0
U79: =IF( 'Val-Dép'!H60="430",VLOOKUP('Val-Dép'!H60,'Val-Dép'!H60:I60,2,FALSE),"0") -> 0 | Z79: =IF( 'Val-Dép'!H60="430",VLOOKUP('Val-Dép'!H60,'Val-Dép'!H60:I60,2,FALSE),"0") -> 0 | AE79: =IF( 'Val-Dép'!H60="430",VLOOKUP('Val-Dép'!H60,'Val-Dép'!H60:I60,2,FALSE),"0") -> 0
U80: Etat-crédit (D-) | V80: Etat-crédir (C+) | Z80: Etat-crédit (D-) | AA80: Etat-crédir (C+) | AE80: Etat-crédit (D-) | AF80: Etat-crédir (C+)
D81: Tout doit être séparé | T81: D- | U81: =SUM(U64:U79) -> 0 | V81: =SUM(V63:V79) -> 0 | W81: C+ | Y81: D- | Z81: =SUM(Z64:Z79) -> 0 | AA81: =SUM(AA63:AA79) -> 0 | AB81: C+ | AD81: D- | AE81: =SUM(AE64:AE79) -> 0 | AF81: =SUM(AF63:AF79) -> 0 | AG81: C+
B82: TOTAL de la BANQUE | G82: TOTAL de la Bq post (OCP) | L82: TOTAL de la CAISSE | U82: =IF(U81>V81,U81-V81,0) -> 0 | V82: =IF(U81<V81,V81-U81,0) -> 0 | W82: SC | Z82: =IF(Z81>AA81,Z81-AA81,0) -> 0 | AA82: =IF(Z81<AA81,AA81-Z81,0) -> 0 | AB82: SC | AE82: =IF(AE81>AF81,AE81-AF81,0) -> 0 | AF82: =IF(AE81<AF81,AF81-AE81,0) -> 0 | AG82: SC
B83: Factures CLIENTS | D83: TVAC | G83: Factures CLIENTS | L83: Factures CLIENTS
B84: vers la Banque | G84: vers la Bq Poste | M84: vers la caisse
B85: reçu du CLIENT | D85: Je paie FOURN. | G85: reçu du CLIENT | I85: Je paie FOURN. | L85: reçu du CLIENT | N85: Je paie FOURN.
C86: entrée Bq | D86: sortie Bq | G86: TVAC | L86: TVAC | T86: Etablissement de crédit (+1an)
B87: Journal finan-Bq | D87: Journal-finan-Bq | U87: Remb. Via Banq | V87: Achats à crédit | Z87: Via Bqpost | AA87: Achats à crédit | AE87: Remb.Via Caisse | AF87: Achats à crédit
B88: viens clients (C-) | D88: viens fourn (D-) | G88: viens clients (C-) | I88: viens fourn (D-) | L88: viens clients (C-) | N88: viens fourn (D-) | T88: D- | U88: 173 | V88: crédit+1an | W88: C+ | Y88: D- | Z88: 173 | AA88: Etat-crédit | AB88: C+ | AD88: D- | AE88: 173 | AF88: Etat-crédit | AG88: C+
C89: 400/550 | D89: Bq fourn. | G89: Bq post - clients | I89: Bq post - Fourn. | M89: Bq clients | N89: Bq fourn. | U89: xxxxxxx | V89: =IF(ISNA(VLOOKUP($V$88,'VAL-INIT'!$J$4:$L$63,3,FALSE)),,VLOOKUP($V$88,'VAL-INIT'!$J$4:$L$63,3,FALSE)) -> 0 | W89: vi | Z89: Remb | AB89: vi | AE89: xxxxxxx | AG89: vi
B90: D+ | C90: client(-1an) | D90: Banque | G90: D+ | H90: 400/560 | I90: Bq post | J90: C- | L90: D+ | M90: 400/570 | N90: caisse | O90: C- | T90: ='[1]Val-Dép'!E50 -> 0 | U90: =IF(( 'Val-Dép'!L50="Crédit-banq" ),'Val-Dép'!AQ50,"0") -> 0 | V90: =IF(('Val-Dép'!L50="Crédit-banq"),'Val-Dép'!W50,"0") -> 0
B91: vi | C91: =IF(ISNA(VLOOKUP($D$90,'VAL-INIT'!$D$4:$F$90,3,FALSE)),,VLOOKUP($D$90,'VAL-INIT'!$D$4:$F$90,3,FALSE)) -> 25000 | D91: xxxxxxxxxx | G91: vi | H91: =IF(ISNA(VLOOKUP($I$90,'VAL-INIT'!$D$4:$F$90,3,FALSE)),,VLOOKUP($I$90,'VAL-INIT'!$D$4:$F$90,3,FALSE)) -> 4800 | I91: xxxxxxxxxxx | L91: vi | M91: =IF(ISNA(VLOOKUP($N$90,'VAL-INIT'!$D$4:$F$90,3,FALSE)),,VLOOKUP($N$90,'VAL-INIT'!$D$4:$F$90,3,FALSE)) -> 800 | N91: xxxxxxxxxxx | U91: =IF(( 'Val-Dép'!L51="Crédit-banq" ),'Val-Dép'!AQ51,"0") -> 0 | V91: =IF(('Val-Dép'!L51="Crédit-banq"),'Val-Dép'!W51,"0") -> 0
B92: 35 | C92: =IF(AND( 'Val-Dép'!AE13="400/550", 'Val-Dép'!I13<>"note de crédit"),VLOOKUP('Val-Dép'!AE13,'Val-Dép'!AE13:AF13,2,FALSE ),"0") -> 0 | D92: =IF(AND( 'Val-Dép'!H35="Bq fournis-1an", 'Val-Dép'!I35<>"note de crédit"),VLOOKUP('Val-Dép'!AH35,'Val-Dép'!AH35:AM35,6,FALSE ),"0") -> 0 | E92: 1 | H92: =IF(AND( 'Val-Dép'!AE13="440/560",'Val-Dép'!I13<>"note de crédit"),VLOOKUP('Val-Dép'!AE13,'Val-Dép'!AE13:AF13,2,FALSE ),"0") -> 0 | I92: =IF(AND( 'Val-Dép'!H35="Bq post fournis-1an", 'Val-Dép'!I35<>"note de crédit"),VLOOKUP('Val-Dép'!AH35,'Val-Dép'!AH35:AM35,6,FALSE ),"0") -> 0 | M92: =IF(AND( 'Val-Dép'!AE13="440/570", 'Val-Dép'!AE13="290/570", 'Val-Dép'!I13<>"note de crédit"),VLOOKUP('Val-Dép'!AE13,'Val-Dép'!AE13:AF13,2,FALSE ),"0") -> 0 | N92: =IF(AND( 'Val-Dép'!H35="Caisse fournis-1an", 'Val-Dép'!I35<>"note de crédit"),VLOOKUP('Val-Dép'!AH35,'Val-Dép'!AH35:AM35,6,FALSE ),"0") -> 0 | U92: =IF(( 'Val-Dép'!L52="Crédit-banq" ),'Val-Dép'!AQ52,"0") -> 0 | V92: =IF(('Val-Dép'!L52="Crédit-banq"),'Val-Dép'!W52,"0") -> 0
B93: 36 | C93: =IF(AND( 'Val-Dép'!AE14="400/550", 'Val-Dép'!I14<>"note de crédit"),VLOOKUP('Val-Dép'!AE14,'Val-Dép'!AE14:AF14,2,FALSE ),"0") -> 0 | D93: =IF(AND( 'Val-Dép'!H36="Bq fournis-1an", 'Val-Dép'!I36<>"note de crédit"),VLOOKUP('Val-Dép'!AH36,'Val-Dép'!AH36:AM36,6,FALSE ),"0") -> 0 | H93: =IF(AND( 'Val-Dép'!AE14="440/560",'Val-Dép'!I14<>"note de crédit"),VLOOKUP('Val-Dép'!AE14,'Val-Dép'!AE14:AF14,2,FALSE ),"0") -> 0 | I93: =IF(AND( 'Val-Dép'!H36="Bq post fournis-1an", 'Val-Dép'!I36<>"note de crédit"),VLOOKUP('Val-Dép'!AH36,'Val-Dép'!AH36:AM36,6,FALSE ),"0") -> 0 | M93: =IF(AND( 'Val-Dép'!AE14="440/570", 'Val-Dép'!AE14="290/570", 'Val-Dép'!I14<>"note de crédit"),VLOOKUP('Val-Dép'!AE14,'Val-Dép'!AE14:AF14,2,FALSE ),"0") -> 0 | N93: =IF(AND( 'Val-Dép'!H36="Caisse fournis-1an", 'Val-Dép'!I36<>"note de crédit"),VLOOKUP('Val-Dép'!AH36,'Val-Dép'!AH36:AM36,6,FALSE ),"0") -> 0 | U93: =IF(( 'Val-Dép'!L53="Crédit-banq" ),'Val-Dép'!AQ53,"0") -> 0 | V93: =IF(('Val-Dép'!L53="Crédit-banq"),'Val-Dép'!W53,"0") -> 0
B94: 37 | C94: =IF(AND( 'Val-Dép'!AE15="400/550", 'Val-Dép'!I15<>"note de crédit"),VLOOKUP('Val-Dép'!AE15,'Val-Dép'!AE15:AF15,2,FALSE ),"0") -> 0 | D94: =IF(AND( 'Val-Dép'!H37="Bq fournis-1an", 'Val-Dép'!I37<>"note de crédit"),VLOOKUP('Val-Dép'!AH37,'Val-Dép'!AH37:AM37,6,FALSE ),"0") -> 0 | E94: 4 | H94: =IF(AND( 'Val-Dép'!AE15="440/560",'Val-Dép'!I15<>"note de crédit"),VLOOKUP('Val-Dép'!AE15,'Val-Dép'!AE15:AF15,2,FALSE ),"0") -> 0 | I94: =IF(AND( 'Val-Dép'!H37="Bq post fournis-1an", 'Val-Dép'!I37<>"note de crédit"),VLOOKUP('Val-Dép'!AH37,'Val-Dép'!AH37:AM37,6,FALSE ),"0") -> 0 | M94: =IF(AND( 'Val-Dép'!AE15="440/570", 'Val-Dép'!AE15="290/570", 'Val-Dép'!I15<>"note de crédit"),VLOOKUP('Val-Dép'!AE15,'Val-Dép'!AE15:AF15,2,FALSE ),"0") -> 0 | N94: =IF(AND( 'Val-Dép'!H37="Caisse fournis-1an", 'Val-Dép'!I37<>"note de crédit"),VLOOKUP('Val-Dép'!AH37,'Val-Dép'!AH37:AM37,6,FALSE ),"0") -> 0 | U94: =IF(( 'Val-Dép'!L54="Crédit-banq" ),'Val-Dép'!AQ54,"0") -> 0 | V94: =IF(('Val-Dép'!L54="Crédit-banq"),'Val-Dép'!W54,"0") -> 0
B95: 38 | C95: =IF(AND( 'Val-Dép'!AE16="400/550", 'Val-Dép'!I16<>"note de crédit"),VLOOKUP('Val-Dép'!AE16,'Val-Dép'!AE16:AF16,2,FALSE ),"0") -> 0 | D95: =IF(AND( 'Val-Dép'!H38="Bq fournis-1an", 'Val-Dép'!I38<>"note de crédit"),VLOOKUP('Val-Dép'!AH38,'Val-Dép'!AH38:AM38,6,FALSE ),"0") -> 0 | H95: =IF(AND( 'Val-Dép'!AE16="440/560",'Val-Dép'!I16<>"note de crédit"),VLOOKUP('Val-Dép'!AE16,'Val-Dép'!AE16:AF16,2,FALSE ),"0") -> 0 | I95: =IF(AND( 'Val-Dép'!H38="Bq post fournis-1an", 'Val-Dép'!I38<>"note de crédit"),VLOOKUP('Val-Dép'!AH38,'Val-Dép'!AH38:AM38,6,FALSE ),"0") -> 0 | M95: =IF(AND( 'Val-Dép'!AE16="440/570", 'Val-Dép'!AE16="290/570", 'Val-Dép'!I16<>"note de crédit"),VLOOKUP('Val-Dép'!AE16,'Val-Dép'!AE16:AF16,2,FALSE ),"0") -> 0 | N95: =IF(AND( 'Val-Dép'!H38="Caisse fournis-1an", 'Val-Dép'!I38<>"note de crédit"),VLOOKUP('Val-Dép'!AH38,'Val-Dép'!AH38:AM38,6,FALSE ),"0") -> 0 | U95: =IF(( 'Val-Dép'!L55="Crédit-banq" ),'Val-Dép'!AQ55,"0") -> 0 | V95: =IF(('Val-Dép'!L55="Crédit-banq"),'Val-Dép'!W55,"0") -> 0
B96: 39 | C96: =IF(AND( 'Val-Dép'!AE17="400/550", 'Val-Dép'!I17<>"note de crédit"),VLOOKUP('Val-Dép'!AE17,'Val-Dép'!AE17:AF17,2,FALSE ),"0") -> 0 | D96: =IF(AND( 'Val-Dép'!H39="Bq fournis-1an", 'Val-Dép'!I39<>"note de crédit"),VLOOKUP('Val-Dép'!AH39,'Val-Dép'!AH39:AM39,6,FALSE ),"0") -> 0 | H96: =IF(AND( 'Val-Dép'!AE17="440/560",'Val-Dép'!I17<>"note de crédit"),VLOOKUP('Val-Dép'!AE17,'Val-Dép'!AE17:AF17,2,FALSE ),"0") -> 0 | I96: =IF(AND( 'Val-Dép'!H39="Bq post fournis-1an", 'Val-Dép'!I39<>"note de crédit"),VLOOKUP('Val-Dép'!AH39,'Val-Dép'!AH39:AM39,6,FALSE ),"0") -> 0 | M96: =IF(AND( 'Val-Dép'!AE17="440/570", 'Val-Dép'!AE17="290/570", 'Val-Dép'!I17<>"note de crédit"),VLOOKUP('Val-Dép'!AE17,'Val-Dép'!AE17:AF17,2,FALSE ),"0") -> 0 | N96: =IF(AND( 'Val-Dép'!H39="Caisse fournis-1an", 'Val-Dép'!I39<>"note de crédit"),VLOOKUP('Val-Dép'!AH39,'Val-Dép'!AH39:AM39,6,FALSE ),"0") -> 0 | U96: =IF(( 'Val-Dép'!L56="Crédit-banq" ),'Val-Dép'!AQ56,"0") -> 0 | V96: =IF(('Val-Dép'!L56="Crédit-banq"),'Val-Dép'!W56,"0") -> 0
B97: 40 | C97: =IF(AND( 'Val-Dép'!AE18="400/550", 'Val-Dép'!I18<>"note de crédit"),VLOOKUP('Val-Dép'!AE18,'Val-Dép'!AE18:AF18,2,FALSE ),"0") -> 0 | D97: =IF(AND( 'Val-Dép'!H40="Bq fournis-1an", 'Val-Dép'!I40<>"note de crédit"),VLOOKUP('Val-Dép'!AH40,'Val-Dép'!AH40:AM40,6,FALSE ),"0") -> 0 | H97: =IF(AND( 'Val-Dép'!AE18="440/560",'Val-Dép'!I18<>"note de crédit"),VLOOKUP('Val-Dép'!AE18,'Val-Dép'!AE18:AF18,2,FALSE ),"0") -> 0 | I97: =IF(AND( 'Val-Dép'!H40="Bq post fournis-1an", 'Val-Dép'!I40<>"note de crédit"),VLOOKUP('Val-Dép'!AH40,'Val-Dép'!AH40:AM40,6,FALSE ),"0") -> 0 | M97: =IF(AND( 'Val-Dép'!AE18="440/570", 'Val-Dép'!AE18="290/570", 'Val-Dép'!I18<>"note de crédit"),VLOOKUP('Val-Dép'!AE18,'Val-Dép'!AE18:AF18,2,FALSE ),"0") -> 0 | N97: =IF(AND( 'Val-Dép'!H40="Caisse fournis-1an", 'Val-Dép'!I40<>"note de crédit"),VLOOKUP('Val-Dép'!AH40,'Val-Dép'!AH40:AM40,6,FALSE ),"0") -> 0 | U97: =IF(( 'Val-Dép'!L57="Crédit-banq" ),'Val-Dép'!AQ57,"0") -> 0 | V97: =IF(('Val-Dép'!L57="Crédit-banq"),'Val-Dép'!W57,"0") -> 0
B98: 41 | C98: =IF(AND( 'Val-Dép'!AE19="400/550", 'Val-Dép'!I19<>"note de crédit"),VLOOKUP('Val-Dép'!AE19,'Val-Dép'!AE19:AF19,2,FALSE ),"0") -> 0 | D98: =IF(AND( 'Val-Dép'!H41="Bq fournis-1an", 'Val-Dép'!I41<>"note de crédit"),VLOOKUP('Val-Dép'!AH41,'Val-Dép'!AH41:AM41,6,FALSE ),"0") -> 0 | H98: =IF(AND( 'Val-Dép'!AE19="440/560",'Val-Dép'!I19<>"note de crédit"),VLOOKUP('Val-Dép'!AE19,'Val-Dép'!AE19:AF19,2,FALSE ),"0") -> 0 | I98: =IF(AND( 'Val-Dép'!H41="Bq post fournis-1an", 'Val-Dép'!I41<>"note de crédit"),VLOOKUP('Val-Dép'!AH41,'Val-Dép'!AH41:AM41,6,FALSE ),"0") -> 0 | M98: =IF(AND( 'Val-Dép'!AE19="440/570", 'Val-Dép'!AE19="290/570", 'Val-Dép'!I19<>"note de crédit"),VLOOKUP('Val-Dép'!AE19,'Val-Dép'!AE19:AF19,2,FALSE ),"0") -> 0 | N98: =IF(AND( 'Val-Dép'!H41="Caisse fournis-1an", 'Val-Dép'!I41<>"note de crédit"),VLOOKUP('Val-Dép'!AH41,'Val-Dép'!AH41:AM41,6,FALSE ),"0") -> 0 | U98: =IF(( 'Val-Dép'!L58="Crédit-banq" ),'Val-Dép'!AQ58,"0") -> 0 | V98: =IF(('Val-Dép'!L58="Crédit-banq"),'Val-Dép'!W58,"0") -> 0
B99: 42 | C99: =IF(AND( 'Val-Dép'!AE20="400/550", 'Val-Dép'!I20<>"note de crédit"),VLOOKUP('Val-Dép'!AE20,'Val-Dép'!AE20:AF20,2,FALSE ),"0") -> 0 | D99: =IF(AND( 'Val-Dép'!H42="Bq fournis-1an", 'Val-Dép'!I42<>"note de crédit"),VLOOKUP('Val-Dép'!AH42,'Val-Dép'!AH42:AM42,6,FALSE ),"0") -> 0 | H99: =IF(AND( 'Val-Dép'!AE20="440/560",'Val-Dép'!I20<>"note de crédit"),VLOOKUP('Val-Dép'!AE20,'Val-Dép'!AE20:AF20,2,FALSE ),"0") -> 0 | I99: =IF(AND( 'Val-Dép'!H42="Bq post fournis-1an", 'Val-Dép'!I42<>"note de crédit"),VLOOKUP('Val-Dép'!AH42,'Val-Dép'!AH42:AM42,6,FALSE ),"0") -> 0 | M99: =IF(AND( 'Val-Dép'!AE20="440/570", 'Val-Dép'!AE20="290/570", 'Val-Dép'!I20<>"note de crédit"),VLOOKUP('Val-Dép'!AE20,'Val-Dép'!AE20:AF20,2,FALSE ),"0") -> 0 | N99: =IF(AND( 'Val-Dép'!H42="Caisse fournis-1an", 'Val-Dép'!I42<>"note de crédit"),VLOOKUP('Val-Dép'!AH42,'Val-Dép'!AH42:AM42,6,FALSE ),"0") -> 0 | V99: =IF(('Val-Dép'!L59="Crédit-banq"),'Val-Dép'!W59,"0") -> 0
B100: 43 | C100: =IF(AND( 'Val-Dép'!AE21="400/550", 'Val-Dép'!I21<>"note de crédit"),VLOOKUP('Val-Dép'!AE21,'Val-Dép'!AE21:AF21,2,FALSE ),"0") -> 0 | D100: =IF(AND( 'Val-Dép'!H43="Bq fournis-1an", 'Val-Dép'!I43<>"note de crédit"),VLOOKUP('Val-Dép'!AH43,'Val-Dép'!AH43:AM43,6,FALSE ),"0") -> 0 | H100: =IF(AND( 'Val-Dép'!AE21="440/560",'Val-Dép'!I21<>"note de crédit"),VLOOKUP('Val-Dép'!AE21,'Val-Dép'!AE21:AF21,2,FALSE ),"0") -> 0 | I100: =IF(AND( 'Val-Dép'!H43="Bq post fournis-1an", 'Val-Dép'!I43<>"note de crédit"),VLOOKUP('Val-Dép'!AH43,'Val-Dép'!AH43:AM43,6,FALSE ),"0") -> 0 | M100: =IF(AND( 'Val-Dép'!AE21="440/570", 'Val-Dép'!AE21="290/570", 'Val-Dép'!I21<>"note de crédit"),VLOOKUP('Val-Dép'!AE21,'Val-Dép'!AE21:AF21,2,FALSE ),"0") -> 0 | N100: =IF(AND( 'Val-Dép'!H43="Caisse fournis-1an", 'Val-Dép'!I43<>"note de crédit"),VLOOKUP('Val-Dép'!AH43,'Val-Dép'!AH43:AM43,6,FALSE ),"0") -> 0 | U100: =IF( 'Val-Dép'!H55="173",VLOOKUP('Val-Dép'!H55,'Val-Dép'!H55:I55,2,FALSE),"0") -> 0 | Z100: =IF( 'Val-Dép'!M55="173",VLOOKUP('Val-Dép'!M55,'Val-Dép'!M55:N55,2,FALSE),"0") -> 0 | AE100: =IF( 'Val-Dép'!R55="173",VLOOKUP('Val-Dép'!R55,'Val-Dép'!R55:S55,2,FALSE),"0") -> 0
B101: 44 | C101: =IF(AND( 'Val-Dép'!AE22="400/550", 'Val-Dép'!I22<>"note de crédit"),VLOOKUP('Val-Dép'!AE22,'Val-Dép'!AE22:AF22,2,FALSE ),"0") -> 0 | D101: =IF(AND( 'Val-Dép'!H44="Bq fournis-1an", 'Val-Dép'!I44<>"note de crédit"),VLOOKUP('Val-Dép'!AH44,'Val-Dép'!AH44:AM44,6,FALSE ),"0") -> 0 | H101: =IF(AND( 'Val-Dép'!AE22="440/560",'Val-Dép'!I22<>"note de crédit"),VLOOKUP('Val-Dép'!AE22,'Val-Dép'!AE22:AF22,2,FALSE ),"0") -> 0 | I101: =IF(AND( 'Val-Dép'!H44="Bq post fournis-1an", 'Val-Dép'!I44<>"note de crédit"),VLOOKUP('Val-Dép'!AH44,'Val-Dép'!AH44:AM44,6,FALSE ),"0") -> 0 | M101: =IF(AND( 'Val-Dép'!AE22="440/570", 'Val-Dép'!AE22="290/570", 'Val-Dép'!I22<>"note de crédit"),VLOOKUP('Val-Dép'!AE22,'Val-Dép'!AE22:AF22,2,FALSE ),"0") -> 0 | N101: =IF(AND( 'Val-Dép'!H44="Caisse fournis-1an", 'Val-Dép'!I44<>"note de crédit"),VLOOKUP('Val-Dép'!AH44,'Val-Dép'!AH44:AM44,6,FALSE ),"0") -> 0 | U101: =IF( 'Val-Dép'!H56="173",VLOOKUP('Val-Dép'!H56,'Val-Dép'!H56:I56,2,FALSE),"0") -> 0 | Z101: =IF( 'Val-Dép'!M56="173",VLOOKUP('Val-Dép'!M56,'Val-Dép'!M56:N56,2,FALSE),"0") -> 0 | AE101: =IF( 'Val-Dép'!R56="173",VLOOKUP('Val-Dép'!R56,'Val-Dép'!R56:S56,2,FALSE),"0") -> 0
B102: 45 | C102: =IF(AND( 'Val-Dép'!AE23="400/550", 'Val-Dép'!I23<>"note de crédit"),VLOOKUP('Val-Dép'!AE23,'Val-Dép'!AE23:AF23,2,FALSE ),"0") -> 0 | D102: =IF(AND( 'Val-Dép'!H45="Bq fournis-1an", 'Val-Dép'!I45<>"note de crédit"),VLOOKUP('Val-Dép'!AH45,'Val-Dép'!AH45:AM45,6,FALSE ),"0") -> 0 | H102: =IF(AND( 'Val-Dép'!AE23="440/560",'Val-Dép'!I23<>"note de crédit"),VLOOKUP('Val-Dép'!AE23,'Val-Dép'!AE23:AF23,2,FALSE ),"0") -> 0 | I102: =IF(AND( 'Val-Dép'!H45="Bq post fournis-1an", 'Val-Dép'!I45<>"note de crédit"),VLOOKUP('Val-Dép'!AH45,'Val-Dép'!AH45:AM45,6,FALSE ),"0") -> 0 | M102: =IF(AND( 'Val-Dép'!AE23="440/570", 'Val-Dép'!AE23="290/570", 'Val-Dép'!I23<>"note de crédit"),VLOOKUP('Val-Dép'!AE23,'Val-Dép'!AE23:AF23,2,FALSE ),"0") -> 0 | N102: =IF(AND( 'Val-Dép'!H45="Caisse fournis-1an", 'Val-Dép'!I45<>"note de crédit"),VLOOKUP('Val-Dép'!AH45,'Val-Dép'!AH45:AM45,6,FALSE ),"0") -> 0 | U102: =IF( 'Val-Dép'!H57="173",VLOOKUP('Val-Dép'!H57,'Val-Dép'!H57:I57,2,FALSE),"0") -> 0 | Z102: =IF( 'Val-Dép'!M57="173",VLOOKUP('Val-Dép'!M57,'Val-Dép'!M57:N57,2,FALSE),"0") -> 0 | AE102: =IF( 'Val-Dép'!R57="173",VLOOKUP('Val-Dép'!R57,'Val-Dép'!R57:S57,2,FALSE),"0") -> 0
...

Sheet BILAN AC-PA
B2: 1. BILAN APRES REPARTITION
B3: ACTIF | G3: PCMN | I3: Val. Init | J3: Final
B4: ACTIFS IMMOBILISES | E4: somme de (I + II + III + IV) | G4: 20/28 | I4: =SUM(I5,I7,I9,I22) -> 92500 | J4: =SUM(J5+J7+J9+J22) -> 92500
B5: l. Frais d'établissement (annexe l) | G5: 20 | H5: I | I5: =SUM(I6) -> 0
F6: frais établissemnts
B7: ll. Immobilisations incorporelles (ann. ll) | G7: 21 | H7: II | I7: =SUM(I8) -> 75000 | J7: =SUM(J8) -> 75000
F8: Immeubles | I8: ='VAL-INIT'!F12 -> 75000 | J8: ='Gr liv ACT-PAS'!C10 -> 75000
B9: lll. Immobilisations corporelles (ann.lll) | G9: 22/27 | H9: III | I9: =SUM(I10,I13,I16,I19,I20,I21) -> 17500 | J9: =SUM(J10,J13,J16,J19,J20,J21) -> 17500 | K9: ok | L9: SD
B10: A. | C10: Terrains et constructions | G10: 22 | I10: =SUM(I11) -> 0 | J10: =SUM(J11:J12) -> 0
F11: terrain et constuction | I11: ='VAL-INIT'!F13 -> 0 | J11: ='Gr liv ACT-PAS'!C20 -> 0
K12: ok | L12: SD
B13: B. | C13: Installations, machines et outillage | G13: 23 | I13: =SUM(I14,I15) -> 12500 | J13: =SUM(J14,J15) -> 12500
F14: machine | I14: ='VAL-INIT'!F17 -> 12500 | J14: ='Gr liv ACT-PAS'!C41 -> 12500
F15: outillage | I15: ='VAL-INIT'!F19 -> 0 | J15: ='Gr liv ACT-PAS'!C53 -> 0
B16: C. | C16: Mobilier et matériel roulant | G16: 24 | I16: =SUM(I17,I18) -> 5000 | J16: =SUM(J17,J18) -> 5000
F17: mobilier | I17: ='VAL-INIT'!F23 -> 5000 | J17: ='Gr liv ACT-PAS'!C62 -> 5000
D18: matériel roulant | I18: ='VAL-INIT'!F24 -> 0 | J18: ='Gr liv ACT-PAS'!C76 -> 0
B19: D. | C19: Location-financement et droits similaires | G19: 25 | I19: ='VAL-INIT'!F27 -> 0 | K19: ok | L19: SD
B20: E. | C20: Autres immobilisations corporelles | G20: 26 | I20: ='VAL-INIT'!F30 -> 0
B21: F. | C21: Immobilisations en cours et acomptes versés | G21: 27 | I21: ='VAL-INIT'!F30 -> 0
B22: IV. Immobilisations financières (ann. IV et V) | G22: 28 | H22: IV | I22: =SUM(I29+I26+I23) -> 0 | J22: =SUM(J29+J26+J23) -> 0
B23: A. | C23: Entreprises liées | G23: 28/01 | I23: =SUM(I24:I25) -> 0 | J23: =SUM(J24:J25) -> 0
C24: 1. | D24: Participations | G24: 280
C25: 2. | D25: Créances | G25: 281
B26: B. | C26: Autres entreprises avec lesquelles il existe un lien de participation | G26: 282/3 | I26: =SUM(I27:I28) -> 0 | J26: =SUM(J27:J28) -> 0
C27: 1. | D27: Participations | G27: 282
C28: 2. | D28: Créances | G28: 283
B29: C. | C29: Autres immobilisations financières | G29: 284/8 | I29: =SUM(I30:I31) -> 0 | J29: =SUM(J30:J31) -> 0 | L29: OK
C30: 1. | D30: Actions et parts | G30: 284
C31: 2. | D31: Créances et cautionnements en numéraire | G31: 285/8
B32: ACTIFS CIRCULANTS | D32: somme de ( V + VI + VII + VIII + IX + X) | G32: 29/58 | I32: =SUM(I34+I39+I49+I54+I57) -> 51850 | J32: =SUM(J34,J39,J49,J54,J57,J62) -> 46960
B34: V. Créances à plus d'un an | G34: 29 | H34: V | I34: =SUM(I35,I37) -> 0 | J34: =SUM(J36:J37) -> 0
B35: A. | C35: Créances commerciales | E35: client(+1an) | G35: 290 | I35: =SUM(I36) -> 0 | J35: =SUM(J36) -> 0
F36: client(+1an) | I36: ='VAL-INIT'!F50 -> 0 | J36: ='CLIENTS(400-290)'!Q49 -> 0
B37: B. | C37: Autres créances | G37: 291 | I37: =SUM(I38) -> 0
F38: autres créances | K38: ok | L38: SD
B39: VI. Stocks et commandes en cours d'éxécution | G39: 30/36 | H39: VI | I39: =SUM(I40,I47) -> 15000 | J39: =SUM(J40+J47) -> 10000
B40: A. | C40: Stocks | I40: =SUM(I41:I46) -> 15000 | J40: =SUM(J41:J45) -> 10000
C41: 1. | D41: Approvisionnements | G41: 30/31
C42: 2. | D42: En-cours de fabrication | G42: 32
C43: 3. | D43: Produits finis | G43: 33
C44: 4. | D44: Marchandises | G44: 34 | I44: ='VAL-INIT'!F59 -> 15000 | J44: ='Gr liv ACT-PAS'!$C$91 -> 10000
C45: 5. | D45: Immeubles destinés à la vente | G45: 35
C46: 6. | D46: Acomptes versés | G46: 36 | K46: ok | L46: SD
B47: B. | C47: Commandes en cours d'éxécution | G47: 37 | I47: =SUM(I48) -> 0
F48: command en cours | I48: ='VAL-INIT'!F63 -> 0
B49: VII. Créances à un an au plus | G49: 40/41 | H49: VII | I49: =SUM(I50,I52) -> 6250 | J49: =SUM(J50,J52) -> 6250
B50: A. | C50: Créances commerciales | E50: client(-1an) | G50: 40 | I50: =SUM(I51) -> 6250 | J50: =SUM(J51) -> 6250
F51: client(-1an) | I51: ='VAL-INIT'!F67 -> 6250 | J51: ='CLIENTS(400-290)'!C23 -> 6250
B52: B. | C52: Autres créances | G52: 41 | I52: =SUM(I53) -> 0 | J52: =SUM(J53) -> 0
E53: TVA achats | I53: ='VAL-INIT'!F70 -> 0 | K53: ok | L53: SD
B54: VIII. Placements de trésorerie (ann. V et Vl) | G54: 50/53 | H54: VIII | I54: =SUM(I55,I56) -> 0 | J54: =SUM(J55:J56) -> 0
B55: A. | C55: Actions propres | G55: 50 | I55: ='VAL-INIT'!F73 -> 0
B56: B. | C56: Autres placements | G56: 51/53 | I56: ='VAL-INIT'!F75 -> 0
B57: IX. Valeurs disponibles | D57: Banque + banque poste + caisse OK | G57: 54/58 | H57: IX | I57: =SUM(I58,I60,I61) -> 30600 | J57: =SUM(J58:J61) -> 30710
F58: Banque | G58: 550 | I58: ='VAL-INIT'!F78 -> 25000 | J58: ='CLIENTS(400-290)'!C157 -> 25010
E60: Bq post | F60: O.C.P | G60: 560 | I60: ='VAL-INIT'!F82 -> 4800 | J60: ='CLIENTS(400-290)'!H157 -> 4800 | K60: ok | L60: SD
F61: caisse | G61: 570 | I61: ='VAL-INIT'!F84 -> 800 | J61: ='CLIENTS(400-290)'!M157 -> 900
B62: X. Comptes de régularisation (ann. VIII) | G62: 490/1 | I62: =SUM(I63) -> 0 | J62: =SUM(J63) -> 0 | K62: ok | L62: SD
G63: 600 | I63: ='VAL-INIT'!F87 -> 0 | K63: ok | L63: SD
E64: TOTAL DE L'ACTIF | G64: 20/58 | I64: =SUM(I4+I32) -> 144350 | J64: =SUM(J32+J4) -> 139460
C68: PASSIF | G68: Codes | I68: Initial | J68: Bal-comptes
B69: Capitaux Propres | E69: (I+II+III+IV) | G69: 10/15 | I69: =SUM(I70,I75,I80,I82,I84,I87) -> #REF! | J69: =SUM(J70,J75,J80,J82,J84,J87) -> #VALUE!
B70: l. Capital (ann. VIII) | G70: 10 | I70: =SUM(I71,I73) -> #REF! | J70: =SUM(J71:J73) -> 138600
B71: A. | C71: Capital souscrit | G71: 100 | I71: ='VAL-INIT'!#REF! -> #REF! | J71: ='Gr liv ACT-PAS'!$R$10 -> 138600 | K71: ok | L71: SC
B73: B. | C73: Capital non appelé | G73: 101 | I73: 0
B75: ll. Primes d'émission | G75: 11 | I75: 0
B76: C. | C76: Réserves immunisées | G76: 132
B78: D. | C78: Réserves disponibles | G78: 133
B80: III. Plus-values de réévaluation | I80: =SUM(I81) -> 0
I81: 0
B82: IV. Réserves | I82: 0
I83: 0
B84: V. Bénéfice reporté | G84: 140 | I84: =SUM(I85:I86) -> 0 | J84: ='Comp Résultat'!D51 -> #VALUE!
B85: Perte reportée | G85: 141
B87: VI. Subsides en capital | G87: 15 | I87: 0
B88: PROVISIONS ET IMPOTS DIFFERES | G88: 16 | I88: =SUM(I89+I94) -> 0 | J88: =SUM(J89+J94) -> 0
B89: VII. A. | C89: Provisions pour risques et charges | G89: 160/5 | I89: =SUM(I90:I93) -> 0 | J89: 0
C90: 1. | D90: Pensions et obligations similaires | G90: 160
C91: 2. | D91: Charges fiscales | G91: 161
C92: 3. | D92: Grosses répartitions et gros entretiens | G92: 162
C93: 4. | D93: Autres risques et charges (ann. IX) | G93: 163/5
B94: B. | C94: Impôts différés | G94: 168 | J94: 0
C95: DETTES | G95: 17/49 | I95: =SUM(I96,I110) -> 5750 | J95: =SUM(J96,J110) -> 23000
B96: VIII. Dettes à plus d'un an (ann. X) | F96: (+1an) | G96: 17 | I96: =SUM(I97,I103,I106,I108) -> 0 | J96: =SUM(J97,J103,J106) -> 11500
B97: A. | C97: Dettes financières | G97: 170/4 | I97: =SUM(I98:I102) -> 0 | J97: =SUM(J98:J102) -> 0
C98: 1. | D98: Emprunts subordonnés | G98: 170
C99: 2. | D99: Emprunts obligataires non subordonnés | G99: 171
C100: 3. | D100: Dettes de location-financement et assimilées | G100: 172
C101: 4. | D101: Etablissements de crédit | F101: crédit+1an | G101: 173 | I101: ='VAL-INIT'!L34 -> 0 | J101: ='Gr liv ACT-PAS'!$R$59 -> 0
C102: 5. | D102: Autres emprunts | F102: emprunts+1an | G102: 174 | J102: ='Bal des comptes'!$G$10 -> 0
B103: B. | C103: Dettes commerciales | G103: 175 | I103: =SUM(I104:I105) -> 0 | J103: =SUM(J104:J105) -> 11500
C104: 1. | D104: Fournisseurs | F104: fournis+1an | G104: 1750 | I104: ='VAL-INIT'!L37 -> 0 | J104: ='CLIENTS(400-290)'!D77 -> 11500
C105: 2. | D105: Effets à payer | G105: 1751
B106: C. | C106: Acomptes reçus sur commandes | G106: 176 | I106: =SUM(I107) -> 0 | J106: 0
B108: D. | C108: Autres dettes | G108: 178/9 | I108: =SUM(I109) -> 0 | J108: 0
B110: IX. Dettes à un an au plus (ann. X) | F110: (-1an) | G110: 42/48 | I110: =SUM(I112,I116,I120,I122,I126) -> 5750 | J110: =SUM(J112,J116,J120,J122,J126) -> 11500
B111: A. | C111: Dettes à plus d'un an échéant dans l'année | G111: 42 | I111: ='VAL-INIT'!L44 -> 0
B112: B. | C112: Dettes financières | G112: 43 | I112: =SUM(I113,I114,I115) -> 0 | J112: =SUM(J113:J115) -> 0
C113: 1. | D113: Etablissements de crédit | F113: crédit-1an | G113: 430/8 | I113: ='VAL-INIT'!L47 -> 0 | J113: ='Gr liv ACT-PAS'!R32 -> 0
...

Sheet Liv-Four-client
A2: LIVRE de compte CLIENTS ET FOURNISSEURS
D3: LIVRE compte clients | L3: LIVRE Compte fournisseurs
D4: Attention pour déterminer le code client ( par exem : C0001)
D5: la formule doit être sous forme de matrice c-à-d avoir { } en début et fin de la formule
D6: Pour avoir le signe { } en début et fin , ce placer à la fin et appuyer sur les touches CRTL shift enter ( Pour quitter cliquer sur ENTER)
D7: Pour vérifier si { } sont présentes, CLIQUER sur la case, MAIS cliquer sur une autre case pour sortir
D9: Facture- Clients | F9: Banq - Clients | L9: Banq -Fourn. | N9: Facture - Fourn.
D10: TVAC | L10: TVAC
E11: Ref pr index | M11: Ref pr index
D12: D+ | E12: {=INDEX('Val-Dép'!B$1:B$25,MIN(IF(COUNTIF($E$11:$E$11,'Val-Dép'!B$13:B$25)=0,ROW($13:$25))))} -> C00011 | F12: =IFERROR(VLOOKUP($E$12,'Val-Dép'!$B$13:$D$23,2,FALSE),"") -> client01 | G12: C- | L12: D- | M12: {=INDEX('Val-Dép'!B$1:B$45,MIN(IF(COUNTIF($M$11:$M$11,'Val-Dép'!B$35:B$45)=0,ROW($35:$45))))} -> F0001 | N12: =IFERROR(VLOOKUP($M$12,'Val-Dép'!$B$35:$D$46,2,FALSE),"") -> four01 | O12: C+
D13: vi | E13: =IFERROR(VLOOKUP($E$12,'Val-Dép'!$B$12:$D$25,3,FALSE),"") -> 0 | F13: xxxxxxxx | M13: xxxxxxxxxx | N13: =IFERROR(VLOOKUP($M$12,'Val-Dép'!$B$35:$D$46,3,FALSE),"") -> 0 | O13: vi
C14: 13 | E14: =IF(ISNA(VLOOKUP($E$12,'Val-Dép'!B13:AA13,21,FALSE)),,VLOOKUP($E$12,'Val-Dép'!B13:AA13,21,FALSE)) -> 0 | F14: =IF(ISNA(VLOOKUP($E$12,'Val-Dép'!AA13:AG13,6,FALSE)),,VLOOKUP($E$12,'Val-Dép'!AA13:AG13,6,FALSE)) -> 0 | M14: =IF(ISNA(VLOOKUP($M$12,'Val-Dép'!B35:AM35,38,FALSE)),,VLOOKUP($M$12,'Val-Dép'!B35:AM35,38,FALSE)) -> 0 | N14: =IF(ISNA(VLOOKUP($M$12,'Val-Dép'!B35:AM35,27,FALSE)),,VLOOKUP($M$12,'Val-Dép'!B35:AM35,27,FALSE)) -> 750 | P14: 35
C15: 14 | E15: =IF(ISNA(VLOOKUP($E$12,'Val-Dép'!B14:AA14,21,FALSE)),,VLOOKUP($E$12,'Val-Dép'!B14:AA14,21,FALSE)) -> 0 | F15: =IF(ISNA(VLOOKUP($E$12,'Val-Dép'!AA14:AG14,6,FALSE)),,VLOOKUP($E$12,'Val-Dép'!AA14:AG14,6,FALSE)) -> 0 | M15: =IF(ISNA(VLOOKUP($M$12,'Val-Dép'!B36:AM36,38,FALSE)),,VLOOKUP($M$12,'Val-Dép'!B36:AM36,38,FALSE)) -> 0 | N15: =IF(ISNA(VLOOKUP($M$12,'Val-Dép'!B36:AM36,27,FALSE)),,VLOOKUP($M$12,'Val-Dép'!B36:AM36,27,FALSE)) -> 5000 | P15: 36
C16: 15 | E16: =IF(ISNA(VLOOKUP($E$12,'Val-Dép'!B15:AA15,21,FALSE)),,VLOOKUP($E$12,'Val-Dép'!B15:AA15,21,FALSE)) -> 0 | F16: =IF(ISNA(VLOOKUP($E$12,'Val-Dép'!AA15:AG15,6,FALSE)),,VLOOKUP($E$12,'Val-Dép'!AA15:AG15,6,FALSE)) -> 0 | M16: =IF(ISNA(VLOOKUP($M$12,'Val-Dép'!B37:AM37,38,FALSE)),,VLOOKUP($M$12,'Val-Dép'!B37:AM37,38,FALSE)) -> 0 | N16: =IF(ISNA(VLOOKUP($M$12,'Val-Dép'!B37:AM37,27,FALSE)),,VLOOKUP($M$12,'Val-Dép'!B37:AM37,27,FALSE)) -> 0 | P16: 37
C17: 16 | E17: =IF(ISNA(VLOOKUP($E$12,'Val-Dép'!B16:AA16,21,FALSE)),,VLOOKUP($E$12,'Val-Dép'!B16:AA16,21,FALSE)) -> 0 | F17: =IF(ISNA(VLOOKUP($E$12,'Val-Dép'!AA16:AG16,6,FALSE)),,VLOOKUP($E$12,'Val-Dép'!AA16:AG16,6,FALSE)) -> 0 | M17: =IF(ISNA(VLOOKUP($M$12,'Val-Dép'!B38:AM38,38,FALSE)),,VLOOKUP($M$12,'Val-Dép'!B38:AM38,38,FALSE)) -> 0 | N17: =IF(ISNA(VLOOKUP($M$12,'Val-Dép'!B38:AM38,27,FALSE)),,VLOOKUP($M$12,'Val-Dép'!B38:AM38,27,FALSE)) -> 0 | P17: 38
C18: 17 | E18: =IF(ISNA(VLOOKUP($E$12,'Val-Dép'!B17:AA17,21,FALSE)),,VLOOKUP($E$12,'Val-Dép'!B17:AA17,21,FALSE)) -> 0 | F18: =IF(ISNA(VLOOKUP($E$12,'Val-Dép'!AA17:AG17,6,FALSE)),,VLOOKUP($E$12,'Val-Dép'!AA17:AG17,6,FALSE)) -> 0 | M18: =IF(ISNA(VLOOKUP($M$12,'Val-Dép'!B39:AM39,38,FALSE)),,VLOOKUP($M$12,'Val-Dép'!B39:AM39,38,FALSE)) -> 0 | N18: =IF(ISNA(VLOOKUP($M$12,'Val-Dép'!B39:AM39,27,FALSE)),,VLOOKUP($M$12,'Val-Dép'!B39:AM39,27,FALSE)) -> 0 | P18: 39
C19: 18 | E19: =IF(ISNA(VLOOKUP($E$12,'Val-Dép'!B18:AA18,21,FALSE)),,VLOOKUP($E$12,'Val-Dép'!B18:AA18,21,FALSE)) -> 0 | F19: =IF(ISNA(VLOOKUP($E$12,'Val-Dép'!AA18:AG18,6,FALSE)),,VLOOKUP($E$12,'Val-Dép'!AA18:AG18,6,FALSE)) -> 0 | M19: =IF(ISNA(VLOOKUP($M$12,'Val-Dép'!B40:AM40,38,FALSE)),,VLOOKUP($M$12,'Val-Dép'!B40:AM40,38,FALSE)) -> 0 | N19: =IF(ISNA(VLOOKUP($M$12,'Val-Dép'!B40:AM40,27,FALSE)),,VLOOKUP($M$12,'Val-Dép'!B40:AM40,27,FALSE)) -> 0 | P19: 40
C20: 19 | E20: =IF(ISNA(VLOOKUP($E$12,'Val-Dép'!B19:AA19,21,FALSE)),,VLOOKUP($E$12,'Val-Dép'!B19:AA19,21,FALSE)) -> 0 | F20: =IF(ISNA(VLOOKUP($E$12,'Val-Dép'!AA19:AG19,6,FALSE)),,VLOOKUP($E$12,'Val-Dép'!AA19:AG19,6,FALSE)) -> 0 | M20: =IF(ISNA(VLOOKUP($M$12,'Val-Dép'!B41:AM41,38,FALSE)),,VLOOKUP($M$12,'Val-Dép'!B41:AM41,38,FALSE)) -> 0 | N20: =IF(ISNA(VLOOKUP($M$12,'Val-Dép'!B41:AM41,27,FALSE)),,VLOOKUP($M$12,'Val-Dép'!B41:AM41,27,FALSE)) -> 0 | P20: 41
C21: 20 | E21: =IF(ISNA(VLOOKUP($E$12,'Val-Dép'!B20:AA20,21,FALSE)),,VLOOKUP($E$12,'Val-Dép'!B20:AA20,21,FALSE)) -> 0 | F21: =IF(ISNA(VLOOKUP($E$12,'Val-Dép'!AA20:AG20,6,FALSE)),,VLOOKUP($E$12,'Val-Dép'!AA20:AG20,6,FALSE)) -> 0 | M21: =IF(ISNA(VLOOKUP($M$12,'Val-Dép'!B42:AM42,38,FALSE)),,VLOOKUP($M$12,'Val-Dép'!B42:AM42,38,FALSE)) -> 0 | N21: =IF(ISNA(VLOOKUP($M$12,'Val-Dép'!B42:AM42,27,FALSE)),,VLOOKUP($M$12,'Val-Dép'!B42:AM42,27,FALSE)) -> 0 | P21: 42
C22: 21 | E22: =IF(ISNA(VLOOKUP($E$12,'Val-Dép'!B21:AA21,21,FALSE)),,VLOOKUP($E$12,'Val-Dép'!B21:AA21,21,FALSE)) -> 0 | F22: =IF(ISNA(VLOOKUP($E$12,'Val-Dép'!AA21:AG21,6,FALSE)),,VLOOKUP($E$12,'Val-Dép'!AA21:AG21,6,FALSE)) -> 0 | M22: =IF(ISNA(VLOOKUP($M$12,'Val-Dép'!B43:AM43,38,FALSE)),,VLOOKUP($M$12,'Val-Dép'!B43:AM43,38,FALSE)) -> 0 | N22: =IF(ISNA(VLOOKUP($M$12,'Val-Dép'!B43:AM43,27,FALSE)),,VLOOKUP($M$12,'Val-Dép'!B43:AM43,27,FALSE)) -> 0 | P22: 43
C23: 22 | E23: =IF(ISNA(VLOOKUP($E$12,'Val-Dép'!B22:AA22,21,FALSE)),,VLOOKUP($E$12,'Val-Dép'!B22:AA22,21,FALSE)) -> 0 | F23: =IF(ISNA(VLOOKUP($E$12,'Val-Dép'!AA22:AG22,6,FALSE)),,VLOOKUP($E$12,'Val-Dép'!AA22:AG22,6,FALSE)) -> 0 | M23: =IF(ISNA(VLOOKUP($M$12,'Val-Dép'!B44:AM44,38,FALSE)),,VLOOKUP($M$12,'Val-Dép'!B44:AM44,38,FALSE)) -> 0 | N23: =IF(ISNA(VLOOKUP($M$12,'Val-Dép'!B44:AM44,27,FALSE)),,VLOOKUP($M$12,'Val-Dép'!B44:AM44,27,FALSE)) -> 0 | P23: 44
C24: 23 | E24: =IF(ISNA(VLOOKUP($E$12,'Val-Dép'!B23:AA23,21,FALSE)),,VLOOKUP($E$12,'Val-Dép'!B23:AA23,21,FALSE)) -> 0 | F24: =IF(ISNA(VLOOKUP($E$12,'Val-Dép'!AA23:AG23,6,FALSE)),,VLOOKUP($E$12,'Val-Dép'!AA23:AG23,6,FALSE)) -> 0 | M24: =IF(ISNA(VLOOKUP($M$12,'Val-Dép'!B45:AM45,38,FALSE)),,VLOOKUP($M$12,'Val-Dép'!B45:AM45,38,FALSE)) -> 0 | N24: =IF(ISNA(VLOOKUP($M$12,'Val-Dép'!B45:AM45,27,FALSE)),,VLOOKUP($M$12,'Val-Dép'!B45:AM45,27,FALSE)) -> 0 | P24: 45
E25: =SUM(E13:E24) -> 0 | F25: =SUM(F14:F24) -> 0 | M25: =SUM(M14:M24) -> 0 | N25: =SUM(N13:N24) -> 5750 | O25: SC
D27: sd | E27: =E25-F25 -> 0 | G27: Client 1 | N27: =(N25-M25) -> 5750 | Q27: Fournisseur1
E28: Ref pr index | M28: Ref pr index
D29: d | E29: =INDEX('Val-Dép'!B$1:B$25,MIN(IF(COUNTIF($E$11:$E$28,'Val-Dép'!$B$14:$B$25)=0,ROW($14:$25)))) -> C00022 | F29: =IFERROR(VLOOKUP($E$29,'Val-Dép'!$B$14:$D$23,2,FALSE),"") -> client02 | G29: c | L29: d | M29: {=INDEX('Val-Dép'!B$1:B$45,MIN(IF(COUNTIF($M$11:$M$28,'Val-Dép'!B$35:B$45)=0,ROW($35:$45))))} -> F0003 | N29: =IFERROR(VLOOKUP($M$29,'Val-Dép'!$B$36:$D$45,2,FALSE),"") -> four03 | O29: c
D30: vi | E30: =IFERROR(VLOOKUP($E$29,'Val-Dép'!$B$12:$D$25,3,FALSE),"") -> 0 | F30: xxxxxxxx | M30: xxxxxxxxxx | N30: =IFERROR(VLOOKUP($M$29,'Val-Dép'!$B$36:$D$45,3,FALSE),"") -> 0 | O30: vi
C31: 13 | E31: =IF(ISNA(VLOOKUP($E$29,'Val-Dép'!B13:AA13,21,FALSE)),,VLOOKUP($E$29,'Val-Dép'!B13:AA13,21,FALSE)) -> 0 | F31: =IF(ISNA(VLOOKUP($E$29,'Val-Dép'!AA13:AG13,6,FALSE)),,VLOOKUP($E$29,'Val-Dép'!AA13:AG13,6,FALSE)) -> 0 | M31: =IF(ISNA(VLOOKUP($M$29,'Val-Dép'!B35:AM35,38,FALSE)),,VLOOKUP($M$29,'Val-Dép'!B35:AM35,38,FALSE)) -> 0 | N31: =IF(ISNA(VLOOKUP($M$29,'Val-Dép'!B35:AM35,27,FALSE)),,VLOOKUP($M$29,'Val-Dép'!B35:AM35,27,FALSE)) -> 0 | P31: 35
C32: 14 | E32: =IF(ISNA(VLOOKUP($E$29,'Val-Dép'!B14:AA14,21,FALSE)),,VLOOKUP($E$29,'Val-Dép'!B14:AA14,21,FALSE)) -> 0 | F32: =IF(ISNA(VLOOKUP($E$29,'Val-Dép'!AA14:AG14,6,FALSE)),,VLOOKUP($E$29,'Val-Dép'!AA14:AG14,6,FALSE)) -> 0 | M32: =IF(ISNA(VLOOKUP($M$29,'Val-Dép'!B36:AM36,38,FALSE)),,VLOOKUP($M$29,'Val-Dép'!B36:AM36,38,FALSE)) -> 0 | N32: =IF(ISNA(VLOOKUP($M$29,'Val-Dép'!B36:AM36,27,FALSE)),,VLOOKUP($M$29,'Val-Dép'!B36:AM36,27,FALSE)) -> 0 | P32: 36
C33: 15 | E33: =IF(ISNA(VLOOKUP($E$29,'Val-Dép'!B15:AA15,21,FALSE)),,VLOOKUP($E$29,'Val-Dép'!B15:AA15,21,FALSE)) -> 0 | F33: =IF(ISNA(VLOOKUP($E$29,'Val-Dép'!AA15:AG15,6,FALSE)),,VLOOKUP($E$29,'Val-Dép'!AA15:AG15,6,FALSE)) -> 0 | M33: =IF(ISNA(VLOOKUP($M$29,'Val-Dép'!B37:AM37,38,FALSE)),,VLOOKUP($M$29,'Val-Dép'!B37:AM37,38,FALSE)) -> 0 | N33: =IF(ISNA(VLOOKUP($M$29,'Val-Dép'!B37:AM37,27,FALSE)),,VLOOKUP($M$29,'Val-Dép'!B37:AM37,27,FALSE)) -> 0 | P33: 37
C34: 16 | E34: =IF(ISNA(VLOOKUP($E$29,'Val-Dép'!B16:AA16,21,FALSE)),,VLOOKUP($E$29,'Val-Dép'!B16:AA16,21,FALSE)) -> 0 | F34: =IF(ISNA(VLOOKUP($E$29,'Val-Dép'!AA16:AG16,6,FALSE)),,VLOOKUP($E$29,'Val-Dép'!AA16:AG16,6,FALSE)) -> 0 | M34: =IF(ISNA(VLOOKUP($M$29,'Val-Dép'!B38:AM38,38,FALSE)),,VLOOKUP($M$29,'Val-Dép'!B38:AM38,38,FALSE)) -> 0 | N34: =IF(ISNA(VLOOKUP($M$29,'Val-Dép'!B38:AM38,27,FALSE)),,VLOOKUP($M$29,'Val-Dép'!B38:AM38,27,FALSE)) -> 0 | P34: 38
C35: 17 | E35: =IF(ISNA(VLOOKUP($E$29,'Val-Dép'!B17:AA17,21,FALSE)),,VLOOKUP($E$29,'Val-Dép'!B17:AA17,21,FALSE)) -> 0 | F35: =IF(ISNA(VLOOKUP($E$29,'Val-Dép'!AA17:AG17,6,FALSE)),,VLOOKUP($E$29,'Val-Dép'!AA17:AG17,6,FALSE)) -> 0 | M35: =IF(ISNA(VLOOKUP($M$29,'Val-Dép'!B39:AM39,38,FALSE)),,VLOOKUP($M$29,'Val-Dép'!B39:AM39,38,FALSE)) -> 0 | N35: =IF(ISNA(VLOOKUP($M$29,'Val-Dép'!B39:AM39,27,FALSE)),,VLOOKUP($M$29,'Val-Dép'!B39:AM39,27,FALSE)) -> 0 | P35: 39
C36: 18 | E36: =IF(ISNA(VLOOKUP($E$29,'Val-Dép'!B18:AA18,21,FALSE)),,VLOOKUP($E$29,'Val-Dép'!B18:AA18,21,FALSE)) -> 0 | F36: =IF(ISNA(VLOOKUP($E$29,'Val-Dép'!AA18:AG18,6,FALSE)),,VLOOKUP($E$29,'Val-Dép'!AA18:AG18,6,FALSE)) -> 0 | M36: =IF(ISNA(VLOOKUP($M$29,'Val-Dép'!B40:AM40,38,FALSE)),,VLOOKUP($M$29,'Val-Dép'!B40:AM40,38,FALSE)) -> 0 | N36: =IF(ISNA(VLOOKUP($M$29,'Val-Dép'!B40:AM40,27,FALSE)),,VLOOKUP($M$29,'Val-Dép'!B40:AM40,27,FALSE)) -> 0 | P36: 40
C37: 19 | E37: =IF(ISNA(VLOOKUP($E$29,'Val-Dép'!B19:AA19,21,FALSE)),,VLOOKUP($E$29,'Val-Dép'!B19:AA19,21,FALSE)) -> 0 | F37: =IF(ISNA(VLOOKUP($E$29,'Val-Dép'!AA19:AG19,6,FALSE)),,VLOOKUP($E$29,'Val-Dép'!AA19:AG19,6,FALSE)) -> 0 | M37: =IF(ISNA(VLOOKUP($M$29,'Val-Dép'!B41:AM41,38,FALSE)),,VLOOKUP($M$29,'Val-Dép'!B41:AM41,38,FALSE)) -> 0 | N37: =IF(ISNA(VLOOKUP($M$29,'Val-Dép'!B41:AM41,27,FALSE)),,VLOOKUP($M$29,'Val-Dép'!B41:AM41,27,FALSE)) -> 0 | P37: 41
C38: 20 | E38: =IF(ISNA(VLOOKUP($E$29,'Val-Dép'!B20:AA20,21,FALSE)),,VLOOKUP($E$29,'Val-Dép'!B20:AA20,21,FALSE)) -> 0 | F38: =IF(ISNA(VLOOKUP($E$29,'Val-Dép'!AA20:AG20,6,FALSE)),,VLOOKUP($E$29,'Val-Dép'!AA20:AG20,6,FALSE)) -> 0 | M38: =IF(ISNA(VLOOKUP($M$29,'Val-Dép'!B42:AM42,38,FALSE)),,VLOOKUP($M$29,'Val-Dép'!B42:AM42,38,FALSE)) -> 0 | N38: =IF(ISNA(VLOOKUP($M$29,'Val-Dép'!B42:AM42,27,FALSE)),,VLOOKUP($M$29,'Val-Dép'!B42:AM42,27,FALSE)) -> 0 | P38: 42
C39: 21 | E39: =IF(ISNA(VLOOKUP($E$29,'Val-Dép'!B21:AA21,21,FALSE)),,VLOOKUP($E$29,'Val-Dép'!B21:AA21,21,FALSE)) -> 0 | F39: =IF(ISNA(VLOOKUP($E$29,'Val-Dép'!AA21:AG21,6,FALSE)),,VLOOKUP($E$29,'Val-Dép'!AA21:AG21,6,FALSE)) -> 0 | M39: =IF(ISNA(VLOOKUP($M$29,'Val-Dép'!B43:AM43,38,FALSE)),,VLOOKUP($M$29,'Val-Dép'!B43:AM43,38,FALSE)) -> 0 | N39: =IF(ISNA(VLOOKUP($M$29,'Val-Dép'!B43:AM43,27,FALSE)),,VLOOKUP($M$29,'Val-Dép'!B43:AM43,27,FALSE)) -> 0 | P39: 43
C40: 22 | E40: =IF(ISNA(VLOOKUP($E$29,'Val-Dép'!B22:AA22,21,FALSE)),,VLOOKUP($E$29,'Val-Dép'!B22:AA22,21,FALSE)) -> 0 | F40: =IF(ISNA(VLOOKUP($E$29,'Val-Dép'!AA22:AG22,6,FALSE)),,VLOOKUP($E$29,'Val-Dép'!AA22:AG22,6,FALSE)) -> 0 | M40: =IF(ISNA(VLOOKUP($M$29,'Val-Dép'!B44:AM44,38,FALSE)),,VLOOKUP($M$29,'Val-Dép'!B44:AM44,38,FALSE)) -> 0 | N40: =IF(ISNA(VLOOKUP($M$29,'Val-Dép'!B44:AM44,27,FALSE)),,VLOOKUP($M$29,'Val-Dép'!B44:AM44,27,FALSE)) -> 0 | P40: 44
C41: 23 | E41: =IF(ISNA(VLOOKUP($E$29,'Val-Dép'!B23:AA23,21,FALSE)),,VLOOKUP($E$29,'Val-Dép'!B23:AA23,21,FALSE)) -> 0 | F41: =IF(ISNA(VLOOKUP($E$29,'Val-Dép'!AA23:AG23,6,FALSE)),,VLOOKUP($E$29,'Val-Dép'!AA23:AG23,6,FALSE)) -> 0 | M41: =IF(ISNA(VLOOKUP($M$29,'Val-Dép'!B45:AM45,38,FALSE)),,VLOOKUP($M$29,'Val-Dép'!B45:AM45,38,FALSE)) -> 0 | N41: =IF(ISNA(VLOOKUP($M$29,'Val-Dép'!B45:AM45,27,FALSE)),,VLOOKUP($M$29,'Val-Dép'!B45:AM45,27,FALSE)) -> 0 | P41: 45
E42: =SUM(E30:E41) -> 0 | F42: =SUM(F31:F41) -> 0 | M42: =SUM(M31:M41) -> 0 | N42: =SUM(N29:N41) -> 0 | O42: SC
D43: sd | E43: =E42-F42 -> 0 | F43: Client 2 | N43: =(N42-M42) -> 0 | O43: Fournisseur2
E44: Ref pr index | M44: Ref pr index
D45: d | E45: {=INDEX('Val-Dép'!B$1:B$25,MIN(IF(COUNTIF($E$11:$E$44,'Val-Dép'!B$13:B$25)=0,ROW($13:$25))))} -> C00033 | F45: =IFERROR(VLOOKUP($E$45,'Val-Dép'!$B$13:$D$23,2,FALSE),"") -> 0 | G45: c | L45: d | M45: {=INDEX('Val-Dép'!B$1:B$45,MIN(IF(COUNTIF($M$11:$M$44,'Val-Dép'!$B$35:$B$45)=0,ROW($35:$45))))} -> F0004 | N45: =IFERROR(VLOOKUP($M$45,'Val-Dép'!$B$35:$D$45,2,FALSE),"") -> 0 | O45: c
D46: vi | E46: =IFERROR(VLOOKUP($E$45,'Val-Dép'!$B$12:$D$19,3,FALSE),"") -> 0 | F46: xxxxxxxxx | M46: xxxxxxxxxx | N46: =IFERROR(VLOOKUP($M$45,'Val-Dép'!$B$37:$D$45,3,FALSE),"") -> 0 | O46: vi
C47: 13 | E47: =IF(ISNA(VLOOKUP(E$45,'Val-Dép'!B13:AA13,21,FALSE)),,VLOOKUP(E$45,'Val-Dép'!B13:AA13,21,FALSE)) -> 0 | F47: =IF(ISNA(VLOOKUP($E$45,'Val-Dép'!AA13:AG13,6,FALSE)),,VLOOKUP($E$45,'Val-Dép'!AA13:AG13,6,FALSE)) -> 0 | M47: =IF(ISNA(VLOOKUP($M$45,'Val-Dép'!B35:AM35,38,FALSE)),,VLOOKUP($M$45,'Val-Dép'!B35:AM35,38,FALSE)) -> 0 | N47: =IF(ISNA(VLOOKUP($M$45,'Val-Dép'!B35:AM35,27,FALSE)),,VLOOKUP($M$45,'Val-Dép'!B35:AM35,27,FALSE)) -> 0 | P47: 35
C48: 14 | E48: =IF(ISNA(VLOOKUP(E$45,'Val-Dép'!B14:AA14,21,FALSE)),,VLOOKUP(E$45,'Val-Dép'!B14:AA14,21,FALSE)) -> 0 | F48: =IF(ISNA(VLOOKUP($E$45,'Val-Dép'!AA14:AG14,6,FALSE)),,VLOOKUP($E$45,'Val-Dép'!AA14:AG14,6,FALSE)) -> 0 | M48: =IF(ISNA(VLOOKUP($M$45,'Val-Dép'!B36:AM36,38,FALSE)),,VLOOKUP($M$45,'Val-Dép'!B36:AM36,38,FALSE)) -> 0 | N48: =IF(ISNA(VLOOKUP($M$45,'Val-Dép'!B36:AM36,27,FALSE)),,VLOOKUP($M$45,'Val-Dép'!B36:AM36,27,FALSE)) -> 0 | P48: 36
C49: 15 | E49: =IF(ISNA(VLOOKUP(E$45,'Val-Dép'!B15:AA15,21,FALSE)),,VLOOKUP(E$45,'Val-Dép'!B15:AA15,21,FALSE)) -> 0 | F49: =IF(ISNA(VLOOKUP($E$45,'Val-Dép'!AA15:AG15,6,FALSE)),,VLOOKUP($E$45,'Val-Dép'!AA15:AG15,6,FALSE)) -> 0 | M49: =IF(ISNA(VLOOKUP($M$45,'Val-Dép'!B37:AM37,38,FALSE)),,VLOOKUP($M$45,'Val-Dép'!B37:AM37,38,FALSE)) -> 0 | N49: =IF(ISNA(VLOOKUP($M$45,'Val-Dép'!B37:AM37,27,FALSE)),,VLOOKUP($M$45,'Val-Dép'!B37:AM37,27,FALSE)) -> 0 | P49: 37
C50: 16 | E50: =IF(ISNA(VLOOKUP(E$45,'Val-Dép'!B16:AA16,21,FALSE)),,VLOOKUP(E$45,'Val-Dép'!B16:AA16,21,FALSE)) -> 0 | F50: =IF(ISNA(VLOOKUP($E$45,'Val-Dép'!AA16:AG16,6,FALSE)),,VLOOKUP($E$45,'Val-Dép'!AA16:AG16,6,FALSE)) -> 0 | M50: =IF(ISNA(VLOOKUP($M$45,'Val-Dép'!B38:AM38,38,FALSE)),,VLOOKUP($M$45,'Val-Dép'!B38:AM38,38,FALSE)) -> 0 | N50: =IF(ISNA(VLOOKUP($M$45,'Val-Dép'!B38:AM38,27,FALSE)),,VLOOKUP($M$45,'Val-Dép'!B38:AM38,27,FALSE)) -> 0 | P50: 38
C51: 17 | E51: =IF(ISNA(VLOOKUP(E$45,'Val-Dép'!B17:AA17,21,FALSE)),,VLOOKUP(E$45,'Val-Dép'!B17:AA17,21,FALSE)) -> 0 | F51: =IF(ISNA(VLOOKUP($E$45,'Val-Dép'!AA17:AG17,6,FALSE)),,VLOOKUP($E$45,'Val-Dép'!AA17:AG17,6,FALSE)) -> 0 | M51: =IF(ISNA(VLOOKUP($M$45,'Val-Dép'!B39:AM39,38,FALSE)),,VLOOKUP($M$45,'Val-Dép'!B39:AM39,38,FALSE)) -> 0 | N51: =IF(ISNA(VLOOKUP($M$45,'Val-Dép'!B39:AM39,27,FALSE)),,VLOOKUP($M$45,'Val-Dép'!B39:AM39,27,FALSE)) -> 0 | P51: 39
C52: 18 | E52: =IF(ISNA(VLOOKUP(E$45,'Val-Dép'!B18:AA18,21,FALSE)),,VLOOKUP(E$45,'Val-Dép'!B18:AA18,21,FALSE)) -> 0 | F52: =IF(ISNA(VLOOKUP($E$45,'Val-Dép'!AA18:AG18,6,FALSE)),,VLOOKUP($E$45,'Val-Dép'!AA18:AG18,6,FALSE)) -> 0 | M52: =IF(ISNA(VLOOKUP($M$45,'Val-Dép'!B40:AM40,38,FALSE)),,VLOOKUP($M$45,'Val-Dép'!B40:AM40,38,FALSE)) -> 0 | N52: =IF(ISNA(VLOOKUP($M$45,'Val-Dép'!B40:AM40,27,FALSE)),,VLOOKUP($M$45,'Val-Dép'!B40:AM40,27,FALSE)) -> 0 | P52: 40
C53: 19 | E53: =IF(ISNA(VLOOKUP(E$45,'Val-Dép'!B19:AA19,21,FALSE)),,VLOOKUP(E$45,'Val-Dép'!B19:AA19,21,FALSE)) -> 0 | F53: =IF(ISNA(VLOOKUP($E$45,'Val-Dép'!AA19:AG19,6,FALSE)),,VLOOKUP($E$45,'Val-Dép'!AA19:AG19,6,FALSE)) -> 0 | M53: =IF(ISNA(VLOOKUP($M$45,'Val-Dép'!B41:AM41,38,FALSE)),,VLOOKUP($M$45,'Val-Dép'!B41:AM41,38,FALSE)) -> 0 | N53: =IF(ISNA(VLOOKUP($M$45,'Val-Dép'!B41:AM41,27,FALSE)),,VLOOKUP($M$45,'Val-Dép'!B41:AM41,27,FALSE)) -> 0 | P53: 41
C54: 20 | E54: =IF(ISNA(VLOOKUP(E$45,'Val-Dép'!B20:AA20,21,FALSE)),,VLOOKUP(E$45,'Val-Dép'!B20:AA20,21,FALSE)) -> 0 | F54: =IF(ISNA(VLOOKUP($E$45,'Val-Dép'!AA20:AG20,6,FALSE)),,VLOOKUP($E$45,'Val-Dép'!AA20:AG20,6,FALSE)) -> 0 | M54: =IF(ISNA(VLOOKUP($M$45,'Val-Dép'!B42:AM42,38,FALSE)),,VLOOKUP($M$45,'Val-Dép'!B42:AM42,38,FALSE)) -> 0 | N54: =IF(ISNA(VLOOKUP($M$45,'Val-Dép'!B42:AM42,27,FALSE)),,VLOOKUP($M$45,'Val-Dép'!B42:AM42,27,FALSE)) -> 0 | P54: 42
C55: 21 | E55: =IF(ISNA(VLOOKUP(E$45,'Val-Dép'!B21:AA21,21,FALSE)),,VLOOKUP(E$45,'Val-Dép'!B21:AA21,21,FALSE)) -> 0 | F55: =IF(ISNA(VLOOKUP($E$45,'Val-Dép'!AA21:AG21,6,FALSE)),,VLOOKUP($E$45,'Val-Dép'!AA21:AG21,6,FALSE)) -> 0 | M55: =IF(ISNA(VLOOKUP($M$45,'Val-Dép'!B43:AM43,38,FALSE)),,VLOOKUP($M$45,'Val-Dép'!B43:AM43,38,FALSE)) -> 0 | N55: =IF(ISNA(VLOOKUP($M$45,'Val-Dép'!B43:AM43,27,FALSE)),,VLOOKUP($M$45,'Val-Dép'!B43:AM43,27,FALSE)) -> 0 | P55: 43
C56: 22 | E56: =IF(ISNA(VLOOKUP(E$45,'Val-Dép'!B22:AA22,21,FALSE)),,VLOOKUP(E$45,'Val-Dép'!B22:AA22,21,FALSE)) -> 0 | F56: =IF(ISNA(VLOOKUP($E$45,'Val-Dép'!AA22:AG22,6,FALSE)),,VLOOKUP($E$45,'Val-Dép'!AA22:AG22,6,FALSE)) -> 0 | M56: =IF(ISNA(VLOOKUP($M$45,'Val-Dép'!B44:AM44,38,FALSE)),,VLOOKUP($M$45,'Val-Dép'!B44:AM44,38,FALSE)) -> 0 | N56: =IF(ISNA(VLOOKUP($M$45,'Val-Dép'!B44:AM44,27,FALSE)),,VLOOKUP($M$45,'Val-Dép'!B44:AM44,27,FALSE)) -> 0 | P56: 44
C57: 23 | E57: =SUM(E46:E56) -> 0 | F57: =SUM(F47:F56) -> 0 | M57: =SUM(M47:M56) -> 0 | N57: =SUM(N46:N56) -> 0 | P57: 45
E58: =E57-F57 -> 0 | F58: Client 3 | N58: =(N57-M57) -> 0 | O58: SC | P58: Fournisseur3
E59: Ref pr index | M59: Ref pr index
D60: d | E60: {=INDEX('Val-Dép'!B$1:B$25,MIN(IF(COUNTIF($E$11:$E$59,'Val-Dép'!B$13:B$25)=0,ROW($13:$25))))} -> C00044 | F60: =IFERROR(VLOOKUP($E$60,'Val-Dép'!$B$13:$D$23,2,FALSE),"") -> 0 | G60: c | L60: d | M60: {=INDEX('Val-Dép'!B$1:B$45,MIN(IF(COUNTIF($M$11:$M$59,'Val-Dép'!B$35:B$45)=0,ROW($35:$45))))} -> 0 | N60: =IFERROR(VLOOKUP($M$60,'Val-Dép'!$B$35:$D$45,2,FALSE),"") | O60: c
D61: vi | E61: =IFERROR(VLOOKUP($E$60,'Val-Dép'!$B$12:$D$19,3,FALSE),"") -> 0 | F61: xxxxxxxxx | M61: xxxxxxxxxx | N61: =IFERROR(VLOOKUP($M$60,'Val-Dép'!$B$38:$D$45,3,FALSE),"") | O61: vi
C62: 13 | E62: =IF(ISNA(VLOOKUP(E$60,'Val-Dép'!B13:AA13,21,FALSE)),,VLOOKUP(E$60,'Val-Dép'!B13:AA13,21,FALSE)) -> 0 | F62: =IF(ISNA(VLOOKUP($E$60,'Val-Dép'!AA13:AG13,6,FALSE)),,VLOOKUP($E$60,'Val-Dép'!AA13:AG13,6,FALSE)) -> 0 | M62: =IF(ISNA(VLOOKUP($M$60,'Val-Dép'!B35:AM35,38,FALSE)),,VLOOKUP($M$60,'Val-Dép'!B35:AM35,38,FALSE)) -> 0 | N62: =IF(ISNA(VLOOKUP($M$60,'Val-Dép'!B35:AM35,27,FALSE)),,VLOOKUP($M$60,'Val-Dép'!B35:AM35,27,FALSE)) -> 0 | P62: 35
C63: 14 | E63: =IF(ISNA(VLOOKUP(E$60,'Val-Dép'!B14:AA14,21,FALSE)),,VLOOKUP(E$60,'Val-Dép'!B14:AA14,21,FALSE)) -> 0 | F63: =IF(ISNA(VLOOKUP($E$60,'Val-Dép'!AA14:AG14,6,FALSE)),,VLOOKUP($E$60,'Val-Dép'!AA14:AG14,6,FALSE)) -> 0 | M63: =IF(ISNA(VLOOKUP($M$60,'Val-Dép'!B36:AM36,38,FALSE)),,VLOOKUP($M$60,'Val-Dép'!B36:AM36,38,FALSE)) -> 0 | N63: =IF(ISNA(VLOOKUP($M$60,'Val-Dép'!B36:AM36,27,FALSE)),,VLOOKUP($M$60,'Val-Dép'!B36:AM36,27,FALSE)) -> 0 | P63: 36
C64: 15 | E64: =IF(ISNA(VLOOKUP(E$60,'Val-Dép'!B15:AA15,21,FALSE)),,VLOOKUP(E$60,'Val-Dép'!B15:AA15,21,FALSE)) -> 0 | F64: =IF(ISNA(VLOOKUP($E$60,'Val-Dép'!AA15:AG15,6,FALSE)),,VLOOKUP($E$60,'Val-Dép'!AA15:AG15,6,FALSE)) -> 0 | M64: =IF(ISNA(VLOOKUP($M$60,'Val-Dép'!B37:AM37,38,FALSE)),,VLOOKUP($M$60,'Val-Dép'!B37:AM37,38,FALSE)) -> 0 | N64: =IF(ISNA(VLOOKUP($M$60,'Val-Dép'!B37:AM37,27,FALSE)),,VLOOKUP($M$60,'Val-Dép'!B37:AM37,27,FALSE)) -> 0 | P64: 37
C65: 16 | E65: =IF(ISNA(VLOOKUP(E$60,'Val-Dép'!B16:AA16,21,FALSE)),,VLOOKUP(E$60,'Val-Dép'!B16:AA16,21,FALSE)) -> 0 | F65: =IF(ISNA(VLOOKUP($E$60,'Val-Dép'!AA16:AG16,6,FALSE)),,VLOOKUP($E$60,'Val-Dép'!AA16:AG16,6,FALSE)) -> 0 | M65: =IF(ISNA(VLOOKUP($M$60,'Val-Dép'!B38:AM38,38,FALSE)),,VLOOKUP($M$60,'Val-Dép'!B38:AM38,38,FALSE)) -> 0 | N65: =IF(ISNA(VLOOKUP($M$60,'Val-Dép'!B38:AM38,27,FALSE)),,VLOOKUP($M$60,'Val-Dép'!B38:AM38,27,FALSE)) -> 0 | P65: 38
C66: 17 | E66: =IF(ISNA(VLOOKUP(E$60,'Val-Dép'!B17:AA17,21,FALSE)),,VLOOKUP(E$60,'Val-Dép'!B17:AA17,21,FALSE)) -> 0 | F66: =IF(ISNA(VLOOKUP($E$60,'Val-Dép'!AA17:AG17,6,FALSE)),,VLOOKUP($E$60,'Val-Dép'!AA17:AG17,6,FALSE)) -> 0 | M66: =IF(ISNA(VLOOKUP($M$60,'Val-Dép'!B39:AM39,38,FALSE)),,VLOOKUP($M$60,'Val-Dép'!B39:AM39,38,FALSE)) -> 0 | N66: =IF(ISNA(VLOOKUP($M$60,'Val-Dép'!B39:AM39,27,FALSE)),,VLOOKUP($M$60,'Val-Dép'!B39:AM39,27,FALSE)) -> 0 | P66: 39
C67: 18 | E67: =IF(ISNA(VLOOKUP(E$60,'Val-Dép'!B18:AA18,21,FALSE)),,VLOOKUP(E$60,'Val-Dép'!B18:AA18,21,FALSE)) -> 0 | F67: =IF(ISNA(VLOOKUP($E$60,'Val-Dép'!AA18:AG18,6,FALSE)),,VLOOKUP($E$60,'Val-Dép'!AA18:AG18,6,FALSE)) -> 0 | M67: =IF(ISNA(VLOOKUP($M$60,'Val-Dép'!B40:AM40,38,FALSE)),,VLOOKUP($M$60,'Val-Dép'!B40:AM40,38,FALSE)) -> 0 | N67: =IF(ISNA(VLOOKUP($M$60,'Val-Dép'!B40:AM40,27,FALSE)),,VLOOKUP($M$60,'Val-Dép'!B40:AM40,27,FALSE)) -> 0 | P67: 40
C68: 19 | E68: =IF(ISNA(VLOOKUP(E$60,'Val-Dép'!B19:AA19,21,FALSE)),,VLOOKUP(E$60,'Val-Dép'!B19:AA19,21,FALSE)) -> 0 | F68: =IF(ISNA(VLOOKUP($E$60,'Val-Dép'!AA19:AG19,6,FALSE)),,VLOOKUP($E$60,'Val-Dép'!AA19:AG19,6,FALSE)) -> 0 | M68: =IF(ISNA(VLOOKUP($M$60,'Val-Dép'!B41:AM41,38,FALSE)),,VLOOKUP($M$60,'Val-Dép'!B41:AM41,38,FALSE)) -> 0 | N68: =IF(ISNA(VLOOKUP($M$60,'Val-Dép'!B41:AM41,27,FALSE)),,VLOOKUP($M$60,'Val-Dép'!B41:AM41,27,FALSE)) -> 0 | P68: 41
C69: 20 | E69: =IF(ISNA(VLOOKUP(E$60,'Val-Dép'!B20:AA20,21,FALSE)),,VLOOKUP(E$60,'Val-Dép'!B20:AA20,21,FALSE)) -> 0 | F69: =IF(ISNA(VLOOKUP($E$60,'Val-Dép'!AA20:AG20,6,FALSE)),,VLOOKUP($E$60,'Val-Dép'!AA20:AG20,6,FALSE)) -> 0 | M69: =IF(ISNA(VLOOKUP($M$60,'Val-Dép'!B42:AM42,38,FALSE)),,VLOOKUP($M$60,'Val-Dép'!B42:AM42,38,FALSE)) -> 0 | N69: =IF(ISNA(VLOOKUP($M$60,'Val-Dép'!B42:AM42,27,FALSE)),,VLOOKUP($M$60,'Val-Dép'!B42:AM42,27,FALSE)) -> 0 | P69: 42
C70: 21 | E70: =IF(ISNA(VLOOKUP(E$60,'Val-Dép'!B21:AA21,21,FALSE)),,VLOOKUP(E$60,'Val-Dép'!B21:AA21,21,FALSE)) -> 0 | F70: =IF(ISNA(VLOOKUP($E$60,'Val-Dép'!AA21:AG21,6,FALSE)),,VLOOKUP($E$60,'Val-Dép'!AA21:AG21,6,FALSE)) -> 0 | M70: =IF(ISNA(VLOOKUP($M$60,'Val-Dép'!B43:AM43,38,FALSE)),,VLOOKUP($M$60,'Val-Dép'!B43:AM43,38,FALSE)) -> 0 | N70: =IF(ISNA(VLOOKUP($M$60,'Val-Dép'!B43:AM43,27,FALSE)),,VLOOKUP($M$60,'Val-Dép'!B43:AM43,27,FALSE)) -> 0 | P70: 43
C71: 22 | E71: =IF(ISNA(VLOOKUP(E$60,'Val-Dép'!B22:AA22,21,FALSE)),,VLOOKUP(E$60,'Val-Dép'!B22:AA22,21,FALSE)) -> 0 | F71: =IF(ISNA(VLOOKUP($E$60,'Val-Dép'!AA22:AG22,6,FALSE)),,VLOOKUP($E$60,'Val-Dép'!AA22:AG22,6,FALSE)) -> 0 | M71: =IF(ISNA(VLOOKUP($M$60,'Val-Dép'!B44:AM44,38,FALSE)),,VLOOKUP($M$60,'Val-Dép'!B44:AM44,38,FALSE)) -> 0 | N71: =IF(ISNA(VLOOKUP($M$60,'Val-Dép'!B44:AM44,27,FALSE)),,VLOOKUP($M$60,'Val-Dép'!B44:AM44,27,FALSE)) -> 0 | P71: 44
C72: 23 | E72: =SUM(E61:E71) -> 0 | F72: =SUM(F62:F71) -> 0 | M72: =SUM(M62:M71) -> 0 | N72: =SUM(N61:N71) -> 0 | P72: 45
E73: =E72-F72 -> 0 | F73: Client 4 | N73: =(N72-M72) -> 0 | O73: SC
P74: Fournisseur4
D77: Motes credits | F77: Ext-Banq | L77: Ext-Banq | N77: Motes credits
D78: CLIENTS | F78: Clients | L78: Fournisseurs | N78: Fournisseurs
E79: Ref pr index | M79: Ref pr index
D80: d | E80: {=INDEX('Val-Dép'!B$1:B$25,MIN(IF(COUNTIF(E$11:E79,'Val-Dép'!B$13:B$25)=0,ROW($13:$25))))} -> C00055 | F80: =IFERROR(VLOOKUP($E$80,'Val-Dép'!$B$13:$D$23,2,FALSE),"") -> 0 | G80: c | L80: d | M80: {=INDEX('Val-Dép'!B$1:B$45,MIN(IF(COUNTIF($M$11:$M$79,'Val-Dép'!B$35:B$45)=0,ROW($35:$45))))} -> 0 | N80: =IFERROR(VLOOKUP($M$80,'Val-Dép'!$B$39:$D$45,2,FALSE),"") | O80: c
D81: vi | E81: =IFERROR(VLOOKUP($E$80,'Val-Dép'!$B$12:$D$19,3,FALSE),"") -> 0 | F81: xxxxxxxxx | M81: xxxxxxxxxx | N81: =IFERROR(VLOOKUP($M$80,'Val-Dép'!$B$39:$D$45,3,FALSE),"") | O81: vi
C82: 13 | E82: =IF(ISNA(VLOOKUP(E$80,'Val-Dép'!B13:AA13,21,FALSE)),,VLOOKUP($E$80,'Val-Dép'!B13:AA13,21,FALSE)) -> 0 | F82: =IF(ISNA(VLOOKUP($E$80,'Val-Dép'!AA13:AG13,6,FALSE)),,VLOOKUP($E$80,'Val-Dép'!AA13:AG13,6,FALSE)) -> 0 | M82: =IF(ISNA(VLOOKUP($M$80,'Val-Dép'!B35:AM35,38,FALSE)),,VLOOKUP($M$80,'Val-Dép'!B35:AM35,38,FALSE)) -> 0 | N82: =IF(ISNA(VLOOKUP($M$80,'Val-Dép'!B35:AM35,27,FALSE)),,VLOOKUP($M$80,'Val-Dép'!B35:AM35,27,FALSE)) -> 0 | P82: 35
C83: 14 | E83: =IF(ISNA(VLOOKUP(E$80,'Val-Dép'!B14:AA14,21,FALSE)),,VLOOKUP($E$80,'Val-Dép'!B14:AA14,21,FALSE)) -> 0 | F83: =IF(ISNA(VLOOKUP($E$80,'Val-Dép'!AA14:AG14,6,FALSE)),,VLOOKUP($E$80,'Val-Dép'!AA14:AG14,6,FALSE)) -> 0 | M83: =IF(ISNA(VLOOKUP($M$80,'Val-Dép'!B36:AM36,38,FALSE)),,VLOOKUP($M$80,'Val-Dép'!B36:AM36,38,FALSE)) -> 0 | N83: =IF(ISNA(VLOOKUP($M$80,'Val-Dép'!B36:AM36,27,FALSE)),,VLOOKUP($M$80,'Val-Dép'!B36:AM36,27,FALSE)) -> 0 | P83: 36
C84: 15 | E84: =IF(ISNA(VLOOKUP(E$80,'Val-Dép'!B15:AA15,21,FALSE)),,VLOOKUP($E$80,'Val-Dép'!B15:AA15,21,FALSE)) -> 0 | F84: =IF(ISNA(VLOOKUP($E$80,'Val-Dép'!AA15:AG15,6,FALSE)),,VLOOKUP($E$80,'Val-Dép'!AA15:AG15,6,FALSE)) -> 0 | M84: =IF(ISNA(VLOOKUP($M$80,'Val-Dép'!B37:AM37,38,FALSE)),,VLOOKUP($M$80,'Val-Dép'!B37:AM37,38,FALSE)) -> 0 | N84: =IF(ISNA(VLOOKUP($M$80,'Val-Dép'!B37:AM37,27,FALSE)),,VLOOKUP($M$80,'Val-Dép'!B37:AM37,27,FALSE)) -> 0 | P84: 37
C85: 16 | E85: =IF(ISNA(VLOOKUP(E$80,'Val-Dép'!B16:AA16,21,FALSE)),,VLOOKUP($E$80,'Val-Dép'!B16:AA16,21,FALSE)) -> 0 | F85: =IF(ISNA(VLOOKUP($E$80,'Val-Dép'!AA16:AG16,6,FALSE)),,VLOOKUP($E$80,'Val-Dép'!AA16:AG16,6,FALSE)) -> 0 | M85: =IF(ISNA(VLOOKUP($M$80,'Val-Dép'!B38:AM38,38,FALSE)),,VLOOKUP($M$80,'Val-Dép'!B38:AM38,38,FALSE)) -> 0 | N85: =IF(ISNA(VLOOKUP($M$80,'Val-Dép'!B38:AM38,27,FALSE)),,VLOOKUP($M$80,'Val-Dép'!B38:AM38,27,FALSE)) -> 0 | P85: 38
C86: 17 | E86: =IF(ISNA(VLOOKUP(E$80,'Val-Dép'!B17:AA17,21,FALSE)),,VLOOKUP($E$80,'Val-Dép'!B17:AA17,21,FALSE)) -> 0 | F86: =IF(ISNA(VLOOKUP($E$80,'Val-Dép'!AA17:AG17,6,FALSE)),,VLOOKUP($E$80,'Val-Dép'!AA17:AG17,6,FALSE)) -> 0 | M86: =IF(ISNA(VLOOKUP($M$80,'Val-Dép'!B39:AM39,38,FALSE)),,VLOOKUP($M$80,'Val-Dép'!B39:AM39,38,FALSE)) -> 0 | N86: =IF(ISNA(VLOOKUP($M$80,'Val-Dép'!B39:AM39,27,FALSE)),,VLOOKUP($M$80,'Val-Dép'!B39:AM39,27,FALSE)) -> 0 | P86: 39
C87: 18 | E87: =IF(ISNA(VLOOKUP(E$80,'Val-Dép'!B18:AA18,21,FALSE)),,VLOOKUP($E$80,'Val-Dép'!B18:AA18,21,FALSE)) -> 0 | F87: =IF(ISNA(VLOOKUP($E$80,'Val-Dép'!AA18:AG18,6,FALSE)),,VLOOKUP($E$80,'Val-Dép'!AA18:AG18,6,FALSE)) -> 0 | M87: =IF(ISNA(VLOOKUP($M$80,'Val-Dép'!B40:AM40,38,FALSE)),,VLOOKUP($M$80,'Val-Dép'!B40:AM40,38,FALSE)) -> 0 | N87: =IF(ISNA(VLOOKUP($M$80,'Val-Dép'!B40:AM40,27,FALSE)),,VLOOKUP($M$80,'Val-Dép'!B40:AM40,27,FALSE)) -> 0 | P87: 40
C88: 19 | E88: =IF(ISNA(VLOOKUP(E$80,'Val-Dép'!B19:AA19,21,FALSE)),,VLOOKUP($E$80,'Val-Dép'!B19:AA19,21,FALSE)) -> 0 | F88: =IF(ISNA(VLOOKUP($E$80,'Val-Dép'!AA19:AG19,6,FALSE)),,VLOOKUP($E$80,'Val-Dép'!AA19:AG19,6,FALSE)) -> 0 | M88: =IF(ISNA(VLOOKUP($M$80,'Val-Dép'!B41:AM41,38,FALSE)),,VLOOKUP($M$80,'Val-Dép'!B41:AM41,38,FALSE)) -> 0 | N88: =IF(ISNA(VLOOKUP($M$80,'Val-Dép'!B41:AM41,27,FALSE)),,VLOOKUP($M$80,'Val-Dép'!B41:AM41,27,FALSE)) -> 0 | P88: 41
C89: 20 | E89: =IF(ISNA(VLOOKUP(E$80,'Val-Dép'!B20:AA20,21,FALSE)),,VLOOKUP($E$80,'Val-Dép'!B20:AA20,21,FALSE)) -> 0 | F89: =IF(ISNA(VLOOKUP($E$80,'Val-Dép'!AA20:AG20,6,FALSE)),,VLOOKUP($E$80,'Val-Dép'!AA20:AG20,6,FALSE)) -> 0 | M89: =IF(ISNA(VLOOKUP($M$80,'Val-Dép'!B42:AM42,38,FALSE)),,VLOOKUP($M$80,'Val-Dép'!B42:AM42,38,FALSE)) -> 0 | N89: =IF(ISNA(VLOOKUP($M$80,'Val-Dép'!B42:AM42,27,FALSE)),,VLOOKUP($M$80,'Val-Dép'!B42:AM42,27,FALSE)) -> 0 | P89: 42
C90: 21 | E90: =IF(ISNA(VLOOKUP(E$80,'Val-Dép'!B21:AA21,21,FALSE)),,VLOOKUP($E$80,'Val-Dép'!B21:AA21,21,FALSE)) -> 0 | F90: =IF(ISNA(VLOOKUP($E$80,'Val-Dép'!AA21:AG21,6,FALSE)),,VLOOKUP($E$80,'Val-Dép'!AA21:AG21,6,FALSE)) -> 0 | M90: =IF(ISNA(VLOOKUP($M$80,'Val-Dép'!B43:AM43,38,FALSE)),,VLOOKUP($M$80,'Val-Dép'!B43:AM43,38,FALSE)) -> 0 | N90: =IF(ISNA(VLOOKUP($M$80,'Val-Dép'!B43:AM43,27,FALSE)),,VLOOKUP($M$80,'Val-Dép'!B43:AM43,27,FALSE)) -> 0 | P90: 43
C91: 22 | E91: =IF(ISNA(VLOOKUP(E$80,'Val-Dép'!B22:AA22,21,FALSE)),,VLOOKUP($E$80,'Val-Dép'!B22:AA22,21,FALSE)) -> 0 | F91: =IF(ISNA(VLOOKUP($E$80,'Val-Dép'!AA22:AG22,6,FALSE)),,VLOOKUP($E$80,'Val-Dép'!AA22:AG22,6,FALSE)) -> 0 | M91: =IF(ISNA(VLOOKUP($M$80,'Val-Dép'!B44:AM44,38,FALSE)),,VLOOKUP($M$80,'Val-Dép'!B44:AM44,38,FALSE)) -> 0 | N91: =IF(ISNA(VLOOKUP($M$80,'Val-Dép'!B44:AM44,27,FALSE)),,VLOOKUP($M$80,'Val-Dép'!B44:AM44,27,FALSE)) -> 0 | P91: 44
C92: 23 | E92: =IF(ISNA(VLOOKUP(E$80,'Val-Dép'!B23:AA23,21,FALSE)),,VLOOKUP($E$80,'Val-Dép'!B23:AA23,21,FALSE)) -> 0 | F92: =IF(ISNA(VLOOKUP($E$80,'Val-Dép'!AA23:AG23,6,FALSE)),,VLOOKUP($E$80,'Val-Dép'!AA23:AG23,6,FALSE)) -> 0 | M92: =IF(ISNA(VLOOKUP($M$80,'Val-Dép'!B45:AM45,38,FALSE)),,VLOOKUP($M$80,'Val-Dép'!B45:AM45,38,FALSE)) -> 0 | N92: =IF(ISNA(VLOOKUP($M$80,'Val-Dép'!B45:AM45,27,FALSE)),,VLOOKUP($M$80,'Val-Dép'!B45:AM45,27,FALSE)) -> 0
E93: =SUM(E81:E92) -> 0 | F93: =SUM(F82:F92) -> 0 | M93: =SUM(M82:M92) -> 0 | N93: =SUM(N81:N92) -> 0 | P93: 44
E94: =E93-F93 -> 0 | F94: Client 5 | N94: =(N93-M93) -> 0 | O94: SC | P94: Fournisseur 5
E100: Ref pr index | M100: Ref pr index
D101: d | E101: {=INDEX('Val-Dép'!B$1:B$25,MIN(IF(COUNTIF($E$11:$E$100,'Val-Dép'!B$13:B$25)=0,ROW($13:$25))))} -> C0006 | F101: =IFERROR(VLOOKUP($E$101,'Val-Dép'!$B$13:$D$23,2,FALSE),"") -> 0 | G101: c | L101: d | M101: {=INDEX('Val-Dép'!B$1:B$45,MIN(IF(COUNTIF($M$11:$M$100,'Val-Dép'!B$35:B$45)=0,ROW($35:$45))))} -> 0 | N101: =IFERROR(VLOOKUP($M$101,'Val-Dép'!$B$40:$D$45,2,FALSE),"") | O101: c
D102: vi | E102: =IFERROR(VLOOKUP($E$101,'Val-Dép'!$B$12:$D$19,3,FALSE),"") -> 0 | F102: xxxxxxxxx | M102: xxxxxxxxxx | N102: =IFERROR(VLOOKUP($M$101,'Val-Dép'!$B$40:$D$45,3,FALSE),"") | O102: vi
C103: 13 | E103: =IF(ISNA(VLOOKUP($E$101,'Val-Dép'!B13:AA13,21,FALSE)),,VLOOKUP($E$101,'Val-Dép'!B13:AA13,21,FALSE)) -> 0 | F103: =IF(ISNA(VLOOKUP($E$101,'Val-Dép'!AA13:AG13,6,FALSE)),,VLOOKUP($E$101,'Val-Dép'!AA13:AG13,6,FALSE)) -> 0 | M103: =IF(ISNA(VLOOKUP($M$101,'Val-Dép'!B35:AM35,38,FALSE)),,VLOOKUP($M$101,'Val-Dép'!B35:AM35,38,FALSE)) -> 0 | N103: =IF(ISNA(VLOOKUP($M$101,'Val-Dép'!B35:AM35,27,FALSE)),,VLOOKUP($M$101,'Val-Dép'!B35:AM35,27,FALSE)) -> 0 | P103: 35
C104: 14 | E104: =IF(ISNA(VLOOKUP($E$101,'Val-Dép'!B14:AA14,21,FALSE)),,VLOOKUP($E$101,'Val-Dép'!B14:AA14,21,FALSE)) -> 0 | F104: =IF(ISNA(VLOOKUP($E$101,'Val-Dép'!AA14:AG14,6,FALSE)),,VLOOKUP($E$101,'Val-Dép'!AA14:AG14,6,FALSE)) -> 0 | M104: =IF(ISNA(VLOOKUP($M$101,'Val-Dép'!B36:AM36,38,FALSE)),,VLOOKUP($M$101,'Val-Dép'!B36:AM36,38,FALSE)) -> 0 | N104: =IF(ISNA(VLOOKUP($M$101,'Val-Dép'!B36:AM36,27,FALSE)),,VLOOKUP($M$101,'Val-Dép'!B36:AM36,27,FALSE)) -> 0 | P104: 36
C105: 15 | E105: =IF(ISNA(VLOOKUP($E$101,'Val-Dép'!B15:AA15,21,FALSE)),,VLOOKUP($E$101,'Val-Dép'!B15:AA15,21,FALSE)) -> 0 | F105: =IF(ISNA(VLOOKUP($E$101,'Val-Dép'!AA15:AG15,6,FALSE)),,VLOOKUP($E$101,'Val-Dép'!AA15:AG15,6,FALSE)) -> 0 | M105: =IF(ISNA(VLOOKUP($M$101,'Val-Dép'!B37:AM37,38,FALSE)),,VLOOKUP($M$101,'Val-Dép'!B37:AM37,38,FALSE)) -> 0 | N105: =IF(ISNA(VLOOKUP($M$101,'Val-Dép'!B37:AM37,27,FALSE)),,VLOOKUP($M$101,'Val-Dép'!B37:AM37,27,FALSE)) -> 0 | P105: 37
C106: 16 | E106: =IF(ISNA(VLOOKUP($E$101,'Val-Dép'!B16:AA16,21,FALSE)),,VLOOKUP($E$101,'Val-Dép'!B16:AA16,21,FALSE)) -> 0 | F106: =IF(ISNA(VLOOKUP($E$101,'Val-Dép'!AA16:AG16,6,FALSE)),,VLOOKUP($E$101,'Val-Dép'!AA16:AG16,6,FALSE)) -> 0 | M106: =IF(ISNA(VLOOKUP($M$101,'Val-Dép'!B38:AM38,38,FALSE)),,VLOOKUP($M$101,'Val-Dép'!B38:AM38,38,FALSE)) -> 0 | N106: =IF(ISNA(VLOOKUP($M$101,'Val-Dép'!B38:AM38,27,FALSE)),,VLOOKUP($M$101,'Val-Dép'!B38:AM38,27,FALSE)) -> 0 | P106: 38
C107: 17 | E107: =IF(ISNA(VLOOKUP($E$101,'Val-Dép'!B17:AA17,21,FALSE)),,VLOOKUP($E$101,'Val-Dép'!B17:AA17,21,FALSE)) -> 0 | F107: =IF(ISNA(VLOOKUP($E$101,'Val-Dép'!AA17:AG17,6,FALSE)),,VLOOKUP($E$101,'Val-Dép'!AA17:AG17,6,FALSE)) -> 0 | M107: =IF(ISNA(VLOOKUP($M$101,'Val-Dép'!B39:AM39,38,FALSE)),,VLOOKUP($M$101,'Val-Dép'!B39:AM39,38,FALSE)) -> 0 | N107: =IF(ISNA(VLOOKUP($M$101,'Val-Dép'!B39:AM39,27,FALSE)),,VLOOKUP($M$101,'Val-Dép'!B39:AM39,27,FALSE)) -> 0 | P107: 39
C108: 18 | E108: =IF(ISNA(VLOOKUP($E$101,'Val-Dép'!B18:AA18,21,FALSE)),,VLOOKUP($E$101,'Val-Dép'!B18:AA18,21,FALSE)) -> 0 | F108: =IF(ISNA(VLOOKUP($E$101,'Val-Dép'!AA18:AG18,6,FALSE)),,VLOOKUP($E$101,'Val-Dép'!AA18:AG18,6,FALSE)) -> 0 | M108: =IF(ISNA(VLOOKUP($M$101,'Val-Dép'!B40:AM40,38,FALSE)),,VLOOKUP($M$101,'Val-Dép'!B40:AM40,38,FALSE)) -> 0 | N108: =IF(ISNA(VLOOKUP($M$101,'Val-Dép'!B40:AM40,27,FALSE)),,VLOOKUP($M$101,'Val-Dép'!B40:AM40,27,FALSE)) -> 0 | P108: 40
C109: 19 | E109: =IF(ISNA(VLOOKUP($E$101,'Val-Dép'!B19:AA19,21,FALSE)),,VLOOKUP($E$101,'Val-Dép'!B19:AA19,21,FALSE)) -> 0 | F109: =IF(ISNA(VLOOKUP($E$101,'Val-Dép'!AA19:AG19,6,FALSE)),,VLOOKUP($E$101,'Val-Dép'!AA19:AG19,6,FALSE)) -> 0 | M109: =IF(ISNA(VLOOKUP($M$101,'Val-Dép'!B41:AM41,38,FALSE)),,VLOOKUP($M$101,'Val-Dép'!B41:AM41,38,FALSE)) -> 0 | N109: =IF(ISNA(VLOOKUP($M$101,'Val-Dép'!B41:AM41,27,FALSE)),,VLOOKUP($M$101,'Val-Dép'!B41:AM41,27,FALSE)) -> 0 | P109: 41
C110: 20 | E110: =IF(ISNA(VLOOKUP($E$101,'Val-Dép'!B20:AA20,21,FALSE)),,VLOOKUP($E$101,'Val-Dép'!B20:AA20,21,FALSE)) -> 0 | F110: =IF(ISNA(VLOOKUP($E$101,'Val-Dép'!AA20:AG20,6,FALSE)),,VLOOKUP($E$101,'Val-Dép'!AA20:AG20,6,FALSE)) -> 0 | M110: =IF(ISNA(VLOOKUP($M$101,'Val-Dép'!B42:AM42,38,FALSE)),,VLOOKUP($M$101,'Val-Dép'!B42:AM42,38,FALSE)) -> 0 | N110: =IF(ISNA(VLOOKUP($M$101,'Val-Dép'!B42:AM42,27,FALSE)),,VLOOKUP($M$101,'Val-Dép'!B42:AM42,27,FALSE)) -> 0 | P110: 42
...

Sheet BIL-SIMPLE
D2: BILAN
B3: ACTIF | L3: V.I.
B4: Actifs immobiliers | E4: V.I. | F4: Voir balance des comptes | K4: Capitaux propres | M4: Voir balance des comptes
B5: III | C5: Immobilisations corporel (A+B+C) | E5: =SUM(E6,E9,E12) -> 80000 | J5: I | K5: Capital | L5: ='Gr liv ACT-PAS'!R9 -> 138600 | M5: ='Bal des comptes'!G9 -> 138600
C6: A | D6: Terrains et constructions | E6: =SUM(E7:E8) -> 75000
B7: 2131 | D7: Immeubles | E7: ='VAL-INIT'!F12 -> 75000 | F7: ='Bal des comptes'!F15 -> 75000
B8: 2200 | D8: terrain et constructions | E8: ='VAL-INIT'!F13 -> 0
C9: B | D9: Installation Machine | E9: =SUM(E10:E11) -> 0 | J9: V | K9: Bénéfice reporté
D10: Outils | F10: ='Gr liv ACT-PAS'!C53 -> 0 | K10: ventes - achats (HTVA) | M10: ='Gr liv ACT-PAS'!M238 -> #VALUE!
C12: C | D12: Mobilier et mat. Roulant | E12: =SUM(E13:E18) -> 5000
D13: Matériel roulant | F13: ='Gr liv ACT-PAS'!C76 -> 0
B14: 231 | D14: machine | F14: ='Bal des comptes'!#REF! -> #REF!
B15: 237 | D15: outillage | K15: DETTES
B16: 240 | D16: mobilier | E16: ='VAL-INIT'!F23 -> 5000 | F16: ='Bal des comptes'!F17 -> 3500 | J16: VIII | K16: Dettes à plus 1 an | L16: =SUM(L17,L21) -> 0 | M16: ='Bal des comptes'!G13 -> 0
D17: Matériel roulant | E17: ='VAL-INIT'!F26 -> 0 | J17: A | K17: Dette financière | L17: ='VAL-INIT'!L30 -> 0
B18: 2410 | D18: Matériel roulant | E18: ='VAL-INIT'!F25 -> 0 | J18: 1. | K18: Emprunts subordonnés
B19: Actifs Circulants | E19: =SUM(E20,E25,E28,E35) -> 58600 | J19: 2. | K19: Emprunts obligataires non subordonnés
A20: V | B20: 290 | C20: client+1an | E20: =SUM(E21:E22) -> 6750 | J20: 4. | K20: Etablissements de crédit (Banque) | M20: ='Bal des comptes'!G25 -> 0
A21: A | B21: 2900 | C21: Créances commerciales (clients ≥ d'1 an) | J21: B | K21: Dettes commerciales | L21: ='VAL-INIT'!L36 -> 0
B22: 2906 | C22: Autres créances | D22: 7' | E22: 6750 | F22: ='Bal des comptes'!F19 -> 5000 | J22: 1 | K22: fournisseurs
J24: IX | K24: Dettes à moins d'1 an | L24: =SUM(L25,L26,L29,L32,L34,L36) -> 5750
B25: VI | C25: Stocks | E25: =SUM(E26) -> 15000 | F25: ='Gr liv ACT-PAS'!M114 -> 6250 | J25: A | K25: detes moins d'1an | L25: ='VAL-INIT'!L44 -> 0
D26: Stocks marchandises | E26: ='VAL-INIT'!F59 -> 15000 | J26: B | K26: Dettes financières | L26: ='VAL-INIT'!L46 -> 0 | M26: ='Bal des comptes'!G12 -> 0
J27: 1 | K27: établissement de crédit (Banque)
B28: VII | D28: Créances à plus 1an | E28: =SUM(E29,E30,E32) -> 6250 | J28: 2 | K28: autres emprunts
C29: A | D29: Créances commerciales | E29: ='VAL-INIT'!F67 -> 6250 | J29: C | K29: dettes commerciales | L29: ='VAL-INIT'!L51 -> 5750
D30: Transfert Emprunt sur Banque | J30: 1 | K30: fournisseurs | M30: ='Bal des comptes'!G35 -> 0
D31: clients HTVA | J31: 2
C32: B | D32: Autres créances TVA ACHATS | J32: D | K32: Accomptes | L32: ='VAL-INIT'!L55 -> 0 | M32: ='Bal des comptes'!G10 -> 0
D33: tva clients ou tva dûe | K33: Emprunt in
J34: E | K34: Dettes fiscales | L34: ='VAL-INIT'!L57 -> 0 | M34: ='Gr liv ACT-PAS'!AC151 -> 0
B35: IX | D35: Valeurs disponibles | E35: =SUM(E36,E38,E40) -> 30600 | K35: fournisseurs HTVA
D36: Banque | E36: ='VAL-INIT'!F78 -> 25000 | F36: ='Bal des comptes'!F26 -> 25000 | J36: F | L36: ='VAL-INIT'!L60 -> 0 | M36: ='Gr liv ACT-PAS'!Y193 -> 0
K37: tva fourn ou tva récup
D38: Bq post | E38: ='VAL-INIT'!F82 -> 4800 | F38: ='Gr liv ACT-PAS'!O156 -> #REF! | K38: V.I. | L38: =SUM(L16,L24,L5) -> 144350 | M38: =SUM(M5,M16,M26) -> 138600
D40: Caisse | E40: ='VAL-INIT'!F84 -> 800 | F40: ='Bal des comptes'!F28 -> 900
D43: V.I. | E43: =SUM(E5,E19) -> 138600
B44: Au départ V.I. doivent être identiques
E45: V.I. ACTIF = V.I. PASSIF

Sheet Gr liv ACT-PAS
H1: + A | I1: - A
B2: GRAND livre compte ACTIF | H2: + A | I2: + P | P2: GRAND Livre compte PASSIF
H3: + P | I3: - P
C4: HTVA (D+) | H4: - P | I4: - A | P4: D- | Q4: 100 | R4: Capital | S4: C+
B5: D+ | C5: 2131 | D5: Immeubles | E5: C- | Q5: xxxxxxxx | R5: =IF(ISNA(VLOOKUP($R$4,'VAL-INIT'!$J$4:$L$63,3,FALSE)),,VLOOKUP($R$4,'VAL-INIT'!$J$4:$L$63,3,FALSE)) -> 138600 | S5: vi
B6: vi | C6: =IF(ISNA(VLOOKUP($D$5,'VAL-INIT'!$D$10:$F$88,3,FALSE)),,VLOOKUP($D$5,'VAL-INIT'!$D$10:$F$88,3,FALSE)) -> 75000 | R6: 0
R7: 0
R8: 0
C9: =SUM(C6:C8) -> 75000 | D9: =SUM(D6:D8) -> 0 | E9: SC | Q9: =SUM(Q7:Q8) -> 0 | R9: =SUM(R5:R8) -> 138600
B10: SD | C10: =(C9-D9) -> 75000 | M10: =C10 -> 75000 | R10: =$R$9 -> 138600 | S10: SC
P12: D- | Q12: 100 | R12: DETTES ≥ d'1 an | S12: C+
C13: HTVA (D+) | H13: 4114 | I13: TVA à récup | Q13: xxxxxxxx | R13: =IF(ISNA(VLOOKUP($R$12,'VAL-INIT'!$J$26:$L$53,3,FALSE)),,VLOOKUP($R$12,'VAL-INIT'!$J$26:$L$53,3,FALSE)) -> 0 | S13: vi
B14: D+ | C14: 22000 | D14: Terrain et construction | E14: C- | G14: D+ | H14: 22000 | I14: Terrain et construction | J14: C- | R14: 0
B15: vi | C15: =IF(ISNA(VLOOKUP($D$14,'VAL-INIT'!$D$10:$F$88,3,FALSE)),,VLOOKUP($D$14,'VAL-INIT'!$D$10:$F$88,3,FALSE)) -> 0 | D15: xxxxxxxxxxxxxxxxxxxxxx | G15: vi | R15: 0
C16: =IF(ISNA(VLOOKUP($D$14,'Val-Dép'!I13:AC13,11,FALSE)),,VLOOKUP($D$45,'Val-Dép'!I13:AC13,11,FALSE)) -> 0 | H16: =IF(( 'Val-Dép'!I35= "Terrain de construction" ),'Val-Dép'!Z35,"0") -> 0 | R16: 0
C17: =IF(ISNA(VLOOKUP($D$14,'Val-Dép'!I14:AC14,11,FALSE)),,VLOOKUP($D$45,'Val-Dép'!I14:AC14,11,FALSE)) -> 0 | H17: =IF(( 'Val-Dép'!I36= "Terrain de construction" ),'Val-Dép'!Z36,"0") -> 0 | Q17: =SUM(Q15:Q16) -> 4000 | R17: =SUM(R13:R16) -> 0
C18: =IF(ISNA(VLOOKUP($D$14,'Val-Dép'!I22:AC22,11,FALSE)),,VLOOKUP($D$45,'Val-Dép'!I22:AC22,11,FALSE)) -> 0 | D18: 0 | H18: =IF(( 'Val-Dép'!I44= "Terrain de construction" ),'Val-Dép'!Z44,"0") -> 0 | I18: 0 | R18: =R17 -> 0 | S18: SC
C19: =SUM(C15:C18) -> 0 | D19: =SUM(D16:D18) -> 0 | H19: =SUM(H15:H18) -> 0 | I19: =SUM(I16:I18) -> 0 | Q19: 170
B20: sd | C20: =C19-D19 -> 0 | H20: =H19-I19 -> 0 | M20: =SUM(C20,H20) -> 0 | R20: DETTES - d'1 an | Y20: DETTES - d'1 an
Q21: Remb. Via Banq | R21: Achats à crédit | X21: Remb. Via Banq | Y21: Achats à crédit
P22: D- | R22: établis de crédits(-1an) | S22: C+ | W22: D- | X22: 439 | Y22: Autres emprunts(-1an) | Z22: C+
C23: HTVA (D+) | D23: Immob.Mat.Outil. | H23: 4114 | I23: TVA à récup | Q23: xxxxxxx | R23: =IF(ISNA(VLOOKUP($R$22,'VAL-INIT'!$J$26:$L$53,3,FALSE)),,VLOOKUP($R$22,'VAL-INIT'!$J$26:$L$53,3,FALSE)) -> 0 | S23: vi | X23: xxxxxxx | Y23: =IF(ISNA(VLOOKUP($Y22,'VAL-INIT'!$J$5:$L$63,3,FALSE)),,VLOOKUP($Y$22,'VAL-INIT'!$J$5:$L$63,3,FALSE)) -> 0 | Z23: vi
B24: D+ | C24: 230 | D24: I.M.O | E24: C- | G24: D+ | H24: 23000 | I24: I.M.O | J24: C- | Q24: =IF(ISERROR(HLOOKUP($Q$22,'Val-Dép'!#REF!,2,FALSE)), "0",HLOOKUP($Q$22,'Val-Dép'!#REF!,2,FALSE)) -> 0 | R24: =IF(ISERROR(HLOOKUP($R$20,'Val-Dép'!#REF!,2,FALSE)), "0", HLOOKUP($R$20,'Val-Dép'!#REF!,2,FALSE)) -> 0 | X24: =IF(ISERROR(HLOOKUP($Q$22,'Val-Dép'!#REF!,2,FALSE)), "0",HLOOKUP($Q$22,'Val-Dép'!#REF!,2,FALSE)) -> 0 | Y24: =IF(ISERROR(HLOOKUP($R$20,'Val-Dép'!#REF!,2,FALSE)), "0", HLOOKUP($R$20,'Val-Dép'!#REF!,2,FALSE)) -> 0
B25: vi | C25: 0 | G25: vi | Q25: =IF(ISERROR(HLOOKUP($Q$22,'Val-Dép'!#REF!,2,FALSE)), "0",HLOOKUP($Q$22,'Val-Dép'!#REF!,2,FALSE)) -> 0 | R25: =IF(ISERROR(HLOOKUP($R$20,'Val-Dép'!#REF!,2,FALSE)), "0", HLOOKUP($R$20,'Val-Dép'!#REF!,2,FALSE)) -> 0 | X25: =IF(ISERROR(HLOOKUP($Q$22,'Val-Dép'!#REF!,2,FALSE)), "0",HLOOKUP($Q$22,'Val-Dép'!#REF!,2,FALSE)) -> 0 | Y25: =IF(ISERROR(HLOOKUP($R$20,'Val-Dép'!#REF!,2,FALSE)), "0", HLOOKUP($R$20,'Val-Dép'!#REF!,2,FALSE)) -> 0
C26: =IF(ISNA(VLOOKUP($D$24,'Val-Dép'!I35:AC35,11,FALSE)),,VLOOKUP($D$24,'Val-Dép'!I35:AC35,11,FALSE)) -> 0 | G26: 35 | H26: =IF(( 'Val-Dép'!I35= "I.M.O." ),'Val-Dép'!Z35,"0") -> 0 | Q26: =IF(ISERROR(HLOOKUP($Q$22,'Val-Dép'!#REF!,2,FALSE)), "0",HLOOKUP($Q$22,'Val-Dép'!#REF!,2,FALSE)) -> 0 | R26: =IF(ISERROR(HLOOKUP($R$20,'Val-Dép'!#REF!,2,FALSE)), "0", HLOOKUP($R$20,'Val-Dép'!#REF!,2,FALSE)) -> 0 | X26: =IF(ISERROR(HLOOKUP($Q$22,'Val-Dép'!#REF!,2,FALSE)), "0",HLOOKUP($Q$22,'Val-Dép'!#REF!,2,FALSE)) -> 0 | Y26: =IF(ISERROR(HLOOKUP($R$20,'Val-Dép'!#REF!,2,FALSE)), "0", HLOOKUP($R$20,'Val-Dép'!#REF!,2,FALSE)) -> 0
C27: =IF(ISNA(VLOOKUP($D$24,'Val-Dép'!I38:AC38,11,FALSE)),,VLOOKUP($D$24,'Val-Dép'!I38:AC38,11,FALSE)) -> 0 | G27: 38 | H27: =IF(( 'Val-Dép'!I38= "I.M.O." ),'Val-Dép'!Z38,"0") -> 0 | Q27: =IF(ISERROR(HLOOKUP($Q$22,'Val-Dép'!#REF!,2,FALSE)), "0",HLOOKUP($Q$22,'Val-Dép'!#REF!,2,FALSE)) -> 0 | R27: =IF(ISERROR(HLOOKUP($R$20,'Val-Dép'!#REF!,2,FALSE)), "0", HLOOKUP($R$20,'Val-Dép'!#REF!,2,FALSE)) -> 0 | X27: =IF(ISERROR(HLOOKUP($Q$22,'Val-Dép'!#REF!,2,FALSE)), "0",HLOOKUP($Q$22,'Val-Dép'!#REF!,2,FALSE)) -> 0 | Y27: =IF(ISERROR(HLOOKUP($R$20,'Val-Dép'!#REF!,2,FALSE)), "0", HLOOKUP($R$20,'Val-Dép'!#REF!,2,FALSE)) -> 0
C28: =IF(ISNA(VLOOKUP($D$24,'Val-Dép'!I44:AC44,11,FALSE)),,VLOOKUP($D$24,'Val-Dép'!I44:AC44,11,FALSE)) -> 0 | D28: 0 | G28: 8 | H28: =IF(( 'Val-Dép'!I44= "I.M.O." ),'Val-Dép'!Z44,"0") -> 0 | I28: 0 | Q28: =IF(ISERROR(HLOOKUP($Q$22,'Val-Dép'!#REF!,2,FALSE)), "0",HLOOKUP($Q$22,'Val-Dép'!#REF!,2,FALSE)) -> 0 | R28: =IF(ISERROR(HLOOKUP($R$20,'Val-Dép'!#REF!,2,FALSE)), "0", HLOOKUP($R$20,'Val-Dép'!#REF!,2,FALSE)) -> 0 | X28: =IF(ISERROR(HLOOKUP($Q$22,'Val-Dép'!#REF!,2,FALSE)), "0",HLOOKUP($Q$22,'Val-Dép'!#REF!,2,FALSE)) -> 0 | Y28: =IF(ISERROR(HLOOKUP($R$20,'Val-Dép'!#REF!,2,FALSE)), "0", HLOOKUP($R$20,'Val-Dép'!#REF!,2,FALSE)) -> 0
C29: =SUM(C25:C28) -> 0 | D29: =SUM(D26:D28) -> 0 | H29: =SUM(H25:H28) -> 0 | I29: =SUM(I26:I28) -> 0
B30: SD | C30: =C29-D29 -> 0 | G30: SD | H30: =H29-I29 -> 0 | M30: =SUM(C30,H30) -> 0
Q31: =SUM(Q24:Q30) -> 0 | R31: =SUM(R23:R30) -> 0 | X31: =SUM(X24:X30) -> 0 | Y31: =SUM(Y23:Y30) -> 0
Q32: =IF(Q31>R31,Q31-R31,0) -> 0 | R32: =IF(Q31<R31,R31-Q31,0) -> 0 | S32: SC | X32: =IF(X31>Y31,X31-Y31,0) -> 0 | Y32: =IF(X31<Y31,Y31-X31,0) -> 0 | Z32: SC
C34: HTVA (D+) | H34: 4114 | I34: TVA à récup
B35: D+ | C35: 23100 | D35: Machine | E35: C- | G35: D+ | H35: 23100 | I35: Machine | J35: C-
B36: vi | C36: =IF(ISNA(VLOOKUP($D$35,'VAL-INIT'!$D$10:$F$88,3,FALSE)),,VLOOKUP($D$35,'VAL-INIT'!$D$10:$F$88,3,FALSE)) -> 12500 | D36: xxxxxxxxxxx | G36: vi
B37: =$P$41 -> 0 | C37: =IF(ISNA(VLOOKUP($D$35,'Val-Dép'!I35:AC35,11,FALSE)),,VLOOKUP($D$35,'Val-Dép'!I35:AC35,11,FALSE)) -> 0 | G37: =$P$41 -> 0 | H37: =IF(( 'Val-Dép'!I35= "Machine" ),'Val-Dép'!Z35,"0") -> 0 | Q37: Remb. Via Banq | R37: Achats à crédit
B38: 36 | C38: =IF(ISNA(VLOOKUP($D$35,'Val-Dép'!I36:AC36,11,FALSE)),,VLOOKUP($D$35,'Val-Dép'!I36:AC36,11,FALSE)) -> 0 | G38: 36 | H38: =IF(( 'Val-Dép'!I36= "Machine" ),'Val-Dép'!Z36,"0") -> 0
B39: 8 | C39: =IF(ISNA(VLOOKUP($D$35,'Val-Dép'!I44:AC44,11,FALSE)),,VLOOKUP($D$35,'Val-Dép'!I44:AC44,11,FALSE)) -> 0 | D39: 0 | G39: 8 | H39: =IF(( 'Val-Dép'!I44= "Machine" ),'Val-Dép'!Z44,"0") -> 0 | I39: 0 | P39: D- | Q39: 173 | R39: crédit(+1an) | S39: C+
C40: =SUM(C36:C39) -> 12500 | D40: =SUM(D36:D39) -> 0 | H40: =SUM(H36:H39) -> 0 | Q40: xxxxxxx | R40: =IF(ISNA(VLOOKUP($R$39,'VAL-INIT'!$J$4:$L$63,3,FALSE)),,VLOOKUP($R$39,'VAL-INIT'!$J$4:$L$63,3,FALSE)) -> 0 | S40: vi
B41: sd | C41: =C40-D40 -> 12500 | H41: =H40-I40 -> 0 | M41: =SUM(C41,H41) -> 12500 | P41: ='Val-Dép'!A35 -> 0 | Q41: =IF(( 'Val-Dép'!H35="Crédit-banq" ),'Val-Dép'!AM35,"0") -> 0 | R41: =IF(('Val-Dép'!H35="Crédit-banq"),'Val-Dép'!S35,"0") -> 0
Q42: =IF(( 'Val-Dép'!H36="Crédit-banq" ),'Val-Dép'!AM36,"0") -> 0 | R42: =IF(('Val-Dép'!H36="Crédit-banq"),'Val-Dép'!S36,"0") -> 0
Q43: =IF(( 'Val-Dép'!H37="Crédit-banq" ),'Val-Dép'!AM37,"0") -> 0 | R43: =IF(('Val-Dép'!H37="Crédit-banq"),'Val-Dép'!S37,"0") -> 0
H44: 4114 | I44: TVA à récup | Q44: =IF(( 'Val-Dép'!H38="Crédit-banq" ),'Val-Dép'!AM38,"0") -> 0 | R44: =IF(('Val-Dép'!H38="Crédit-banq"),'Val-Dép'!S38,"0") -> 0
B45: D+ | C45: 23700 | D45: Outillage | E45: C- | G45: D+ | H45: 24000 | I45: Outillage | J45: C- | Q45: =IF(( 'Val-Dép'!H39="Crédit-banq" ),'Val-Dép'!AM39,"0") -> 0 | R45: =IF(('Val-Dép'!H39="Crédit-banq"),'Val-Dép'!S39,"0") -> 0
B46: vi | C46: =IF(ISNA(VLOOKUP($D$45,'VAL-INIT'!$D$10:$F$88,2,FALSE)),,VLOOKUP($D$45,'VAL-INIT'!$D$10:$F$88,2,FALSE)) -> 0 | G46: vi | Q46: =IF(( 'Val-Dép'!H40="Crédit-banq" ),'Val-Dép'!AM40,"0") -> 0 | R46: =IF(('Val-Dép'!H40="Crédit-banq"),'Val-Dép'!S40,"0") -> 0
B47: 35 | C47: =IF(ISNA(VLOOKUP($D$45,'Val-Dép'!I35:AC35,11,FALSE)),,VLOOKUP($D$45,'Val-Dép'!I35:AC35,11,FALSE)) -> 0 | G47: 35 | H47: =IF(( 'Val-Dép'!I35= "Mobilier" ),'Val-Dép'!Z35,"0") -> 0 | Q47: =IF(( 'Val-Dép'!H41="Crédit-banq" ),'Val-Dép'!AM41,"0") -> 0 | R47: =IF(('Val-Dép'!H41="Crédit-banq"),'Val-Dép'!S41,"0") -> 0
B48: 36 | C48: =IF(ISNA(VLOOKUP($D$45,'Val-Dép'!I36:AC36,11,FALSE)),,VLOOKUP($D$45,'Val-Dép'!I36:AC36,11,FALSE)) -> 0 | G48: 36 | H48: =IF(( 'Val-Dép'!I36= "Outillage" ),'Val-Dép'!Z36,"0") -> 0 | Q48: =IF(( 'Val-Dép'!H44="Crédit-banq" ),'Val-Dép'!AM42,"0") -> 0 | R48: =IF(('Val-Dép'!H44="Crédit-banq"),'Val-Dép'!S42,"0") -> 0
B49: 42 | C49: =IF(ISNA(VLOOKUP($D$45,'Val-Dép'!I42:AC42,11,FALSE)),,VLOOKUP($D$45,'Val-Dép'!I42:AC42,11,FALSE)) -> 0 | G49: 42 | H49: =IF(( 'Val-Dép'!I42= "Outillage" ),'Val-Dép'!Z42,"0") -> 0 | Q49: =IF(( 'Val-Dép'!H45="Crédit-banq" ),'Val-Dép'!AM43,"0") -> 0
B50: 43 | C50: =IF(ISNA(VLOOKUP($D$45,'Val-Dép'!I43:AC43,11,FALSE)),,VLOOKUP($D$45,'Val-Dép'!I43:AC43,11,FALSE)) -> 0 | D50: 0 | G50: 43 | H50: =IF(( 'Val-Dép'!I43= "Outillage" ),'Val-Dép'!Z43,"0") -> 0 | Q50: =IF(( 'Val-Dép'!H46="Crédit-banq" ),'Val-Dép'!AM44,"0") -> 0
B51: 44 | C51: =IF(ISNA(VLOOKUP($D$45,'Val-Dép'!I44:AC44,11,FALSE)),,VLOOKUP($D$45,'Val-Dép'!I44:AC44,11,FALSE)) -> 0 | D51: 0 | H51: =SUM(H46:H50) -> 0 | I51: =SUM(I44:I50) -> 0 | Q51: =IF(( 'Val-Dép'!H47="Crédit-banq" ),'Val-Dép'!AM45,"0") -> 0
C52: =SUM(C46:C51) -> 0 | D52: =SUM(D47:D51) -> 0
B53: sd | C53: =C52-D52 -> 0 | G53: sd | H53: =H51-I51 -> 0 | M53: =SUM(C53,H53) -> 0
S54: IN
C55: HTVA (D+) | H55: 4114 | I55: TVA à récup
B56: D+ | C56: 24000 | D56: Mobilier | E56: C- | G56: D+ | H56: 24000 | I56: Mobilier | J56: C-
B57: vi | C57: =IF(ISNA(VLOOKUP($D$56,'VAL-INIT'!$D$10:$F$79,3,FALSE)),,VLOOKUP($D$56,'VAL-INIT'!$D$10:$F$79,3,FALSE)) -> 5000 | D57: xxxxxxxxxx | G57: vi | Q57: Etat-crédit (D-) | R57: Etat-crédir (C+)
B58: 35 | C58: =IF(AND( 'Val-Dép'!AL35="440/550", 'Val-Dép'!I35<>"note de crédit"),VLOOKUP('Val-Dép'!AL35,'Val-Dép'!AL35:AM35,2,FALSE ),"0") -> 0 | D58: =IF(ISNA(VLOOKUP(D$56,'Val-Dép'!I35:AC35,11,FALSE)),,VLOOKUP($D$56,'Val-Dép'!I35:AC35,11,FALSE)) -> 750 | G58: 35 | H58: =IF(( 'Val-Dép'!I35= "Outillage" ),'Val-Dép'!Z35,"0") -> 0 | Q58: =SUM(Q41:Q56) -> 0 | R58: =SUM(R40:R56) -> 0
B59: 42 | C59: =IF(AND( 'Val-Dép'!AL36="440/550", 'Val-Dép'!I36<>"note de crédit"),VLOOKUP('Val-Dép'!AL36,'Val-Dép'!AL36:AM36,2,FALSE ),"0") -> 0 | D59: =IF(ISNA(VLOOKUP(D$56,'Val-Dép'!I36:AC36,11,FALSE)),,VLOOKUP($D$56,'Val-Dép'!I36:AC36,11,FALSE)) -> 0 | G59: 42 | H59: =IF(ISNA(VLOOKUP(I$56,'Val-Dép'!N42:AH42,11,FALSE)),,VLOOKUP($D$56,'Val-Dép'!N42:AH42,11,FALSE)) -> 0 | Q59: =IF(Q58>R58,Q58-R58,0) -> 0 | R59: =IF(Q58<R58,R58-Q58,0) -> 0 | S59: SC
C60: =IF(AND( 'Val-Dép'!AL37="440/550", 'Val-Dép'!I37<>"note de crédit"),VLOOKUP('Val-Dép'!AL37,'Val-Dép'!AL37:AM37,2,FALSE ),"0") -> 0 | D60: =IF(ISNA(VLOOKUP(D$56,'Val-Dép'!I37:AC37,11,FALSE)),,VLOOKUP($D$56,'Val-Dép'!I37:AC37,11,FALSE)) -> 0
B61: 43 | C61: =IF(AND( 'Val-Dép'!AL38="440/550", 'Val-Dép'!I38<>"note de crédit"),VLOOKUP('Val-Dép'!AL38,'Val-Dép'!AL38:AM38,2,FALSE ),"0") -> 0 | D61: =IF(ISNA(VLOOKUP(D$56,'Val-Dép'!I38:AC38,11,FALSE)),,VLOOKUP($D$56,'Val-Dép'!I38:AC38,11,FALSE)) -> 0 | G61: 43 | H61: =IF(ISNA(VLOOKUP(I$56,'Val-Dép'!N43:AH43,11,FALSE)),,VLOOKUP($D$56,'Val-Dép'!N43:AH43,11,FALSE)) -> 0
C62: =SUM(C57:C61) -> 5000 | D62: =SUM(D57:D61) -> 750 | H62: =SUM(H57:H61) -> 0 | I62: =SUM(I55:I61) -> 0
B63: sd | C63: =$C$62-$D$62 -> 4250 | H63: =H62-I62 -> 0 | M63: =SUM(C63,H63) -> 4250
C68: HTVA (D+) | H68: 4114 | I68: TVA à récup
B69: D+ | C69: 24100 | D69: Matériel roulant | E69: C- | G69: D+ | H69: 24100 | I69: Matériel roulant | J69: C-
B70: vi | C70: =IF(ISNA(VLOOKUP($D$69,'VAL-INIT'!$D$5:$F$87,3,FALSE)),,VLOOKUP($D$69,'VAL-INIT'!$D$5:$F$87,3,FALSE)) -> 0 | D70: xxxxxxxxxx | G70: vi
B71: 35 | C71: =IF(ISNA(VLOOKUP(D$69,'Val-Dép'!I35:AC35,11,FALSE)),,VLOOKUP($D$69,'Val-Dép'!I35:AC35,11,FALSE)) -> 0 | G71: 35 | H71: =IF(( 'Val-Dép'!I35= "Matériel roulant" ),'Val-Dép'!Z35,"0") -> 0
B72: 36 | C72: =IF(ISNA(VLOOKUP(D$69,'Val-Dép'!I36:AC36,11,FALSE)),,VLOOKUP($D$69,'Val-Dép'!I36:AC36,11,FALSE)) -> 0 | G72: 36 | H72: =IF(( 'Val-Dép'!I36= "Matériel roulant" ),'Val-Dép'!Z36,"0") -> 0
B73: 43 | C73: =IF(ISNA(VLOOKUP(D$69,'Val-Dép'!I43:AC43,11,FALSE)),,VLOOKUP($D$69,'Val-Dép'!I43:AC43,11,FALSE)) -> 0 | G73: 43 | H73: =IF(( 'Val-Dép'!I43= "Matériel roulant" ),'Val-Dép'!Z43,"0") -> 0 | Q73: Remb.Via Bqpost | R73: Achats à crédit
C74: =IF(ISNA(VLOOKUP(D$69,'Val-Dép'!I44:AC44,11,FALSE)),,VLOOKUP($D$69,'Val-Dép'!I44:AC44,11,FALSE)) -> 0 | H74: =IF(( 'Val-Dép'!I44= "Matériel roulant" ),'Val-Dép'!Z44,"0") -> 0 | P74: D- | Q74: 173 | R74: Etat-crédit | S74: C+
C75: =SUM(C70:C74) -> 0 | D75: =SUM(D71:D74) -> 0 | H75: =SUM(H70:H74) -> 0 | I75: =SUM(I71:I74) -> 0 | Q75: xxxxxxx | S75: vi
B76: sd | C76: =$C$75-$D$75 -> 0 | H76: =H75-I75 -> 0 | M76: =SUM(C76,H76) -> 0 | Q76: =IF(( 'Val-Dép'!H35="Crédit-post" ),'Val-Dép'!AM35,"0") -> 0 | R76: =IF(('Val-Dép'!H35="Crédit-post"),'Val-Dép'!S35,"0") -> 0
Q77: =IF(( 'Val-Dép'!H38="Crédit-post" ),'Val-Dép'!#REF!,"0") -> 0 | R77: =IF(('Val-Dép'!H38="Crédit-post"),'Val-Dép'!S36,"0") -> 0
H78: 4114 | I78: TVA à récup | Q78: =IF(( 'Val-Dép'!H39="Crédit-post" ),'Val-Dép'!AM37,"0") -> 0 | R78: =IF(('Val-Dép'!H39="Crédit-post"),'Val-Dép'!S37,"0") -> 0
B79: D+ | C79: 36000 | D79: Stocks | E79: C- | G79: D+ | H79: 36000 | I79: Stocks | J79: C- | Q79: =IF(( 'Val-Dép'!H40="Crédit-post" ),'Val-Dép'!AM39,"0") -> 0 | R79: =IF(('Val-Dép'!H40="Crédit-post"),'Val-Dép'!S38,"0") -> 0
B80: vi | C80: =IF(ISNA(VLOOKUP($D$79,'VAL-INIT'!$D$10:$F$88,3,FALSE)),,VLOOKUP($D$79,'VAL-INIT'!$D$10:$F$88,3,FALSE)) -> 15000 | D80: xxxxxxxxxx | G80: vi | I80: xxxxxxxxxx | Q80: =IF(( 'Val-Dép'!H41="Crédit-post" ),'Val-Dép'!AM40,"0") -> 0 | R80: =IF(('Val-Dép'!H41="Crédit-post"),'Val-Dép'!S39,"0") -> 0
